Workbook

Sheet INFO
C1: Fairtrade's Risk Assessment Tool for Smallholder Farmer Organisations
B3: INTRODUCTION
B5: Fairtrade developed this tool to support Fairtrade-certified Small Producer Organisations to undertake a Human Rights and Environmental Risk Assessment. The aim is to identify the human rights and environmental risks and challenges that are the most serious and common - or "salient" - related to your business. This helps you to focus your sustainability work on these salient issues.
B7: The tool is compatible with Fairtrade's HREDD guide for small producer organisations, which you can find here
B8: https://files.fairtrade.net/standards/Fairtrade_HREDD-guide-for-smallholder-farmer-organisations_EN.pdf
B10: TOOL OVERVIEW
B12: The SPO Risk Assessment tool contains the following steps:
C14: STEP 1 | E14: Common risks in the country and product. Shows what external data and research see as salient risks in the selected product and country. Data is retrieved from the Fairtrade Risk Map: riskmap.fairtrade.net
C15: STEP 2 | E15: Risks of your organisation. Provides a set of questions that help you to assess how serious and common each risk is for your organisation.
C16: STEP 3 | E16: Salient risk selection. Displays an overview of the results of steps 1 and 2 and asks you to select three salient risks for your organisation.
C17: STEP 4 | E17: Further assessment. Provides another set of questions that help you further analyse your salient risks.
B21: Risk Matrix
E24: Seriousness
E25: Very serious | F25: Serious | G25: Somewhat serious | H25: Not serious
C26: Likelihood | D26: Very common | E26: 1 | F26: 1 | G26: 2 | H26: 3
D27: Common | E27: 1 | F27: 1 | G27: 2 | H27: 3
D28: Medium | E28: 1 | F28: 2 | G28: 3 | H28: 4
D29: Low | E29: 2 | F29: 2 | G29: 3 | H29: 4
B33: How to use the tool
B35: To access the tool: Click the tab "Risk Assessment Tool"
B40: The cells that you need to fill in are coloured in light blue. Rest of the information will appear once you have filled in the blue cells.
B41: Do not delete fields that contain formulas. If you do so accidentally, you can first try to undo the deletion by pressing "undo" in the Excel top ribbon. If the problem persists, please download the tool again from https://www.fairtrade.net/standard/spo
B52: Folding lists help you select the product and country. You can recognise them from the little arrow.
B64: Before you fill in the light blue boxes, some other boxes will show like this:
B71: They will show correctly, once you've filled in the light blue boxes:
B78: When you use this tool, your computer can show you some of the below messages. If you dowloaded this tool from Fairtrade webpage or received it by a trusted Fairtrade contract, please proceed to enable editing and content.
B82: Progress in the risk assessment can be saved at any stage and resumed later by opening the Excel file.
B83: If you require assistance, please contact bizhumanrights@fairtrade.fi
B84: It is recommended to repeat the risks assessment every three years. You can always find the most up to date version here:
B85: https://www.fairtrade.net/standard/spo
B88: Human rights
C90: This tool covers all internationally recognised human rights, grouping them into 13 issues:
B91: 1. | C91: Living income, living wage
B92: 2. | C92: Working conditions
B93: 3. | C93: Health
B94: 4. | C94: Freedom of association and collective bargaining
B95: 5. | C95: Forced labour
B96: 6. | C96: Child protection and child rights
B97: 7. | C97: Gender rights
B98: 8. | C98: Non-discrimination
B99: 9. | C99: Self-determination
B100: 10. | C100: Climate resilience
B101: 11. | C101: Water and biodiversity
B102: 12. | C102: Freedom of speech, thought and public participation
B103: 13. | C103: Privacy
B106: DISCLAIMERS
B108: Privacy
B109: Any data inputted by the user in this Risk Assessment Tool and the results obtained are private and belong to the user. Fairtrade will not obtain this information and will not be informed of the use of this tool.
B110: Each organisation is responsible for its own risk assessment. Fairtrade International cannot be held accountable for any conclusions that the organisations draws from the tool.
B113: TOOL METADATA
B115: The following section contains technical information about the tool
B117: Document Name:
B118: Fairtrade Risk Assessment Tool for SPOs
B120: Version:
B121: v1
B123: Date of first publication:
B124: 45075
B126: Documents linked to the tool:
B127: Guide for smallholder farmer organisations. Implementing Human Rights and Environmental Due Diligence (HREDD). Why and how to align your policies and processes with HREDD?
B128: Fairtrade Risk Map
B130: Developed by:
B131: Development International e.V. and Fairtrade's HREDD Centre of Excellence
B133: For any inquiries or more information about the tool and Fairtrade please visit www.fairtrade.net/standard/spo or reach to bizhumanrights@fairtrade.fi

Sheet Risk Assessment Tool
B1: Fairtrade's Risk Assessment Tool for Smallholder Farmer Organisations
B2: Fairtrade has developed this simple tool to support Fairtrade certified organisations to undertake human rights and environmental risk assessment. The tool draws on the Fairtrade Risk Map at https://riskmap.fairtrade.net/ Please check that you've downloaded the most recent version from: https://www.fairtrade.net/standard/spo To carry out the risk assessment, please follow the instructions in blue cells. Scroll down to see all 4 steps.
B4: STEP 1 | C4: General risks in your product and country
C5: What are the highest risks in your product and country of operation in general? Please select: | D5: Your biggest Fairtrade certified product (group) | E5: Your 2nd biggest Fairtrade certified product (group), if you have one | F5: Your country of operation | H5: External data
C6: Start by choosing your product(s) and country -> | D6: Cocoa | E6: No second product | F6: Ethiopia | H6: Results | J6: Definitions
C7: 1. Living income, living wage | D7: =INDEX('Product risks'!$B$3:$S$15,MATCH('Risk Assessment Tool'!C7,'Product risks'!$A$3:$A$15,0),MATCH('Risk Assessment Tool'!$D$6,'Product risks'!$B$2:$S$2,0)) -> 1 | E7: =INDEX('Product risks'!$B$3:$S$15,MATCH('Risk Assessment Tool'!C7,'Product risks'!$A$3:$A$15,0),MATCH('Risk Assessment Tool'!$E$6,'Product risks'!$B$2:$S$2,0)) -> No data | F7: =VLOOKUP($F$6,CountryRisks2!A:CL,12,FALSE) -> 1.3333333 | H7: =AVERAGE(D7:F7) -> 1.1666667 | J7: Risk of farmers' and workers' earnings not covering the cost of basic but sufficient food, water, housing, transport, health care, schooling and savings.
C8: 2. Working conditions | D8: =INDEX('Product risks'!$B$3:$S$15,MATCH('Risk Assessment Tool'!C8,'Product risks'!$A$3:$A$15,0),MATCH('Risk Assessment Tool'!$D$6,'Product risks'!$B$2:$S$2,0)) -> 3 | E8: =INDEX('Product risks'!$B$3:$S$15,MATCH('Risk Assessment Tool'!C8,'Product risks'!$A$3:$A$15,0),MATCH('Risk Assessment Tool'!$E$6,'Product risks'!$B$2:$S$2,0)) -> No data | F8: =VLOOKUP($F$6,CountryRisks2!A:CL,19,FALSE) -> 2 | H8: =AVERAGE(D8:F8) -> 2.5 | J8: Risk of unfair or inhumane working conditions.
C9: 3. Health | D9: =INDEX('Product risks'!$B$3:$S$15,MATCH('Risk Assessment Tool'!C9,'Product risks'!$A$3:$A$15,0),MATCH('Risk Assessment Tool'!$D$6,'Product risks'!$B$2:$S$2,0)) -> 2 | E9: =INDEX('Product risks'!$B$3:$S$15,MATCH('Risk Assessment Tool'!C9,'Product risks'!$A$3:$A$15,0),MATCH('Risk Assessment Tool'!$E$6,'Product risks'!$B$2:$S$2,0)) -> No data | F9: =VLOOKUP($F$6,CountryRisks2!A:CL,12,FALSE) -> 1.3333333 | H9: =AVERAGE(D9:F9) -> 1.6666667 | J9: Risk of unhealthy or unsafe workplace or lack of health services.
C10: 4. Freedom of association and collective bargaining | D10: =INDEX('Product risks'!$B$3:$S$15,MATCH('Risk Assessment Tool'!C10,'Product risks'!$A$3:$A$15,0),MATCH('Risk Assessment Tool'!$D$6,'Product risks'!$B$2:$S$2,0)) -> 4 | E10: =INDEX('Product risks'!$B$3:$S$15,MATCH('Risk Assessment Tool'!C10,'Product risks'!$A$3:$A$15,0),MATCH('Risk Assessment Tool'!$E$6,'Product risks'!$B$2:$S$2,0)) -> No data | F10: =VLOOKUP($F$6,CountryRisks2!A:CL,19,FALSE) -> 2 | H10: =AVERAGE(D10:F10) -> 3 | J10: Risk that workers are not allowed to organise and negotiate collectively on wages and working conditions.
C11: 5. Forced labour | D11: =INDEX('Product risks'!$B$3:$S$15,MATCH('Risk Assessment Tool'!C11,'Product risks'!$A$3:$A$15,0),MATCH('Risk Assessment Tool'!$D$6,'Product risks'!$B$2:$S$2,0)) -> 3 | E11: =INDEX('Product risks'!$B$3:$S$15,MATCH('Risk Assessment Tool'!C11,'Product risks'!$A$3:$A$15,0),MATCH('Risk Assessment Tool'!$E$6,'Product risks'!$B$2:$S$2,0)) -> No data | F11: =VLOOKUP($F$6,CountryRisks2!A:CL,46,FALSE) -> 2.5 | H11: =AVERAGE(D11:F11) -> 2.75 | J11: Risk that some work is not voluntary, because farmers/workers are indebted, passports are withheld, wages are not paid regularly etc.
C12: 6. Child protection and child rights | D12: =INDEX('Product risks'!$B$3:$S$15,MATCH('Risk Assessment Tool'!C12,'Product risks'!$A$3:$A$15,0),MATCH('Risk Assessment Tool'!$D$6,'Product risks'!$B$2:$S$2,0)) -> 1 | E12: =INDEX('Product risks'!$B$3:$S$15,MATCH('Risk Assessment Tool'!C12,'Product risks'!$A$3:$A$15,0),MATCH('Risk Assessment Tool'!$E$6,'Product risks'!$B$2:$S$2,0)) -> No data | F12: =VLOOKUP($F$6,CountryRisks2!A:CL,39,FALSE) -> 1 | H12: =AVERAGE(D12:F12) -> 1 | J12: Risk of child labour, other abuse or some children not accessing school.
C13: 7. Gender rights | D13: =INDEX('Product risks'!$B$3:$S$15,MATCH('Risk Assessment Tool'!C13,'Product risks'!$A$3:$A$15,0),MATCH('Risk Assessment Tool'!$D$6,'Product risks'!$B$2:$S$2,0)) -> 2 | E13: =INDEX('Product risks'!$B$3:$S$15,MATCH('Risk Assessment Tool'!C13,'Product risks'!$A$3:$A$15,0),MATCH('Risk Assessment Tool'!$E$6,'Product risks'!$B$2:$S$2,0)) -> No data | F13: =VLOOKUP($F$6,CountryRisks2!A:CL,26,FALSE) -> 2 | H13: =AVERAGE(D13:F13) -> 2 | J13: Risk of inequality between men and women, harassment at workplace etc.
C14: 8. Non-discrimination | D14: =INDEX('Product risks'!$B$3:$S$15,MATCH('Risk Assessment Tool'!C14,'Product risks'!$A$3:$A$15,0),MATCH('Risk Assessment Tool'!$D$6,'Product risks'!$B$2:$S$2,0)) -> 3 | E14: =INDEX('Product risks'!$B$3:$S$15,MATCH('Risk Assessment Tool'!C14,'Product risks'!$A$3:$A$15,0),MATCH('Risk Assessment Tool'!$E$6,'Product risks'!$B$2:$S$2,0)) -> No data | F14: =VLOOKUP($F$6,CountryRisks2!A:CL,56,FALSE) -> 2.6666667 | H14: =AVERAGE(D14:F14) -> 2.8333333 | J14: Risk that some group of people is treated differently from others. This can be for example migrants or religious minorities.
C15: 9. Self-determination | D15: =INDEX('Product risks'!$B$3:$S$15,MATCH('Risk Assessment Tool'!C15,'Product risks'!$A$3:$A$15,0),MATCH('Risk Assessment Tool'!$D$6,'Product risks'!$B$2:$S$2,0)) -> 3 | E15: =INDEX('Product risks'!$B$3:$S$15,MATCH('Risk Assessment Tool'!C15,'Product risks'!$A$3:$A$15,0),MATCH('Risk Assessment Tool'!$E$6,'Product risks'!$B$2:$S$2,0)) -> No data | F15: =VLOOKUP($F$6,CountryRisks2!A:CL,63,FALSE) -> 2.5 | H15: =AVERAGE(D15:F15) -> 2.75 | J15: Risk that some people are not free to decide where or how they live.
C16: 10. Climate emissions and deforestation | D16: =INDEX('Product risks'!$B$3:$S$15,MATCH('Risk Assessment Tool'!C16,'Product risks'!$A$3:$A$15,0),MATCH('Risk Assessment Tool'!$D$6,'Product risks'!$B$2:$S$2,0)) -> 1 | E16: =INDEX('Product risks'!$B$3:$S$15,MATCH('Risk Assessment Tool'!C16,'Product risks'!$A$3:$A$15,0),MATCH('Risk Assessment Tool'!$E$6,'Product risks'!$B$2:$S$2,0)) -> No data | F16: =VLOOKUP($F$6,CountryRisks2!A:CL,80,FALSE) -> 2.6666667 | H16: =AVERAGE(D16:F16) -> 1.8333333 | J16: Risk of deforestation or excessive climate emissions.
C17: 11. Water and biodiversity | D17: =INDEX('Product risks'!$B$3:$S$15,MATCH('Risk Assessment Tool'!C17,'Product risks'!$A$3:$A$15,0),MATCH('Risk Assessment Tool'!$D$6,'Product risks'!$B$2:$S$2,0)) -> 3 | E17: =INDEX('Product risks'!$B$3:$S$15,MATCH('Risk Assessment Tool'!C17,'Product risks'!$A$3:$A$15,0),MATCH('Risk Assessment Tool'!$E$6,'Product risks'!$B$2:$S$2,0)) -> No data | F17: =VLOOKUP($F$6,CountryRisks2!A:CL,90,FALSE) -> 2.6666667 | H17: =AVERAGE(D17:F17) -> 2.8333333 | J17: Risk of water pollution or overuse, or reducing variety of plants, animals and other life on Earth.
C18: 12. Freedom of speech, thought and public participation | D18: =INDEX('Product risks'!$B$3:$S$15,MATCH('Risk Assessment Tool'!C18,'Product risks'!$A$3:$A$15,0),MATCH('Risk Assessment Tool'!$D$6,'Product risks'!$B$2:$S$2,0)) -> 3 | E18: =INDEX('Product risks'!$B$3:$S$15,MATCH('Risk Assessment Tool'!C18,'Product risks'!$A$3:$A$15,0),MATCH('Risk Assessment Tool'!$E$6,'Product risks'!$B$2:$S$2,0)) -> No data | F18: =VLOOKUP($F$6,CountryRisks2!A:CL,70,FALSE) -> 1 | H18: =AVERAGE(D18:F18) -> 2 | J18: Risk that farmers, workers or local communities are not free to express themselves or participate in public affairs.
C19: 13. Privacy | D19: =INDEX('Product risks'!$B$3:$S$15,MATCH('Risk Assessment Tool'!C19,'Product risks'!$A$3:$A$15,0),MATCH('Risk Assessment Tool'!$D$6,'Product risks'!$B$2:$S$2,0)) -> 4 | E19: =INDEX('Product risks'!$B$3:$S$15,MATCH('Risk Assessment Tool'!C19,'Product risks'!$A$3:$A$15,0),MATCH('Risk Assessment Tool'!$E$6,'Product risks'!$B$2:$S$2,0)) -> No data | F19: =VLOOKUP($F$6,CountryRisks2!A:CL,70,FALSE) -> 1 | H19: =AVERAGE(D19:F19) -> 2.5 | J19: Risk that somebody's personal matters or relationships are spread.
D20: Pink = very high risk; Orange = high risk; yellow = medium risk; light green = low risk The results are based on independent research and statistics.
D21: Note: Your buyers and other stakeholders are typically most concerned about the issues with multiple red markings.
B23: STEP 2 | C23: Risks related to your organisation
C24: What are the highest risks related to your organisation in specific? Please press + sign on the left and answer questions on lines 28 – 81 (input 1-4 on the blue cells to get the average for your organisation), indicating how common and serious the issues are among your stakeholders.
D25: How common is this?* | E25: How serious is the impact?** | F25: Results | J25: Explanations * How many people are affected and how often the issue happens. For example, is shortage of food experienced by most farmers several months a year, or just very few farmers right before harvest?
D26: 1 = very common 2 = common 3 = sometimes 4 = not common | E26: 1 = very serious 2 = serious 3 = somewhat serious 4 = not serious | F26: Your organisation | H26: External data (results from above) | J26: ** How seriously does the issue affect people or the environment in your area? For example, children sometimes helping their parents on fields during school hours is less serious than children working with dangerous tools without supervision.
C27: 1. Living income | F27: =AVERAGE(D31:E31) -> #DIV/0! | H27: =H7 -> 1.1666667
C28: Farmers’ incomes are too low to access adequate food, clothing, housing, schooling and other needs for their family.
C29: Some farmers are doing the same work for lower wages than others (e.g. seasonal workers or workers paid piece-meal).
C30: Wages are paid partially as in-kind benefits that are of very poor quality or over-priced.
D31: =AVERAGE(D28:D30) -> #DIV/0! | E31: =AVERAGE(E28:E30) -> #DIV/0!
C33: 2. Working conditions | F33: =AVERAGE(D37:E37) -> #DIV/0! | H33: =H8 -> 2.5
C34: Clean drinking water and toilets are unavailable during work days.
C35: There are workers who have no written contracts of employment.
C36: There are workers who do not get paid regularly and at least monthly
D37: =AVERAGE(D34:D36) -> #DIV/0! | E37: =AVERAGE(E34:E36) -> #DIV/0!
C39: 3. Health | F39: =AVERAGE(D43:E43) -> #DIV/0! | H39: =H9 -> 1.6666667
C40: There are tools, machinery, work processes or places that cause injuries or health problems.
C41: Personal protective equipment is unavailable for farmers or workers who perform hazardous tasks OR Do farmers or workers lack awareness of why or how to use it.
C42: There has been complaints that farming has polluted local waterways, air or soil, and caused ill health to local people.
D43: =AVERAGE(D40:D42) -> #DIV/0! | E43: =AVERAGE(E40:E42) -> #DIV/0!
C45: 4. Freedom of association and collective bargaining | F45: =AVERAGE(D48:E48) -> #DIV/0! | H45: =H10 -> 3
C46: The farm workers are not organised, either in trade unions or elected workers’ organisations OR there has been no group negotiations on working conditions.
C47: The organisation has not encouraged workers to get organised.
D48: =AVERAGE(D46:D47) -> #DIV/0! | E48: =AVERAGE(E46:E47) -> #DIV/0!
C50: 5. Forced labour | F50: =AVERAGE(D54:E54) -> #DIV/0! | H50: =H11 -> 2.75
C51: Workers need to pay fees for documentation, health checks, transportation, clothing or other requirements as part of their recruitment.
C52: There are workers who are forced to work, e.g. due to a debt to the farmer or recruit agency, or an inability to return home.
C53: There has been cases of forced labour identified in your organisation.
D54: =AVERAGE(D51:D53) -> #DIV/0! | E54: =AVERAGE(E51:E53) -> #DIV/0!
C56: 6. Child protection and child rights | F56: =AVERAGE(D60:E60) -> #DIV/0! | H56: =H12 -> 1
C57: There are members, farm operators or farm workers whose children cannot attend school. This can include e.g. migrant boys or girls.
C58: There are children under the age of 15 who work on farms during school hours without supervision, or do tasks that harm their health.
C59: There are children under the age of 18 who do work that harms their school attendance, health or safety.
D60: =AVERAGE(D57:D59) -> #DIV/0! | E60: =AVERAGE(E57:E59) -> #DIV/0!
C62: 7. Gender rights | F62: =AVERAGE(D65:E65) -> #DIV/0! | H62: =H13 -> 2
C63: There has been complaints or indications of harassment or abusive behaviours towards women in your organisation or members’ farms. This can be physical, sexual, verbal or psychological.
C64: Women farmers or farm workers have lower earnings than men farmers or farm workers.
D65: =AVERAGE(D63:D64) -> #DIV/0! | E65: =AVERAGE(E63:E64) -> #DIV/0!
C67: 8. Non-discrimination | F67: =AVERAGE(D70:E70) -> #DIV/0! | H67: =H14 -> 2.8333333
C68: There are groups of farmers or workers who have lower earnings or fewer opportunities to become a member or less say in decision-making. This could be e.g. migrants, sharecroppers, youth or some ethnic or religious minorities.
C69: Seasonal, migrant or other groups of workers have lower pay or fewer benefits than permanent, local workers.
D70: =AVERAGE(D68:D69) -> #DIV/0! | E70: =AVERAGE(E68:E69) -> #DIV/0!
C72: 9. Self-determination | F72: =AVERAGE(D75:E75) -> #DIV/0! | H72: =H15 -> 2.75
C73: There are indications of conflicts related to members’ land or water use.
C74: There are land disputes that remain unresolved with no active legal resolution process.
D75: =AVERAGE(D73:D74) -> #DIV/0! | E75: =AVERAGE(E73:E74) -> #DIV/0!
C77: 10. Climate emissions and deforestation | F77: =AVERAGE(D80:E80) -> #DIV/0! | H77: =H16 -> 1.8333333
C78: Your members or their farm operators/workers cause deforestation.
C79: Changes in climate, weather patterns or plant diseases have cut your members’ yields or raised costs in the last five years.
D80: =AVERAGE(D78:D79) -> #DIV/0! | E80: =AVERAGE(E78:E79) -> #DIV/0!
C82: 11. Water and biodiversity | F82: =AVERAGE(D85:E85) -> #DIV/0! | H82: =H17 -> 2.8333333
C83: Your members use hazardous chemicals Red-Listed by Fairtrade or are not reducing the use of chemicals Orange-Listed by Fairtrade.
C84: Water sources in your area being depleted OR you are not aware if this is the case.
D85: =AVERAGE(D83:D84) -> #DIV/0! | E85: =AVERAGE(E83:E84) -> #DIV/0!
C87: 12. Freedom of speech, thought and public participation | F87: =AVERAGE(D88:E88) -> #DIV/0! | H87: =H18 -> 2
C88: There are workers’ representatives who have not always been invitied to the General Assembly to participate in discussions.
C90: 13. Privacy | F90: =AVERAGE(D93:E93) -> #DIV/0! | H90: =H19 -> 2.5
C91: You or your members test for pregnancy, some diseases or genetic problems during recruitment or employment.
C92: Personal data that has not been kept confidential.
D93: =AVERAGE(D91:D92) -> #DIV/0! | E93: =AVERAGE(E91:E92) -> #DIV/0!
C95: The risks marked with red are very high.
B97: STEP 3 | C97: Your salient issues (focus areas)
C98: Identify the issues where risks are highest. Based on the external and organisational data in step 2, choose three issues which you will focus on first. If you have identified less than three salient issues in your own organisations you should look at the external data and consider choosing from there. If there are issues which you have not classified as high priority but are easy to repair at the same time when dealing with the most serious issues, you should do that too. | E98: Salient issue 1 | F98: Salient issue 2 | H98: Salient issue 3
E99: Working conditions | F99: Health | G99: Gender rights
B101: STEP 4 | C101: Take a closer look at your salient issues.
C102: Related to the salient issues you selected in step 3, consider some further statements that you can open from the + signs on the left. This gives more information to considerwhen making a plan to reduce these risks. Input 1-4 to the blue cells to get an overall rating.
D103: How common is this?* | E103: How serious is the impact?** | F103: Which groups of people are most affected (harmed)?*** | H103: Explanations * How many people are affected and how often the issue happens. For example, is shortage of food experienced by most farmers several months a year, or just very few farmers right before harvest?
D104: 1 = very common 2 = common 3 = sometimes 4 = not common | E104: 1 = very serious 2 = serious 3 = somewhat serious 4 = not serious | H104: ** How seriously does the issue affect people or the environment in your area? For example, children sometimes helping their parents on fields during school hours is less serious than children working with dangerous tools without supervision.
H105: *** The most vulnerable group of people are those most affected, and they include: - Migrant workers or farm operators, who do not speak the local language, or do not know local laws, customs or support channels - People from minority groups – for example tribes or religions – that have suffered a long-standing pattern of discrimination - Unskilled and low educated people may not be aware of their rights - Temporary workers and people living in abject poverty may not be in a position to defend all their own rights - Women, girls and youth may not be in a socially accepted position to bring up issues - Persons with disabilities - Trade union representatives and other Human rights defenders, who defend the rights of specific groups of people
C106: 1. Living income, living wage | D106: =AVERAGE(D107:D112) -> #DIV/0! | E106: =AVERAGE(E107:E112) -> #DIV/0!
C107: The wages of permanent, casual or temporary staff/workers are too low to fulfil their needs.
C108: Housing or sanitation facilities provided to workers are poor quality.
C109: Safe drinking water is not available for farmers or workers.
C110: Job brokers or contractors are widely used.
C111: Workers pay recruitment fees.
C112: Sharecropping is common, or family labour is commonly not calculated as farming input.
C114: 2. Working conditions | D114: =AVERAGE(D115:D116) -> #DIV/0! | E114: =AVERAGE(E115:E116) -> #DIV/0!
C115: Farmers, farm operators or farm workers work more than 60 hours per week (more than 10 hours per day, with one day off per week).
C116: Benefits are not in line with national laws, Collective Bargaining Agreements and agreements with workers’ organisation. For example, maternity leave may be shorter or social security provisions lower than legally required or agreed.
C118: 3. Health | D118: =AVERAGE(D119:D121) -> #DIV/0! | E118: =AVERAGE(E119:E121) -> #DIV/0!
C119: Hazardous chemicals are applied less than 10 metres from housing, canteens or other human activity or above or around water sources.
...

Sheet Product risks
B1: When changing the column headers here, you need to also change the Dropdown menu headings in the yellow table
A2: Selected Risk by Fairtrade | B2: Coffee | C2: Cocoa | D2: Bananas | E2: Sugar (not available yet) | F2: Tea (not for SPOs) | G2: Tea (not available yet) | H2: Cotton (not available yet) | I2: Wine grapes (not for SPOs) | J2: Gold (not available yet) | K2: Honey | L2: Fruit (not available yet) | M2: Herbs & spices (not available yet) | N2: Cereals & rice (not available yet) | O2: Nuts & oils (not available yet) | P2: Vegetables (not available yet) | Q2: Sports balls (not for SPOs) | R2: Carbon credits (not for SPOs) | S2: No second product
A3: 1. Living income, living wage | B3: 1 | C3: 1 | D3: 1 | E3: Not available yet | F3: Not available yet | G3: Not available yet | H3: Not available yet | I3: Not available yet | J3: Not available yet | K3: 1 | L3: Not available yet | M3: Not available yet | N3: Not available yet | O3: Not available yet | P3: Not available yet | Q3: Not available yet | R3: Not available yet | S3: No data
A4: 2. Working conditions | B4: 3 | C4: 3 | D4: 2 | E4: Not available yet | F4: Not available yet | G4: Not available yet | H4: Not available yet | I4: Not available yet | J4: Not available yet | K4: 3 | L4: Not available yet | M4: Not available yet | N4: Not available yet | O4: Not available yet | P4: Not available yet | Q4: Not available yet | R4: Not available yet | S4: No data
A5: 3. Health | B5: 3 | C5: 2 | D5: 2 | E5: Not available yet | F5: Not available yet | G5: Not available yet | H5: Not available yet | I5: Not available yet | J5: Not available yet | K5: 2 | L5: Not available yet | M5: Not available yet | N5: Not available yet | O5: Not available yet | P5: Not available yet | Q5: Not available yet | R5: Not available yet | S5: No data
A6: 4. Freedom of association and collective bargaining | B6: 4 | C6: 4 | D6: 2 | E6: Not available yet | F6: Not available yet | G6: Not available yet | H6: Not available yet | I6: Not available yet | J6: Not available yet | K6: 3 | L6: Not available yet | M6: Not available yet | N6: Not available yet | O6: Not available yet | P6: Not available yet | Q6: Not available yet | R6: Not available yet | S6: No data
A7: 5. Forced labour | B7: 4 | C7: 3 | D7: 4 | E7: Not available yet | F7: Not available yet | G7: Not available yet | H7: Not available yet | I7: Not available yet | J7: Not available yet | K7: 4 | L7: Not available yet | M7: Not available yet | N7: Not available yet | O7: Not available yet | P7: Not available yet | Q7: Not available yet | R7: Not available yet | S7: No data
A8: 6. Child protection and child rights | B8: 2 | C8: 1 | D8: 4 | E8: Not available yet | F8: Not available yet | G8: Not available yet | H8: Not available yet | I8: Not available yet | J8: Not available yet | K8: 4 | L8: Not available yet | M8: Not available yet | N8: Not available yet | O8: Not available yet | P8: Not available yet | Q8: Not available yet | R8: Not available yet | S8: No data
A9: 7. Gender rights | B9: 2 | C9: 2 | D9: 3 | E9: Not available yet | F9: Not available yet | G9: Not available yet | H9: Not available yet | I9: Not available yet | J9: Not available yet | K9: 1 | L9: Not available yet | M9: Not available yet | N9: Not available yet | O9: Not available yet | P9: Not available yet | Q9: Not available yet | R9: Not available yet | S9: No data
A10: 8. Non-discrimination | B10: 4 | C10: 3 | D10: 3 | E10: Not available yet | F10: Not available yet | G10: Not available yet | H10: Not available yet | I10: Not available yet | J10: Not available yet | K10: 3 | L10: Not available yet | M10: Not available yet | N10: Not available yet | O10: Not available yet | P10: Not available yet | Q10: Not available yet | R10: Not available yet | S10: No data
A11: 9. Self-determination | B11: 4 | C11: 3 | D11: 3 | E11: Not available yet | F11: Not available yet | G11: Not available yet | H11: Not available yet | I11: Not available yet | J11: Not available yet | K11: 3 | L11: Not available yet | M11: Not available yet | N11: Not available yet | O11: Not available yet | P11: Not available yet | Q11: Not available yet | R11: Not available yet | S11: No data
A12: 10. Climate emissions and deforestation | B12: 1 | C12: 1 | D12: 1 | E12: Not available yet | F12: Not available yet | G12: Not available yet | H12: Not available yet | I12: Not available yet | J12: Not available yet | K12: 3 | L12: Not available yet | M12: Not available yet | N12: Not available yet | O12: Not available yet | P12: Not available yet | Q12: Not available yet | R12: Not available yet | S12: No data
A13: 11. Water and biodiversity | B13: 1 | C13: 3 | D13: 1 | E13: Not available yet | F13: Not available yet | G13: Not available yet | H13: Not available yet | I13: Not available yet | J13: Not available yet | K13: 1 | L13: Not available yet | M13: Not available yet | N13: Not available yet | O13: Not available yet | P13: Not available yet | Q13: Not available yet | R13: Not available yet | S13: No data
A14: 12. Freedom of speech, thought and public participation | B14: 4 | C14: 3 | D14: 3 | E14: Not available yet | F14: Not available yet | G14: Not available yet | H14: Not available yet | I14: Not available yet | J14: Not available yet | K14: 4 | L14: Not available yet | M14: Not available yet | N14: Not available yet | O14: Not available yet | P14: Not available yet | Q14: Not available yet | R14: Not available yet | S14: No data
A15: 13. Privacy | B15: 4 | C15: 4 | D15: 4 | E15: Not available yet | F15: Not available yet | G15: Not available yet | H15: Not available yet | I15: Not available yet | J15: Not available yet | K15: 3 | L15: Not available yet | M15: Not available yet | N15: Not available yet | O15: Not available yet | P15: Not available yet | Q15: Not available yet | R15: Not available yet | S15: No data
A17: Dropdown menu for SPOs | C17: Dropdown menu for SPOs | E17: Dropdown menu for HRs | G17: Green | H17: #B5EE00 | I17: cell values between 3.5-4 | K17: How to match HR areas to country data?
A18: Bananas | C18: Bananas | E18: Living income, living wage | G18: Yellow | H18: #FFFF66 | I18: 2.5-3.49 | K18: 13 human rights areas - country data
A19: Coffee | C19: Coffee | E19: Working conditions | G19: Orange | H19: #FF8000 | I19: 1.5-2.49 | K19: Living income, living wage - St of living
A20: Cocoa | C20: Cocoa | E20: Health | G20: Pink | H20: #FF4571 | I20: 1-1.49 | K20: Working conditions - workers rights
A21: Honey | C21: Honey | E21: Freedom of association and collective bargaining | K21: Health - St of living
A22: Cereals & rice (not available yet) | C22: No second product | E22: Forced labour | K22: Freedom of association and collective bargaining - workers rights
A23: Cotton (not available yet) | C23: Cereals & rice (not available yet) | E23: Child protection and child rights | K23: Forced labour - forced labour
A24: Fruit (not available yet) | C24: Cotton (not available yet) | E24: Gender rights | K24: Child protection and child rights - child rights
A25: Gold (not available yet) | C25: Fruit (not available yet) | E25: Non-discrimination | K25: Gender rights - gender rights
A26: Herbs & spices (not available yet) | C26: Gold (not available yet) | E26: Self-determination | K26: Non-discrimination - discr
A27: Nuts & oils (not available yet) | C27: Herbs & spices (not available yet) | E27: Climate emissions and deforestation | K27: Self-determination - self-det
A28: Sugar (not available yet) | C28: Nuts & oils (not available yet) | E28: Water and biodiversity | K28: Climate resilience - climate & forest
A29: Tea (not available yet) | C29: Sugar (not available yet) | E29: Freedom of speech, thought and public participation | K29: Water and biodiversity - water & biodiv
A30: Vegetables (not available yet) | C30: Tea (not available yet) | E30: Privacy | K30: Freedom of speech, thought and public participation - civil liberties
C31: Vegetables (not available yet) | K31: Privacy - civil liberties
A34: Dropdown menu for country selection | E34: Seriousness
A35: Argentina | E35: Very serious | F35: Serious | G35: Somewhat serious | H35: Not serious
A36: Bangladesh | C36: Likelihood | D36: Very common | E36: 1 | F36: 1 | G36: 2 | H36: 3
A37: Belize | D37: Common | E37: 1 | F37: 1 | G37: 2 | H37: 3
A38: Benin | D38: Medium | E38: 1 | F38: 2 | G38: 3 | H38: 4
A39: Bolivia | D39: Low | E39: 2 | F39: 2 | G39: 3 | H39: 4
A40: Brazil
A41: Burkina Faso
A42: Burundi
A43: Cameroon
A44: Chile
A45: China
A46: Colombia
A47: Congo (Democratic Republic)
A48: Costa Rica
A49: Cote d'Ivoire
A50: Cuba
A51: Dominican Republic
... A101: Zimbabwe

Sheet CountryRisks2
C1: inequality_adjusted_human_development_index | F1: multi_dimensional_poverty_index | I1: number_of_poor_at_320day | L1: St of living | M1: global_rights_index | P1: working_poverty_at_190day__total | S1: Workers' rights | T1: gender_inequality_index | W1: working_poverty_at_190day__women | Z1: Gender | AA1: child_labor | AD1: children_in_child_labor | AG1: rural_primary_school_completion | AJ1: rural_4er_secondary_school_completion | AM1: Child rights | AN1: forced_labor | AQ1: prevalance_of_modern_slavery | AT1: Forced labour | AU1: equal_treatment_and_abscence_of_discrimination | AX1: sdg_indicator_on_migration_policies | BA1: un_population_of_concern | BD1: Discrimination | BE1: peoples_under_threat | BH1: legal_security_of _indegenous_lands | BK1: Self-determination | BL1: civil_liberties_rating | BO1: fragile_states_index | BR1: Civil liberties | BS1: global_climate_risk_index | BV1: forest_area_change_in_2010_2020_as_percentage | BY1: forest_area_change_in_2010_2020_by_hectares | CB1: Climate | CC1: land_degradation_as_percentage_in_2010_2015 | CF1: baseline_water_stress | CI1: people_in_water_scarce_areas | CL1: Water
A2: Country name | B2: Country code | C2: value | D2: risk (in words) | E2: risk (1-4) | F2: value | G2: risk (in words) | H2: risk (1-4) | I2: value | J2: risk (in words) | K2: risk (1-4) | L2: Average | M2: value | N2: risk (in words) | O2: risk (1-4) | P2: value | Q2: risk (in words) | R2: risk (1-4) | S2: Average | T2: value | U2: risk (in words) | V2: risk (1-4) | W2: value | X2: risk (in words) | Y2: risk (1-4) | Z2: Average | AA2: value | AB2: risk (in words) | AC2: risk (1-4) | AD2: value | AE2: risk (in words) | AF2: risk (1-4) | AG2: value | AH2: risk (in words) | AI2: risk (1-4) | AJ2: value | AK2: risk (in words) | AL2: risk (1-4) | AM2: Average | AN2: value | AO2: risk (in words) | AP2: risk (1-4) | AQ2: value | AR2: risk (in words) | AS2: risk (1-4) | AT2: Average | AU2: value | AV2: risk (in words) | AW2: risk (1-4) | AX2: value | AY2: risk (in words) | AZ2: risk (1-4) | BA2: value | BB2: risk (in words) | BC2: risk (1-4) | BD2: Average | BE2: value | BF2: risk (in words) | BG2: risk (1-4) | BH2: value | BI2: risk (in words) | BJ2: risk (1-4) | BK2: Average | BL2: value | BM2: risk (in words) | BN2: risk (1-4) | BO2: value | BP2: risk (in words) | BQ2: risk (1-4) | BR2: Average | BS2: value | BT2: risk (in words) | BU2: risk (1-4) | BV2: value | BW2: risk (in words) | BX2: risk (1-4) | BY2: value | BZ2: risk (in words) | CA2: risk (1-4) | CB2: Average | CC2: value | CD2: risk (in words) | CE2: risk (1-4) | CF2: value | CG2: risk (in words) | CH2: risk (1-4) | CI2: value | CJ2: risk (in words) | CK2: risk (1-4) | CL2: Average
A3: Algeria | B3: DZ | C3: 0.478 | D3: veryHigh | E3: 1 | F3: 0.0002 | G3: low | H3: 4 | I3: 4,0% | J3: low | K3: 4 | L3: {=IFERROR(AVERAGE(E3,H3,K3),N/A)} -> 3 | M3: 5 | N3: veryHigh | O3: 1 | P3: N/A | Q3: N/A | R3: N/A | S3: =IFERROR(AVERAGE(O3,R3),"N/A") -> 1 | T3: 126 | U3: high | V3: 2 | W3: 0.001 | X3: low | Y3: 4 | Z3: =IFERROR(AVERAGE(V3,Y3),"N/A") -> 3 | AA3: 0.036 | AB3: low | AC3: 4 | AD3: 0.03 | AE3: low | AF3: 4 | AG3: 0.92 | AH3: low | AI3: 4 | AJ3: 0.6 | AK3: high | AL3: 2 | AM3: =IFERROR(AVERAGE(AC3,AF3,AI3,AL3),"N/A") -> 3.5 | AN3: N/A | AO3: N/A | AP3: N/A | AQ3: 115 | AR3: medium | AS3: 3 | AT3: =IFERROR(AVERAGE(AP3,AS3),"N/A") -> 3 | AU3: 0.58 | AV3: medium | AW3: 3 | AX3: N/A | AY3: N/A | AZ3: N/A | BA3: 100020 | BB3: high | BC3: 2 | BD3: =IFERROR(AVERAGE(AW3,AZ3,BC3),"N/A") -> 2.5 | BE3: 34 | BF3: high | BG3: 2 | BH3: 2.9 | BI3: medium | BJ3: 3 | BK3: =IFERROR(AVERAGE(BG3,BJ3),"N/A") -> 2.5 | BL3: 22 | BM3: high | BN3: 2 | BO3: 72.2 | BP3: medium | BQ3: 3 | BR3: =IFERROR(AVERAGE(BN3,BQ3),"N/A") -> 2.5 | BS3: 125 | BT3: low | BU3: 4 | BV3: 0.0016 | BW3: low | BX3: 4 | BY3: 3.1 | BZ3: low | CA3: 4 | CB3: =IFERROR(AVERAGE(BU3,BX3,CA3),"N/A") -> 4 | CC3: 1 | CD3: low | CE3: 4 | CF3: 3 | CG3: high | CH3: 2 | CI3: 0.68 | CJ3: high | CK3: 2 | CL3: =IFERROR(AVERAGE(CE3,CH3,CK3),"N/A") -> 2.6666667
A4: Andorra | B4: AD | C4: N/A | D4: N/A | E4: N/A | F4: N/A | G4: N/A | H4: N/A | I4: N/A | J4: N/A | K4: N/A | L4: =IFERROR(AVERAGE(E4,H4,K4),"N/A") -> N/A | M4: N/A | N4: N/A | O4: N/A | P4: N/A | Q4: N/A | R4: N/A | S4: =IFERROR(AVERAGE(O4,R4),"N/A") -> N/A | T4: N/A | U4: N/A | V4: N/A | W4: N/A | X4: N/A | Y4: N/A | Z4: =IFERROR(AVERAGE(V4,Y4),"N/A") -> N/A | AA4: N/A | AB4: N/A | AC4: N/A | AD4: N/A | AE4: N/A | AF4: N/A | AG4: N/A | AH4: N/A | AI4: N/A | AJ4: N/A | AK4: N/A | AL4: N/A | AM4: =IFERROR(AVERAGE(AC4,AF4,AI4,AL4),"N/A") -> N/A | AN4: N/A | AO4: N/A | AP4: N/A | AQ4: N/A | AR4: N/A | AS4: N/A | AT4: =IFERROR(AVERAGE(AP4,AS4),"N/A") -> N/A | AU4: N/A | AV4: N/A | AW4: N/A | AX4: N/A | AY4: N/A | AZ4: N/A | BA4: N/A | BB4: N/A | BC4: N/A | BD4: =IFERROR(AVERAGE(AW4,AZ4,BC4),"N/A") -> N/A | BE4: N/A | BF4: N/A | BG4: N/A | BH4: N/A | BI4: N/A | BJ4: N/A | BK4: =IFERROR(AVERAGE(BG4,BJ4),"N/A") -> N/A | BL4: 55 | BM4: low | BN4: 4 | BO4: N/A | BP4: N/A | BQ4: N/A | BR4: =IFERROR(AVERAGE(BN4,BQ4),"N/A") -> 4 | BS4: N/A | BT4: N/A | BU4: N/A | BV4: 0 | BW4: low | BX4: 4 | BY4: 0 | BZ4: low | CA4: 4 | CB4: =IFERROR(AVERAGE(BU4,BX4,CA4),"N/A") -> 4 | CC4: N/A | CD4: N/A | CE4: N/A | CF4: 3 | CG4: high | CH4: 2 | CI4: N/A | CJ4: N/A | CK4: N/A | CL4: =IFERROR(AVERAGE(CE4,CH4,CK4),"N/A") -> 2
A5: Argentina | B5: AR | C5: 0.842 | D5: low | E5: 4 | F5: N/A | G5: N/A | H5: N/A | I5: 3,5% | J5: low | K5: 4 | L5: =IFERROR(AVERAGE(E5,H5,K5),"N/A") -> 4 | M5: 3 | N5: medium | O5: 3 | P5: 0.004 | Q5: low | R5: 4 | S5: =IFERROR(AVERAGE(O5,R5),"N/A") -> 3.5 | T5: 69 | U5: medium | V5: 3 | W5: 0.005 | X5: low | Y5: 4 | Z5: =IFERROR(AVERAGE(V5,Y5),"N/A") -> 3.5 | AA5: 0.053 | AB5: medium | AC5: 3 | AD5: N/A | AE5: N/A | AF5: N/A | AG5: N/A | AH5: N/A | AI5: N/A | AJ5: N/A | AK5: N/A | AL5: N/A | AM5: =IFERROR(AVERAGE(AC5,AF5,AI5,AL5),"N/A") -> 3 | AN5: NotIdentifiedinAgriculture | AO5: medium | AP5: 3 | AQ5: 157 | AR5: low | AS5: 4 | AT5: =IFERROR(AVERAGE(AP5,AS5),"N/A") -> 3.5 | AU5: 0.65 | AV5: medium | AW5: 3 | AX5: Fullymeets | AY5: low | AZ5: 4 | BA5: 249026 | BB5: high | BC5: 2 | BD5: =IFERROR(AVERAGE(AW5,AZ5,BC5),"N/A") -> 3 | BE5: 90 | BF5: low | BG5: 4 | BH5: 3.5 | BI5: veryHigh | BJ5: 1 | BK5: =IFERROR(AVERAGE(BG5,BJ5),"N/A") -> 2.5 | BL5: 49 | BM5: medium | BN5: 3 | BO5: 47.9 | BP5: low | BQ5: 4 | BR5: =IFERROR(AVERAGE(BN5,BQ5),"N/A") -> 3.5 | BS5: 55 | BT5: medium | BU5: 3 | BV5: -0.0056 | BW5: veryHigh | BX5: 1 | BY5: -164.1 | BZ5: high | CA5: 2 | CB5: =IFERROR(AVERAGE(BU5,BX5,CA5),"N/A") -> 2 | CC5: 39 | CD5: veryHigh | CE5: 1 | CF5: 1 | CG5: medium | CH5: 3 | CI5: 0.35 | CJ5: medium | CK5: 3 | CL5: =IFERROR(AVERAGE(CE5,CH5,CK5),"N/A") -> 2.3333333
A6: Australia | B6: AU | C6: 0.951 | D6: low | E6: 4 | F6: N/A | G6: N/A | H6: N/A | I6: 0,7% | J6: low | K6: 4 | L6: =IFERROR(AVERAGE(E6,H6,K6),"N/A") -> 4 | M6: 4 | N6: high | O6: 2 | P6: N/A | Q6: N/A | R6: N/A | S6: =IFERROR(AVERAGE(O6,R6),"N/A") -> 2 | T6: 19 | U6: low | V6: 4 | W6: N/A | X6: N/A | Y6: N/A | Z6: =IFERROR(AVERAGE(V6,Y6),"N/A") -> 4 | AA6: N/A | AB6: N/A | AC6: N/A | AD6: N/A | AE6: N/A | AF6: N/A | AG6: N/A | AH6: N/A | AI6: N/A | AJ6: N/A | AK6: N/A | AL6: N/A | AM6: =IFERROR(AVERAGE(AC6,AF6,AI6,AL6),"N/A") -> N/A | AN6: N/A | AO6: N/A | AP6: N/A | AQ6: 163 | AR6: low | AS6: 4 | AT6: =IFERROR(AVERAGE(AP6,AS6),"N/A") -> 4 | AU6: 0.66 | AV6: medium | AW6: 3 | AX6: Fullymeets | AY6: low | AZ6: 4 | BA6: 153642 | BB6: high | BC6: 2 | BD6: =IFERROR(AVERAGE(AW6,AZ6,BC6),"N/A") -> 3 | BE6: N/A | BF6: N/A | BG6: N/A | BH6: 2 | BI6: medium | BJ6: 3 | BK6: =IFERROR(AVERAGE(BG6,BJ6),"N/A") -> 3 | BL6: 56 | BM6: low | BN6: 4 | BO6: 22.7 | BP6: low | BQ6: 4 | BR6: =IFERROR(AVERAGE(BN6,BQ6),"N/A") -> 4 | BS6: 19 | BT6: high | BU6: 2 | BV6: 0.0034 | BW6: low | BX6: 4 | BY6: 445.9 | BZ6: low | CA6: 4 | CB6: =IFERROR(AVERAGE(BU6,BX6,CA6),"N/A") -> 3.3333333 | CC6: N/A | CD6: N/A | CE6: N/A | CF6: 2 | CG6: medium | CH6: 3 | CI6: 0.29 | CJ6: medium | CK6: 3 | CL6: =IFERROR(AVERAGE(CE6,CH6,CK6),"N/A") -> 3
A7: Austria | B7: AT | C7: 0.916 | D7: low | E7: 4 | F7: N/A | G7: N/A | H7: N/A | I7: 0,7% | J7: low | K7: 4 | L7: =IFERROR(AVERAGE(E7,H7,K7),"N/A") -> 4 | M7: 1 | N7: low | O7: 4 | P7: N/A | Q7: N/A | R7: N/A | S7: =IFERROR(AVERAGE(O7,R7),"N/A") -> 4 | T7: 12 | U7: low | V7: 4 | W7: N/A | X7: N/A | Y7: N/A | Z7: =IFERROR(AVERAGE(V7,Y7),"N/A") -> 4 | AA7: N/A | AB7: N/A | AC7: N/A | AD7: N/A | AE7: N/A | AF7: N/A | AG7: N/A | AH7: N/A | AI7: N/A | AJ7: N/A | AK7: N/A | AL7: N/A | AM7: =IFERROR(AVERAGE(AC7,AF7,AI7,AL7),"N/A") -> N/A | AN7: N/A | AO7: N/A | AP7: N/A | AQ7: 144 | AR7: low | AS7: 4 | AT7: =IFERROR(AVERAGE(AP7,AS7),"N/A") -> 4 | AU7: 0.73 | AV7: medium | AW7: 3 | AX7: FullyMeets | AY7: low | AZ7: 4 | BA7: 183523 | BB7: high | BC7: 2 | BD7: =IFERROR(AVERAGE(AW7,AZ7,BC7),"N/A") -> 3 | BE7: N/A | BF7: N/A | BG7: N/A | BH7: N/A | BI7: N/A | BJ7: N/A | BK7: =IFERROR(AVERAGE(BG7,BJ7),"N/A") -> N/A | BL7: 56 | BM7: low | BN7: 4 | BO7: 25.4 | BP7: low | BQ7: 4 | BR7: =IFERROR(AVERAGE(BN7,BQ7),"N/A") -> 4 | BS7: 47 | BT7: high | BU7: 2 | BV7: 0.0009 | BW7: low | BX7: 4 | BY7: 3.6 | BZ7: low | CA7: 4 | CB7: =IFERROR(AVERAGE(BU7,BX7,CA7),"N/A") -> 3.3333333 | CC7: N/A | CD7: N/A | CE7: N/A | CF7: 0 | CG7: low | CH7: 4 | CI7: 0 | CJ7: low | CK7: 4 | CL7: =IFERROR(AVERAGE(CE7,CH7,CK7),"N/A") -> 4
A8: Bahrain | B8: BH | C8: 0.875 | D8: low | E8: 4 | F8: N/A | G8: N/A | H8: N/A | I8: N/A | J8: N/A | K8: N/A | L8: =IFERROR(AVERAGE(E8,H8,K8),"N/A") -> 4 | M8: 5 | N8: veryHigh | O8: 1 | P8: N/A | Q8: N/A | R8: N/A | S8: =IFERROR(AVERAGE(O8,R8),"N/A") -> 1 | T8: 46 | U8: low | V8: 4 | W8: N/A | X8: N/A | Y8: N/A | Z8: =IFERROR(AVERAGE(V8,Y8),"N/A") -> 4 | AA8: N/A | AB8: N/A | AC8: N/A | AD8: N/A | AE8: N/A | AF8: N/A | AG8: N/A | AH8: N/A | AI8: N/A | AJ8: N/A | AK8: N/A | AL8: N/A | AM8: =IFERROR(AVERAGE(AC8,AF8,AI8,AL8),"N/A") -> N/A | AN8: N/A | AO8: N/A | AP8: N/A | AQ8: 136 | AR8: medium | AS8: 3 | AT8: =IFERROR(AVERAGE(AP8,AS8),"N/A") -> 3 | AU8: N/A | AV8: N/A | AW8: N/A | AX8: Meets | AY8: medium | AZ8: 3 | BA8: 446 | BB8: low | BC8: 4 | BD8: =IFERROR(AVERAGE(AW8,AZ8,BC8),"N/A") -> 3.5 | BE8: 82 | BF8: low | BG8: 4 | BH8: N/A | BI8: N/A | BJ8: N/A | BK8: =IFERROR(AVERAGE(BG8,BJ8),"N/A") -> 4 | BL8: 10 | BM8: veryHigh | BN8: 1 | BO8: 66.6 | BP8: medium | BQ8: 3 | BR8: =IFERROR(AVERAGE(BN8,BQ8),"N/A") -> 2 | BS8: 130 | BT8: low | BU8: 4 | BV8: 0.0302 | BW8: low | BX8: 4 | BY8: N/A | BZ8: N/A | CA8: N/A | CB8: =IFERROR(AVERAGE(BU8,BX8,CA8),"N/A") -> 4 | CC8: N/A | CD8: N/A | CE8: N/A | CF8: 4 | CG8: veryHigh | CH8: 1 | CI8: 1 | CJ8: veryHigh | CK8: 1 | CL8: =IFERROR(AVERAGE(CE8,CH8,CK8),"N/A") -> 1
A9: Bangladesh | B9: BD | C9: 0.661 | D9: high | E9: 2 | F9: 0.0647 | G9: medium | H9: 3 | I9: 51,6% | J9: veryHigh | K9: 1 | L9: =IFERROR(AVERAGE(E9,H9,K9),"N/A") -> 2 | M9: 5 | N9: veryHigh | O9: 1 | P9: 0.04 | Q9: medium | R9: 3 | S9: =IFERROR(AVERAGE(O9,R9),"N/A") -> 2 | T9: 131 | U9: high | V9: 2 | W9: 0.062 | X9: medium | Y9: 3 | Z9: =IFERROR(AVERAGE(V9,Y9),"N/A") -> 2.5 | AA9: 0.092 | AB9: medium | AC9: 3 | AD9: 0.07 | AE9: medium | AF9: 3 | AG9: 0.83 | AH9: medium | AI9: 3 | AJ9: 0.64 | AK9: medium | AL9: 3 | AM9: =IFERROR(AVERAGE(AC9,AF9,AI9,AL9),"N/A") -> 3 | AN9: NotIdentifiedinAgriculture | AO9: medium | AP9: 3 | AQ9: 92 | AR9: medium | AS9: 3 | AT9: =IFERROR(AVERAGE(AP9,AS9),"N/A") -> 3 | AU9: 0.42 | AV9: high | AW9: 2 | AX9: PartiallyMeets | AY9: high | AZ9: 2 | BA9: 2012646 | BB9: veryHigh | BC9: 1 | BD9: =IFERROR(AVERAGE(AW9,AZ9,BC9),"N/A") -> 1.6666667 | BE9: 56 | BF9: medium | BG9: 3 | BH9: 4 | BI9: veryHigh | BJ9: 1 | BK9: =IFERROR(AVERAGE(BG9,BJ9),"N/A") -> 2 | BL9: 24 | BM9: high | BN9: 2 | BO9: 84.5 | BP9: high | BQ9: 2 | BR9: =IFERROR(AVERAGE(BN9,BQ9),"N/A") -> 2 | BS9: 13 | BT9: high | BU9: 2 | BV9: -0.0003 | BW9: medium | BX9: 3 | BY9: -0.5 | BZ9: medium | CA9: 3 | CB9: =IFERROR(AVERAGE(BU9,BX9,CA9),"N/A") -> 2.6666667 | CC9: 65 | CD9: veryHigh | CE9: 1 | CF9: 0 | CG9: low | CH9: 4 | CI9: 0.33 | CJ9: medium | CK9: 3 | CL9: =IFERROR(AVERAGE(CE9,CH9,CK9),"N/A") -> 2.6666667
A10: Belgium | B10: BE | C10: 0.937 | D10: low | E10: 4 | F10: N/A | G10: N/A | H10: N/A | I10: 0,1% | J10: low | K10: 4 | L10: =IFERROR(AVERAGE(E10,H10,K10),"N/A") -> 4 | M10: 3 | N10: medium | O10: 3 | P10: N/A | Q10: N/A | R10: N/A | S10: =IFERROR(AVERAGE(O10,R10),"N/A") -> 3 | T10: 10 | U10: low | V10: 4 | W10: N/A | X10: N/A | Y10: N/A | Z10: =IFERROR(AVERAGE(V10,Y10),"N/A") -> 4 | AA10: N/A | AB10: N/A | AC10: N/A | AD10: N/A | AE10: N/A | AF10: N/A | AG10: N/A | AH10: N/A | AI10: N/A | AJ10: N/A | AK10: N/A | AL10: N/A | AM10: =IFERROR(AVERAGE(AC10,AF10,AI10,AL10),"N/A") -> N/A | AN10: N/A | AO10: N/A | AP10: N/A | AQ10: 135 | AR10: medium | AS10: 3 | AT10: =IFERROR(AVERAGE(AP10,AS10),"N/A") -> 3 | AU10: 0.8 | AV10: low | AW10: 4 | AX10: Meets | AY10: medium | AZ10: 3 | BA10: 105050 | BB10: high | BC10: 2 | BD10: =IFERROR(AVERAGE(AW10,AZ10,BC10),"N/A") -> 3 | BE10: N/A | BF10: N/A | BG10: N/A | BH10: N/A | BI10: N/A | BJ10: N/A | BK10: =IFERROR(AVERAGE(BG10,BJ10),"N/A") -> N/A | BL10: 57 | BM10: low | BN10: 4 | BO10: 31.9 | BP10: low | BQ10: 4 | BR10: =IFERROR(AVERAGE(BN10,BQ10),"N/A") -> 4 | BS10: 64 | BT10: medium | BU10: 3 | BV10: -0.0001 | BW10: medium | BX10: 3 | BY10: -0.1 | BZ10: medium | CA10: 3 | CB10: =IFERROR(AVERAGE(BU10,BX10,CA10),"N/A") -> 3 | CC10: 11 | CD10: medium | CE10: 3 | CF10: 3 | CG10: high | CH10: 2 | CI10: 0.1 | CJ10: low | CK10: 4 | CL10: =IFERROR(AVERAGE(CE10,CH10,CK10),"N/A") -> 3
A11: Belize | B11: BZ | C11: 0.683 | D11: high | E11: 2 | F11: 0.0063 | G11: low | H11: 4 | I11: 37,0% | J11: high | K11: 2 | L11: =IFERROR(AVERAGE(E11,H11,K11),"N/A") -> 2.6666667 | M11: 3 | N11: medium | O11: 3 | P11: 0.134 | Q11: high | R11: 2 | S11: =IFERROR(AVERAGE(O11,R11),"N/A") -> 2.5 | T11: 86 | U11: medium | V11: 3 | W11: 0.093 | X11: medium | Y11: 3 | Z11: =IFERROR(AVERAGE(V11,Y11),"N/A") -> 3 | AA11: 0.016 | AB11: low | AC11: 4 | AD11: 0.03 | AE11: low | AF11: 4 | AG11: 0.95 | AH11: low | AI11: 4 | AJ11: 0.49 | AK11: high | AL11: 2 | AM11: =IFERROR(AVERAGE(AC11,AF11,AI11,AL11),"N/A") -> 3.5 | AN11: N/A | AO11: N/A | AP11: N/A | AQ11: N/A | AR11: N/A | AS11: N/A | AT11: =IFERROR(AVERAGE(AP11,AS11),"N/A") -> N/A | AU11: 0.52 | AV11: medium | AW11: 3 | AX11: PartiallyMeets | AY11: high | AZ11: 2 | BA11: 5553 | BB11: medium | BC11: 3 | BD11: =IFERROR(AVERAGE(AW11,AZ11,BC11),"N/A") -> 2.6666667 | BE11: N/A | BF11: N/A | BG11: N/A | BH11: 3.9 | BI11: veryHigh | BJ11: 1 | BK11: =IFERROR(AVERAGE(BG11,BJ11),"N/A") -> 1 | BL11: 53 | BM11: low | BN11: 4 | BO11: 62.1 | BP11: medium | BQ11: 3 | BR11: =IFERROR(AVERAGE(BN11,BQ11),"N/A") -> 3.5 | BS11: 130 | BT11: low | BU11: 4 | BV11: -0.0085 | BW11: veryHigh | BX11: 1 | BY11: -11.4 | BZ11: medium | CA11: 3 | CB11: =IFERROR(AVERAGE(BU11,BX11,CA11),"N/A") -> 2.6666667 | CC11: 81 | CD11: veryHigh | CE11: 1 | CF11: 0 | CG11: low | CH11: 4 | CI11: 0 | CJ11: low | CK11: 4 | CL11: =IFERROR(AVERAGE(CE11,CH11,CK11),"N/A") -> 3
A12: Benin | B12: BJ | C12: 0.525 | D12: veryHigh | E12: 1 | F12: 0.409 | G12: high | H12: 2 | I12: 53,2% | J12: veryHigh | K12: 1 | L12: =IFERROR(AVERAGE(E12,H12,K12),"N/A") -> 1.3333333 | M12: 4 | N12: high | O12: 2 | P12: 0.373 | Q12: high | R12: 2 | S12: =IFERROR(AVERAGE(O12,R12),"N/A") -> 2 | T12: 152 | U12: high | V12: 2 | W12: 0.289 | X12: high | Y12: 2 | Z12: =IFERROR(AVERAGE(V12,Y12),"N/A") -> 2 | AA12: 0.247 | AB12: high | AC12: 2 | AD12: 0.25 | AE12: veryHigh | AF12: 1 | AG12: 0.41 | AH12: veryHigh | AI12: 1 | AJ12: 0.12 | AK12: veryHigh | AL12: 1 | AM12: =IFERROR(AVERAGE(AC12,AF12,AI12,AL12),"N/A") -> 1.25 | AN12: Yes | AO12: veryHigh | AP12: 1 | AQ12: 66 | AR12: high | AS12: 2 | AT12: =IFERROR(AVERAGE(AP12,AS12),"N/A") -> 1.5 | AU12: 0.69 | AV12: medium | AW12: 3 | AX12: N/A | AY12: N/A | AZ12: N/A | BA12: 2242 | BB12: low | BC12: 4 | BD12: =IFERROR(AVERAGE(AW12,AZ12,BC12),"N/A") -> 3.5 | BE12: 99 | BF12: low | BG12: 4 | BH12: N/A | BI12: N/A | BJ12: N/A | BK12: =IFERROR(AVERAGE(BG12,BJ12),"N/A") -> 4 | BL12: 42 | BM12: medium | BN12: 3 | BO12: 72.5 | BP12: medium | BQ12: 3 | BR12: =IFERROR(AVERAGE(BN12,BQ12),"N/A") -> 3 | BS12: 130 | BT12: low | BU12: 4 | BV12: -0.0147 | BW12: veryHigh | BX12: 1 | BY12: -50 | BZ12: medium | CA12: 3 | CB12: =IFERROR(AVERAGE(BU12,BX12,CA12),"N/A") -> 2.6666667 | CC12: 53 | CD12: veryHigh | CE12: 1 | CF12: 0 | CG12: low | CH12: 4 | CI12: 0 | CJ12: low | CK12: 4 | CL12: =IFERROR(AVERAGE(CE12,CH12,CK12),"N/A") -> 3
A13: Bolivia | B13: BO | C13: 0.692 | D13: high | E13: 2 | F13: 0.019 | G13: low | H13: 4 | I13: 6,2% | J13: medium | K13: 3 | L13: =IFERROR(AVERAGE(E13,H13,K13),"N/A") -> 3 | M13: 3 | N13: medium | O13: 3 | P13: 0.044 | Q13: medium | R13: 3 | S13: =IFERROR(AVERAGE(O13,R13),"N/A") -> 3 | T13: 99 | U13: medium | V13: 3 | W13: 0.044 | X13: medium | Y13: 3 | Z13: =IFERROR(AVERAGE(V13,Y13),"N/A") -> 3 | AA13: 0.154 | AB13: high | AC13: 2 | AD13: 0.14 | AE13: medium | AF13: 3 | AG13: 0.86 | AH13: medium | AI13: 3 | AJ13: 0.76 | AK13: medium | AL13: 3 | AM13: =IFERROR(AVERAGE(AC13,AF13,AI13,AL13),"N/A") -> 2.75 | AN13: Yes | AO13: veryHigh | AP13: 1 | AQ13: 129 | AR13: medium | AS13: 3 | AT13: =IFERROR(AVERAGE(AP13,AS13),"N/A") -> 2 | AU13: 0.39 | AV13: high | AW13: 2 | AX13: PartiallyMeets | AY13: high | AZ13: 2 | BA13: 22172 | BB13: medium | BC13: 3 | BD13: =IFERROR(AVERAGE(AW13,AZ13,BC13),"N/A") -> 2.3333333 | BE13: 74 | BF13: low | BG13: 4 | BH13: 1.4 | BI13: low | BJ13: 4 | BK13: =IFERROR(AVERAGE(BG13,BJ13),"N/A") -> 4 | BL13: 39 | BM13: medium | BN13: 3 | BO13: 73.4 | BP13: medium | BQ13: 3 | BR13: =IFERROR(AVERAGE(BN13,BQ13),"N/A") -> 3 | BS13: 10 | BT13: veryHigh | BU13: 1 | BV13: -0.0043 | BW13: high | BX13: 2 | BY13: -225.2 | BZ13: high | CA13: 2 | CB13: =IFERROR(AVERAGE(BU13,BX13,CA13),"N/A") -> 1.6666667 | CC13: 18 | CD13: medium | CE13: 3 | CF13: 1 | CG13: medium | CH13: 3 | CI13: 0.28 | CJ13: medium | CK13: 3 | CL13: =IFERROR(AVERAGE(CE13,CH13,CK13),"N/A") -> 3
A14: Bosnia and Herzegovina | B14: BA | C14: 0.78 | D14: medium | E14: 3 | F14: N/A | G14: N/A | H14: N/A | I14: 1,0% | J14: low | K14: 4 | L14: =IFERROR(AVERAGE(E14,H14,K14),"N/A") -> 3.5 | M14: 3 | N14: medium | O14: 3 | P14: 0.0001 | Q14: low | R14: 4 | S14: =IFERROR(AVERAGE(O14,R14),"N/A") -> 3.5 | T14: 38 | U14: low | V14: 4 | W14: 0 | X14: low | Y14: 4 | Z14: =IFERROR(AVERAGE(V14,Y14),"N/A") -> 4 | AA14: 0.089 | AB14: medium | AC14: 3 | AD14: N/A | AE14: N/A | AF14: N/A | AG14: 0.99 | AH14: low | AI14: 4 | AJ14: 0.96 | AK14: low | AL14: 4 | AM14: =IFERROR(AVERAGE(AC14,AF14,AI14,AL14),"N/A") -> 3.6666667 | AN14: N/A | AO14: N/A | AP14: N/A | AQ14: 98 | AR14: medium | AS14: 3 | AT14: =IFERROR(AVERAGE(AP14,AS14),"N/A") -> 3 | AU14: 0.6 | AV14: medium | AW14: 3 | AX14: FullyMeets | AY14: low | AZ14: 4 | BA14: 99147 | BB14: high | BC14: 2 | BD14: =IFERROR(AVERAGE(AW14,AZ14,BC14),"N/A") -> 3 | BE14: 41 | BF14: high | BG14: 2 | BH14: N/A | BI14: N/A | BJ14: N/A | BK14: =IFERROR(AVERAGE(BG14,BJ14),"N/A") -> 2 | BL14: 34 | BM14: high | BN14: 2 | BO14: 73 | BP14: medium | BQ14: 3 | BR14: =IFERROR(AVERAGE(BN14,BQ14),"N/A") -> 2.5 | BS14: 48 | BT14: high | BU14: 2 | BV14: 0.4 | BW14: low | BX14: 4 | BY14: 8.5 | BZ14: low | CA14: 4 | CB14: =IFERROR(AVERAGE(BU14,BX14,CA14),"N/A") -> 3.3333333 | CC14: 4 | CD14: low | CE14: 4 | CF14: 1 | CG14: medium | CH14: 3 | CI14: 0 | CJ14: low | CK14: 4 | CL14: =IFERROR(AVERAGE(CE14,CH14,CK14),"N/A") -> 3.6666667
A15: Brazil | B15: BR | C15: 0.754 | D15: medium | E15: 3 | F15: 0.009 | G15: low | H15: 4 | I15: 5,3% | J15: medium | K15: 3 | L15: =IFERROR(AVERAGE(E15,H15,K15),"N/A") -> 3.3333333 | M15: 5 | N15: veryHigh | O15: 1 | P15: 0.018 | Q15: low | R15: 4 | S15: =IFERROR(AVERAGE(O15,R15),"N/A") -> 2.5 | T15: 94 | U15: medium | V15: 3 | W15: 0.02 | X15: low | Y15: 4 | Z15: =IFERROR(AVERAGE(V15,Y15),"N/A") -> 3.5 | AA15: 0.021 | AB15: low | AC15: 4 | AD15: 0.05 | AE15: medium | AF15: 3 | AG15: 0.92 | AH15: low | AI15: 4 | AJ15: 0.74 | AK15: medium | AL15: 3 | AM15: =IFERROR(AVERAGE(AC15,AF15,AI15,AL15),"N/A") -> 3.5 | AN15: N/A | AO15: N/A | AP15: N/A | AQ15: 142 | AR15: low | AS15: 4 | AT15: =IFERROR(AVERAGE(AP15,AS15),"N/A") -> 4 | AU15: 0.48 | AV15: high | AW15: 2 | AX15: Meets | AY15: medium | AZ15: 3 | BA15: 463789 | BB15: high | BC15: 2 | BD15: =IFERROR(AVERAGE(AW15,AZ15,BC15),"N/A") -> 2.3333333 | BE15: N/A | BF15: N/A | BG15: N/A | BH15: 1.8 | BI15: low | BJ15: 4 | BK15: =IFERROR(AVERAGE(BG15,BJ15),"N/A") -> 4 | BL15: 42 | BM15: medium | BN15: 3 | BO15: 73.9 | BP15: medium | BQ15: 3 | BR15: =IFERROR(AVERAGE(BN15,BQ15),"N/A") -> 3 | BS15: 27 | BT15: high | BU15: 2 | BV15: -0.003 | BW15: high | BX15: 2 | BY15: -1496.1 | BZ15: veryHigh | CA15: 1 | CB15: =IFERROR(AVERAGE(BU15,BX15,CA15),"N/A") -> 1.6666667 | CC15: 27 | CD15: high | CE15: 2 | CF15: 0 | CG15: low | CH15: 4 | CI15: 0.31 | CJ15: medium | CK15: 3 | CL15: =IFERROR(AVERAGE(CE15,CH15,CK15),"N/A") -> 3
A16: Bulgaria | B16: BG | C16: 0.795 | D16: medium | E16: 3 | F16: N/A | G16: N/A | H16: N/A | I16: 2,8% | J16: low | K16: 4 | L16: =IFERROR(AVERAGE(E16,H16,K16),"N/A") -> 3.5 | M16: 3 | N16: medium | O16: 3 | P16: N/A | Q16: N/A | R16: N/A | S16: =IFERROR(AVERAGE(O16,R16),"N/A") -> 3 | T16: 52 | U16: low | V16: 4 | W16: N/A | X16: N/A | Y16: N/A | Z16: =IFERROR(AVERAGE(V16,Y16),"N/A") -> 4 | AA16: N/A | AB16: N/A | AC16: N/A | AD16: N/A | AE16: N/A | AF16: N/A | AG16: N/A | AH16: N/A | AI16: N/A | AJ16: N/A | AK16: N/A | AL16: N/A | AM16: =IFERROR(AVERAGE(AC16,AF16,AI16,AL16),"N/A") -> N/A | AN16: N/A | AO16: N/A | AP16: N/A | AQ16: 78 | AR16: high | AS16: 2 | AT16: =IFERROR(AVERAGE(AP16,AS16),"N/A") -> 2 | AU16: 0.58 | AV16: medium | AW16: 3 | AX16: FullyMeets | AY16: low | AZ16: 4 | BA16: 31497 | BB16: medium | BC16: 3 | BD16: =IFERROR(AVERAGE(AW16,AZ16,BC16),"N/A") -> 3.3333333 | BE16: N/A | BF16: N/A | BG16: N/A | BH16: N/A | BI16: N/A | BJ16: N/A | BK16: =IFERROR(AVERAGE(BG16,BJ16),"N/A") -> N/A | BL16: 46 | BM16: medium | BN16: 3 | BO16: 51.6 | BP16: medium | BQ16: 3 | BR16: =IFERROR(AVERAGE(BN16,BQ16),"N/A") -> 3 | BS16: 119 | BT16: low | BU16: 4 | BV16: 0.0041 | BW16: low | BX16: 4 | BY16: 15.6 | BZ16: low | CA16: 4 | CB16: =IFERROR(AVERAGE(BU16,BX16,CA16),"N/A") -> 4 | CC16: N/A | CD16: N/A | CE16: N/A | CF16: 2 | CG16: medium | CH16: 3 | CI16: 0 | CJ16: low | CK16: 4 | CL16: =IFERROR(AVERAGE(CE16,CH16,CK16),"N/A") -> 3.5
A17: Burkina Faso | B17: BF | C17: 0.449 | D17: veryHigh | E17: 1 | F17: N/A | G17: N/A | H17: N/A | I17: 59,8% | J17: veryHigh | K17: 1 | L17: =IFERROR(AVERAGE(E17,H17,K17),"N/A") -> 1 | M17: 4 | N17: high | O17: 2 | P17: 0.312 | Q17: high | R17: 2 | S17: =IFERROR(AVERAGE(O17,R17),"N/A") -> 2 | T17: 157 | U17: veryHigh | V17: 1 | W17: 0.325 | X17: high | Y17: 2 | Z17: =IFERROR(AVERAGE(V17,Y17),"N/A") -> 1.5 | AA17: 0.357 | AB17: veryHigh | AC17: 1 | AD17: 0.42 | AE17: veryHigh | AF17: 1 | AG17: 0.21 | AH17: veryHigh | AI17: 1 | AJ17: 0.03 | AK17: veryHigh | AL17: 1 | AM17: =IFERROR(AVERAGE(AC17,AF17,AI17,AL17),"N/A") -> 1 | AN17: Yes | AO17: veryHigh | AP17: 1 | AQ17: 76 | AR17: high | AS17: 2 | AT17: =IFERROR(AVERAGE(AP17,AS17),"N/A") -> 1.5 | AU17: 0.67 | AV17: medium | AW17: 3 | AX17: FullyMeets | AY17: low | AZ17: 4 | BA17: 1614399 | BB17: veryHigh | BC17: 1 | BD17: =IFERROR(AVERAGE(AW17,AZ17,BC17),"N/A") -> 2.6666667 | BE17: 38 | BF17: high | BG17: 2 | BH17: 1.4 | BI17: low | BJ17: 4 | BK17: =IFERROR(AVERAGE(BG17,BJ17),"N/A") -> 3 | BL17: 30 | BM17: high | BN17: 2 | BO17: 90.5 | BP17: veryHigh | BQ17: 1 | BR17: =IFERROR(AVERAGE(BN17,BQ17),"N/A") -> 1.5 | BS17: 130 | BT17: low | BU17: 4 | BV17: -0.0077 | BW17: veryHigh | BX17: 1 | BY17: -50 | BZ17: medium | CA17: 3 | CB17: =IFERROR(AVERAGE(BU17,BX17,CA17),"N/A") -> 2.6666667 | CC17: 19 | CD17: medium | CE17: 3 | CF17: 3 | CG17: high | CH17: 2 | CI17: 0.42 | CJ17: high | CK17: 2 | CL17: =IFERROR(AVERAGE(CE17,CH17,CK17),"N/A") -> 2.3333333
A18: Burundi | B18: BI | C18: 0.426 | D18: veryHigh | E18: 1 | F18: 0.461 | G18: high | H18: 2 | I18: 86,7% | J18: veryHigh | K18: 1 | L18: =IFERROR(AVERAGE(E18,H18,K18),"N/A") -> 1.3333333 | M18: 5 | N18: veryHigh | O18: 1 | P18: 0.794 | Q18: veryHigh | R18: 1 | S18: =IFERROR(AVERAGE(O18,R18),"N/A") -> 1 | T18: 127 | U18: high | V18: 2 | W18: 0.7901 | X18: veryHigh | Y18: 1 | Z18: =IFERROR(AVERAGE(V18,Y18),"N/A") -> 1.5 | AA18: 0.332 | AB18: veryHigh | AC18: 1 | AD18: 0.31 | AE18: veryHigh | AF18: 1 | AG18: 0.47 | AH18: veryHigh | AI18: 1 | AJ18: 0.19 | AK18: veryHigh | AL18: 1 | AM18: =IFERROR(AVERAGE(AC18,AF18,AI18,AL18),"N/A") -> 1 | AN18: N/A | AO18: N/A | AP18: N/A | AQ18: 3 | AR18: veryHigh | AS18: 1 | AT18: =IFERROR(AVERAGE(AP18,AS18),"N/A") -> 1 | AU18: N/A | AV18: N/A | AW18: N/A | AX18: N/A | AY18: N/A | AZ18: N/A | BA18: 107146 | BB18: high | BC18: 2 | BD18: =IFERROR(AVERAGE(AW18,AZ18,BC18),"N/A") -> 2 | BE18: 19 | BF18: veryHigh | BG18: 1 | BH18: N/A | BI18: N/A | BJ18: N/A | BK18: =IFERROR(AVERAGE(BG18,BJ18),"N/A") -> 1 | BL18: 10 | BM18: veryHigh | BN18: 1 | BO18: 95.1 | BP18: veryHigh | BQ18: 1 | BR18: =IFERROR(AVERAGE(BN18,BQ18),"N/A") -> 1 | BS18: 57 | BT18: medium | BU18: 3 | BV18: 0.0373 | BW18: low | BX18: 4 | BY18: 8.6 | BZ18: low | CA18: 4 | CB18: =IFERROR(AVERAGE(BU18,BX18,CA18),"N/A") -> 3.6666667 | CC18: 29 | CD18: high | CE18: 2 | CF18: 0 | CG18: low | CH18: 4 | CI18: 0.34 | CJ18: medium | CK18: 3 | CL18: =IFERROR(AVERAGE(CE18,CH18,CK18),"N/A") -> 3
A19: Cameroon | B19: CM | C19: 0.576 | D19: high | E19: 2 | F19: 0.246 | G19: medium | H19: 3 | I19: 47,0% | J19: veryHigh | K19: 1 | L19: =IFERROR(AVERAGE(E19,H19,K19),"N/A") -> 2 | M19: 4 | N19: high | O19: 2 | P19: 0.213 | Q19: high | R19: 2 | S19: =IFERROR(AVERAGE(O19,R19),"N/A") -> 2 | T19: 148 | U19: high | V19: 2 | W19: 0.222 | X19: high | Y19: 2 | Z19: =IFERROR(AVERAGE(V19,Y19),"N/A") -> 2 | AA19: 0.437 | AB19: veryHigh | AC19: 1 | AD19: 0.39 | AE19: veryHigh | AF19: 1 | AG19: 0.58 | AH19: high | AI19: 2 | AJ19: 0.27 | AK19: veryHigh | AL19: 1 | AM19: =IFERROR(AVERAGE(AC19,AF19,AI19,AL19),"N/A") -> 1.25 | AN19: N/A | AO19: N/A | AP19: N/A | AQ19: 44 | AR19: high | AS19: 2 | AT19: =IFERROR(AVERAGE(AP19,AS19),"N/A") -> 2 | AU19: 0.46 | AV19: high | AW19: 2 | AX19: PartiallyMeets | AY19: high | AZ19: 2 | BA19: 1399608 | BB19: veryHigh | BC19: 1 | BD19: =IFERROR(AVERAGE(AW19,AZ19,BC19),"N/A") -> 1.6666667 | BE19: 16 | BF19: veryHigh | BG19: 1 | BH19: 2.9 | BI19: medium | BJ19: 3 | BK19: =IFERROR(AVERAGE(BG19,BJ19),"N/A") -> 2 | BL19: 9 | BM19: veryHigh | BN19: 1 | BO19: 96 | BP19: veryHigh | BQ19: 1 | BR19: =IFERROR(AVERAGE(BN19,BQ19),"N/A") -> 1 | BS19: 68 | BT19: medium | BU19: 3 | BV19: -0.0027 | BW19: high | BX19: 2 | BY19: -56 | BZ19: medium | CA19: 3 | CB19: =IFERROR(AVERAGE(BU19,BX19,CA19),"N/A") -> 2.6666667 | CC19: 0 | CD19: low | CE19: 4 | CF19: 0 | CG19: low | CH19: 4 | CI19: 0.09 | CJ19: low | CK19: 4 | CL19: =IFERROR(AVERAGE(CE19,CH19,CK19),"N/A") -> 4
A20: Canada | B20: CA | C20: 0.936 | D20: low | E20: 4 | F20: N/A | G20: N/A | H20: N/A | I20: 0,5% | J20: low | K20: 4 | L20: =IFERROR(AVERAGE(E20,H20,K20),"N/A") -> 4 | M20: 3 | N20: medium | O20: 3 | P20: N/A | Q20: N/A | R20: N/A | S20: =IFERROR(AVERAGE(O20,R20),"N/A") -> 3 | T20: 17 | U20: low | V20: 4 | W20: N/A | X20: N/A | Y20: N/A | Z20: =IFERROR(AVERAGE(V20,Y20),"N/A") -> 4 | AA20: N/A | AB20: N/A | AC20: N/A | AD20: N/A | AE20: N/A | AF20: N/A | AG20: N/A | AH20: N/A | AI20: N/A | AJ20: N/A | AK20: N/A | AL20: N/A | AM20: =IFERROR(AVERAGE(AC20,AF20,AI20,AL20),"N/A") -> N/A | AN20: N/A | AO20: N/A | AP20: N/A | AQ20: 166 | AR20: low | AS20: 4 | AT20: =IFERROR(AVERAGE(AP20,AS20),"N/A") -> 4 | AU20: 0.65 | AV20: medium | AW20: 3 | AX20: FullyMeets | AY20: low | AZ20: 4 | BA20: 197555 | BB20: high | BC20: 2 | BD20: =IFERROR(AVERAGE(AW20,AZ20,BC20),"N/A") -> 3 | BE20: N/A | BF20: N/A | BG20: N/A | BH20: 2.6 | BI20: medium | BJ20: 3 | BK20: =IFERROR(AVERAGE(BG20,BJ20),"N/A") -> 3 | BL20: 58 | BM20: low | BN20: 4 | BO20: 20.1 | BP20: low | BQ20: 4 | BR20: =IFERROR(AVERAGE(BN20,BQ20),"N/A") -> 4 | BS20: 62 | BT20: medium | BU20: 3 | BV20: -0.0001 | BW20: medium | BX20: 3 | BY20: -39.4 | BZ20: medium | CA20: 3 | CB20: =IFERROR(AVERAGE(BU20,BX20,CA20),"N/A") -> 3 | CC20: N/A | CD20: N/A | CE20: N/A | CF20: 0 | CG20: low | CH20: 4 | CI20: 0.18 | CJ20: medium | CK20: 3 | CL20: =IFERROR(AVERAGE(CE20,CH20,CK20),"N/A") -> 3.5
A21: Cayman Islands | B21: KY | C21: N/A | D21: N/A | E21: N/A | F21: N/A | G21: N/A | H21: N/A | I21: N/A | J21: N/A | K21: N/A | L21: =IFERROR(AVERAGE(E21,H21,K21),"N/A") -> N/A | M21: N/A | N21: N/A | O21: N/A | P21: N/A | Q21: N/A | R21: N/A | S21: =IFERROR(AVERAGE(O21,R21),"N/A") -> N/A | T21: N/A | U21: N/A | V21: N/A | W21: N/A | X21: N/A | Y21: N/A | Z21: =IFERROR(AVERAGE(V21,Y21),"N/A") -> N/A | AA21: N/A | AB21: N/A | AC21: N/A | AD21: N/A | AE21: N/A | AF21: N/A | AG21: N/A | AH21: N/A | AI21: N/A | AJ21: N/A | AK21: N/A | AL21: N/A | AM21: =IFERROR(AVERAGE(AC21,AF21,AI21,AL21),"N/A") -> N/A | AN21: N/A | AO21: N/A | AP21: N/A | AQ21: N/A | AR21: N/A | AS21: N/A | AT21: =IFERROR(AVERAGE(AP21,AS21),"N/A") -> N/A | AU21: N/A | AV21: N/A | AW21: N/A | AX21: N/A | AY21: N/A | AZ21: N/A | BA21: 179 | BB21: low | BC21: 4 | BD21: =IFERROR(AVERAGE(AW21,AZ21,BC21),"N/A") -> 4 | BE21: N/A | BF21: N/A | BG21: N/A | BH21: N/A | BI21: N/A | BJ21: N/A | BK21: =IFERROR(AVERAGE(BG21,BJ21),"N/A") -> N/A | BL21: N/A | BM21: N/A | BN21: N/A | BO21: N/A | BP21: N/A | BQ21: N/A | BR21: =IFERROR(AVERAGE(BN21,BQ21),"N/A") -> N/A | BS21: N/A | BT21: N/A | BU21: N/A | BV21: 0 | BW21: low | BX21: 4 | BY21: 0 | BZ21: low | CA21: 4 | CB21: =IFERROR(AVERAGE(BU21,BX21,CA21),"N/A") -> 4 | CC21: N/A | CD21: N/A | CE21: N/A | CF21: N/A | CG21: N/A | CH21: N/A | CI21: N/A | CJ21: N/A | CK21: N/A | CL21: =IFERROR(AVERAGE(CE21,CH21,CK21),"N/A") -> N/A
A22: Chile | B22: CL | C22: 0.855 | D22: low | E22: 4 | F22: N/A | G22: N/A | H22: N/A | I22: 1,7% | J22: low | K22: 4 | L22: =IFERROR(AVERAGE(E22,H22,K22),"N/A") -> 4 | M22: 4 | N22: high | O22: 2 | P22: 0.001 | Q22: low | R22: 4 | S22: =IFERROR(AVERAGE(O22,R22),"N/A") -> 3 | T22: 47 | U22: low | V22: 4 | W22: 0.0015 | X22: low | Y22: 4 | Z22: =IFERROR(AVERAGE(V22,Y22),"N/A") -> 4 | AA22: 0.038 | AB22: low | AC22: 4 | AD22: 0.06 | AE22: medium | AF22: 3 | AG22: 0.96 | AH22: low | AI22: 4 | AJ22: 0.95 | AK22: low | AL22: 4 | AM22: =IFERROR(AVERAGE(AC22,AF22,AI22,AL22),"N/A") -> 3.75 | AN22: N/A | AO22: N/A | AP22: N/A | AQ22: 162 | AR22: low | AS22: 4 | AT22: =IFERROR(AVERAGE(AP22,AS22),"N/A") -> 4 | AU22: 0.57 | AV22: medium | AW22: 3 | AX22: FullyMeets | AY22: low | AZ22: 4 | BA22: 624868 | BB22: veryHigh | BC22: 1 | BD22: =IFERROR(AVERAGE(AW22,AZ22,BC22),"N/A") -> 2.6666667 | BE22: N/A | BF22: N/A | BG22: N/A | BH22: 2.4 | BI22: medium | BJ22: 3 | BK22: =IFERROR(AVERAGE(BG22,BJ22),"N/A") -> 3 | BL22: 56 | BM22: low | BN22: 4 | BO22: 43.2 | BP22: low | BQ22: 4 | BR22: =IFERROR(AVERAGE(BN22,BQ22),"N/A") -> 4 | BS22: 25 | BT22: high | BU22: 2 | BV22: 0.0085 | BW22: low | BX22: 4 | BY22: 148.5 | BZ22: low | CA22: 4 | CB22: =IFERROR(AVERAGE(BU22,BX22,CA22),"N/A") -> 3.3333333 | CC22: 1 | CD22: low | CE22: 4 | CF22: 3 | CG22: high | CH22: 2 | CI22: 0.52 | CJ22: high | CK22: 2 | CL22: =IFERROR(AVERAGE(CE22,CH22,CK22),"N/A") -> 2.6666667
A23: China | B23: CN | C23: 0.768 | D23: medium | E23: 3 | F23: N/A | G23: N/A | H23: N/A | I23: 3,0% | J23: low | K23: 4 | L23: =IFERROR(AVERAGE(E23,H23,K23),"N/A") -> 3.5 | M23: 5 | N23: veryHigh | O23: 1 | P23: 0.002 | Q23: low | R23: 4 | S23: =IFERROR(AVERAGE(O23,R23),"N/A") -> 2.5 | T23: 48 | U23: low | V23: 4 | W23: 0.002 | X23: low | Y23: 4 | Z23: =IFERROR(AVERAGE(V23,Y23),"N/A") -> 4 | AA23: N/A | AB23: N/A | AC23: N/A | AD23: N/A | AE23: N/A | AF23: N/A | AG23: 0.96 | AH23: low | AI23: 4 | AJ23: 0.88 | AK23: low | AL23: 4 | AM23: =IFERROR(AVERAGE(AC23,AF23,AI23,AL23),"N/A") -> 4 | AN23: Yes | AO23: veryHigh | AP23: 1 | AQ23: 111 | AR23: medium | AS23: 3 | AT23: =IFERROR(AVERAGE(AP23,AS23),"N/A") -> 2 | AU23: 0.46 | AV23: high | AW23: 2 | AX23: Meets | AY23: medium | AZ23: 3 | BA23: 304221 | BB23: high | BC23: 2 | BD23: =IFERROR(AVERAGE(AW23,AZ23,BC23),"N/A") -> 2.3333333 | BE23: 42 | BF23: high | BG23: 2 | BH23: 2.3 | BI23: medium | BJ23: 3 | BK23: =IFERROR(AVERAGE(BG23,BJ23),"N/A") -> 2.5 | BL23: 11 | BM23: veryHigh | BN23: 1 | BO23: 66.9 | BP23: medium | BQ23: 3 | BR23: =IFERROR(AVERAGE(BN23,BQ23),"N/A") -> 2 | BS23: 32 | BT23: high | BU23: 2 | BV23: 0.0093 | BW23: low | BX23: 4 | BY23: 1936.8 | BZ23: low | CA23: 4 | CB23: =IFERROR(AVERAGE(BU23,BX23,CA23),"N/A") -> 3.3333333 | CC23: 27 | CD23: high | CE23: 2 | CF23: 2 | CG23: medium | CH23: 3 | CI23: 0.36 | CJ23: medium | CK23: 3 | CL23: =IFERROR(AVERAGE(CE23,CH23,CK23),"N/A") -> 2.6666667
A24: Colombia | B24: CO | C24: 0.752 | D24: medium | E24: 3 | F24: 0.0083 | G24: low | H24: 4 | I24: 21,1% | J24: medium | K24: 3 | L24: =IFERROR(AVERAGE(E24,H24,K24),"N/A") -> 3.3333333 | M24: 5 | N24: veryHigh | O24: 1 | P24: 0.024 | Q24: low | R24: 4 | S24: =IFERROR(AVERAGE(O24,R24),"N/A") -> 2.5 | T24: 102 | U24: medium | V24: 3 | W24: 0.026 | X24: low | Y24: 4 | Z24: =IFERROR(AVERAGE(V24,Y24),"N/A") -> 3.5 | AA24: 0.025 | AB24: low | AC24: 4 | AD24: 0.07 | AE24: medium | AF24: 3 | AG24: 0.87 | AH24: medium | AI24: 3 | AJ24: 0.57 | AK24: high | AL24: 2 | AM24: =IFERROR(AVERAGE(AC24,AF24,AI24,AL24),"N/A") -> 3 | AN24: Yes | AO24: veryHigh | AP24: 1 | AQ24: 113 | AR24: medium | AS24: 3 | AT24: =IFERROR(AVERAGE(AP24,AS24),"N/A") -> 2 | AU24: 0.48 | AV24: high | AW24: 2 | AX24: FullyMeets | AY24: low | AZ24: 4 | BA24: 9880716 | BB24: veryHigh | BC24: 1 | BD24: =IFERROR(AVERAGE(AW24,AZ24,BC24),"N/A") -> 2.3333333 | BE24: 40 | BF24: high | BG24: 2 | BH24: 1.5 | BI24: low | BJ24: 4 | BK24: =IFERROR(AVERAGE(BG24,BJ24),"N/A") -> 3 | BL24: 35 | BM24: medium | BN24: 3 | BO24: 78.4 | BP24: medium | BQ24: 3 | BR24: =IFERROR(AVERAGE(BN24,BQ24),"N/A") -> 3 | BS24: 28 | BT24: high | BU24: 2 | BV24: -0.0028 | BW24: high | BX24: 2 | BY24: -166.6 | BZ24: high | CA24: 2 | CB24: =IFERROR(AVERAGE(BU24,BX24,CA24),"N/A") -> 2 | CC24: 7 | CD24: low | CE24: 4 | CF24: 0 | CG24: low | CH24: 4 | CI24: 0.2 | CJ24: medium | CK24: 3 | CL24: =IFERROR(AVERAGE(CE24,CH24,CK24),"N/A") -> 3.6666667
A25: Congo (Democratic Republic) | B25: CD | C25: 0.479 | D25: veryHigh | E25: 1 | F25: 0.368 | G25: high | H25: 2 | I25: 87,7% | J25: veryHigh | K25: 1 | L25: =IFERROR(AVERAGE(E25,H25,K25),"N/A") -> 1.3333333 | M25: 4 | N25: high | O25: 2 | P25: 0.688 | Q25: veryHigh | R25: 1 | S25: =IFERROR(AVERAGE(O25,R25),"N/A") -> 1.5 | T25: 151 | U25: high | V25: 2 | W25: 0.688 | X25: veryHigh | Y25: 1 | Z25: =IFERROR(AVERAGE(V25,Y25),"N/A") -> 1.5 | AA25: 0.174 | AB25: high | AC25: 2 | AD25: 0.15 | AE25: high | AF25: 2 | AG25: 0.53 | AH25: high | AI25: 2 | AJ25: 0.39 | AK25: high | AL25: 2 | AM25: =IFERROR(AVERAGE(AC25,AF25,AI25,AL25),"N/A") -> 2 | AN25: NotIdentifiedinAgriculture | AO25: medium | AP25: 3 | AQ25: 12 | AR25: veryHigh | AS25: 1 | AT25: =IFERROR(AVERAGE(AP25,AS25),"N/A") -> 2 | AU25: 0.55 | AV25: medium | AW25: 3 | AX25: N/A | AY25: N/A | AZ25: N/A | BA25: 5934206 | BB25: veryHigh | BC25: 1 | BD25: =IFERROR(AVERAGE(AW25,AZ25,BC25),"N/A") -> 2 | BE25: 7 | BF25: veryHigh | BG25: 1 | BH25: N/A | BI25: N/A | BJ25: N/A | BK25: =IFERROR(AVERAGE(BG25,BJ25),"N/A") -> 1 | BL25: 15 | BM25: veryHigh | BN25: 1 | BO25: 107.3 | BP25: veryHigh | BQ25: 1 | BR25: =IFERROR(AVERAGE(BN25,BQ25),"N/A") -> 1 | BS25: 51 | BT25: medium | BU25: 3 | BV25: -0.0083 | BW25: veryHigh | BX25: 1 | BY25: -1101.4 | BZ25: veryHigh | CA25: 1 | CB25: =IFERROR(AVERAGE(BU25,BX25,CA25),"N/A") -> 1.6666667 | CC25: 6 | CD25: low | CE25: 4 | CF25: 0 | CG25: low | CH25: 4 | CI25: 0.01 | CJ25: low | CK25: 4 | CL25: =IFERROR(AVERAGE(CE25,CH25,CK25),"N/A") -> 4
A26: Costa Rica | B26: CR | C26: 0.809 | D26: low | E26: 4 | F26: 0 | G26: low | H26: 4 | I26: 6,0% | J26: low | K26: 4 | L26: =IFERROR(AVERAGE(E26,H26,K26),"N/A") -> 4 | M26: 2 | N26: low | O26: 4 | P26: 0.003 | Q26: low | R26: 4 | S26: =IFERROR(AVERAGE(O26,R26),"N/A") -> 4 | T26: 60 | U26: low | V26: 4 | W26: 0.002 | X26: low | Y26: 4 | Z26: =IFERROR(AVERAGE(V26,Y26),"N/A") -> 4 | AA26: 0.065 | AB26: medium | AC26: 3 | AD26: 0.04 | AE26: low | AF26: 4 | AG26: 0.98 | AH26: low | AI26: 4 | AJ26: 0.68 | AK26: medium | AL26: 3 | AM26: =IFERROR(AVERAGE(AC26,AF26,AI26,AL26),"N/A") -> 3.5 | AN26: N/A | AO26: N/A | AP26: N/A | AQ26: 159 | AR26: low | AS26: 4 | AT26: =IFERROR(AVERAGE(AP26,AS26),"N/A") -> 4 | AU26: 0.69 | AV26: medium | AW26: 3 | AX26: N/A | AY26: N/A | AZ26: N/A | BA26: 186538 | BB26: high | BC26: 2 | BD26: =IFERROR(AVERAGE(AW26,AZ26,BC26),"N/A") -> 2.5 | BE26: N/A | BF26: N/A | BG26: N/A | BH26: 1.9 | BI26: low | BJ26: 4 | BK26: =IFERROR(AVERAGE(BG26,BJ26),"N/A") -> 4 | BL26: 53 | BM26: low | BN26: 4 | BO26: 41 | BP26: low | BQ26: 4 | BR26: =IFERROR(AVERAGE(BN26,BQ26),"N/A") -> 4 | BS26: 130 | BT26: low | BU26: 4 | BV26: 0.0056 | BW26: low | BX26: 4 | BY26: 16.4 | BZ26: low | CA26: 4 | CB26: =IFERROR(AVERAGE(BU26,BX26,CA26),"N/A") -> 4 | CC26: 9 | CD26: low | CE26: 4 | CF26: 0 | CG26: low | CH26: 4 | CI26: 0 | CJ26: low | CK26: 4 | CL26: =IFERROR(AVERAGE(CE26,CH26,CK26),"N/A") -> 4
A27: Cote d'Ivoire | B27: CI | C27: 0.55 | D27: high | E27: 2 | F27: 0.245 | G27: medium | H27: 3 | I27: 39,6% | J27: high | K27: 2 | L27: =IFERROR(AVERAGE(E27,H27,K27),"N/A") -> 2.3333333 | M27: 4 | N27: high | O27: 2 | P27: 0.2 | Q27: high | R27: 2 | S27: =IFERROR(AVERAGE(O27,R27),"N/A") -> 2 | T27: 155 | U27: veryHigh | V27: 1 | W27: 0.23 | X27: high | Y27: 2 | Z27: =IFERROR(AVERAGE(V27,Y27),"N/A") -> 1.5 | AA27: 0.256 | AB27: veryHigh | AC27: 1 | AD27: 0.22 | AE27: high | AF27: 2 | AG27: 0.39 | AH27: veryHigh | AI27: 1 | AJ27: 0.11 | AK27: veryHigh | AL27: 1 | AM27: =IFERROR(AVERAGE(AC27,AF27,AI27,AL27),"N/A") -> 1.25 | AN27: Yes | AO27: veryHigh | AP27: 1 | AQ27: 56 | AR27: high | AS27: 2 | AT27: =IFERROR(AVERAGE(AP27,AS27),"N/A") -> 1.5 | AU27: 0.6 | AV27: medium | AW27: 3 | AX27: FullyMeets | AY27: low | AZ27: 4 | BA27: 935782 | BB27: veryHigh | BC27: 1 | BD27: =IFERROR(AVERAGE(AW27,AZ27,BC27),"N/A") -> 2.6666667 | BE27: 46 | BF27: high | BG27: 2 | BH27: 2.8 | BI27: medium | BJ27: 3 | BK27: =IFERROR(AVERAGE(BG27,BJ27),"N/A") -> 2.5 | BL27: 30 | BM27: high | BN27: 2 | BO27: 89.6 | BP27: high | BQ27: 2 | BR27: =IFERROR(AVERAGE(BN27,BQ27),"N/A") -> 2 | BS27: 129 | BT27: low | BU27: 4 | BV27: -0.0329 | BW27: veryHigh | BX27: 1 | BY27: -112.9 | BZ27: high | CA27: 2 | CB27: =IFERROR(AVERAGE(BU27,BX27,CA27),"N/A") -> 2.3333333 | CC27: 14 | CD27: medium | CE27: 3 | CF27: 0 | CG27: low | CH27: 4 | CI27: 0 | CJ27: low | CK27: 4 | CL27: =IFERROR(AVERAGE(CE27,CH27,CK27),"N/A") -> 3.6666667
A28: Croatia | B28: HR | C28: 0.858 | D28: low | E28: 4 | F28: N/A | G28: N/A | H28: N/A | I28: 1,0% | J28: low | K28: 4 | L28: =IFERROR(AVERAGE(E28,H28,K28),"N/A") -> 4 | M28: 2 | N28: low | O28: 4 | P28: N/A | Q28: N/A | R28: N/A | S28: =IFERROR(AVERAGE(O28,R28),"N/A") -> 4 | T28: 26 | U28: low | V28: 4 | W28: N/A | X28: N/A | Y28: N/A | Z28: =IFERROR(AVERAGE(V28,Y28),"N/A") -> 4 | AA28: N/A | AB28: N/A | AC28: N/A | AD28: N/A | AE28: N/A | AF28: N/A | AG28: N/A | AH28: N/A | AI28: N/A | AJ28: N/A | AK28: N/A | AL28: N/A | AM28: =IFERROR(AVERAGE(AC28,AF28,AI28,AL28),"N/A") -> N/A | AN28: N/A | AO28: N/A | AP28: N/A | AQ28: 54 | AR28: high | AS28: 2 | AT28: =IFERROR(AVERAGE(AP28,AS28),"N/A") -> 2 | AU28: 0.62 | AV28: medium | AW28: 3 | AX28: FullyMeets | AY28: low | AZ28: 4 | BA28: 5018 | BB28: medium | BC28: 3 | BD28: =IFERROR(AVERAGE(AW28,AZ28,BC28),"N/A") -> 3.3333333 | BE28: 109 | BF28: low | BG28: 4 | BH28: N/A | BI28: N/A | BJ28: N/A | BK28: =IFERROR(AVERAGE(BG28,BJ28),"N/A") -> 4 | BL28: 49 | BM28: medium | BN28: 3 | BO28: 49.3 | BP28: low | BQ28: 4 | BR28: =IFERROR(AVERAGE(BN28,BQ28),"N/A") -> 3.5 | BS28: 81 | BT28: medium | BU28: 3 | BV28: 0.001 | BW28: low | BX28: 4 | BY28: 1.9 | BZ28: low | CA28: 4 | CB28: =IFERROR(AVERAGE(BU28,BX28,CA28),"N/A") -> 3.6666667 | CC28: N/A | CD28: N/A | CE28: N/A | CF28: 0 | CG28: low | CH28: 4 | CI28: 0 | CJ28: low | CK28: 4 | CL28: =IFERROR(AVERAGE(CE28,CH28,CK28),"N/A") -> 4
A29: Cuba | B29: CU | C29: 0.764 | D29: medium | E29: 3 | F29: 0.001 | G29: low | H29: 4 | I29: N/A | J29: N/A | K29: N/A | L29: =IFERROR(AVERAGE(E29,H29,K29),"N/A") -> 3.5 | M29: N/A | N29: N/A | O29: N/A | P29: N/A | Q29: N/A | R29: N/A | S29: =IFERROR(AVERAGE(O29,R29),"N/A") -> N/A | T29: 73 | U29: medium | V29: 3 | W29: N/A | X29: N/A | Y29: N/A | Z29: =IFERROR(AVERAGE(V29,Y29),"N/A") -> 3 | AA29: N/A | AB29: N/A | AC29: N/A | AD29: N/A | AE29: N/A | AF29: N/A | AG29: 0.99 | AH29: low | AI29: 4 | AJ29: 0.91 | AK29: low | AL29: 4 | AM29: =IFERROR(AVERAGE(AC29,AF29,AI29,AL29),"N/A") -> 4 | AN29: N/A | AO29: N/A | AP29: N/A | AQ29: 91 | AR29: medium | AS29: 3 | AT29: =IFERROR(AVERAGE(AP29,AS29),"N/A") -> 3 | AU29: N/A | AV29: N/A | AW29: N/A | AX29: N/A | AY29: N/A | AZ29: N/A | BA29: 220 | BB29: low | BC29: 4 | BD29: =IFERROR(AVERAGE(AW29,AZ29,BC29),"N/A") -> 4 | BE29: 81 | BF29: low | BG29: 4 | BH29: 4 | BI29: veryHigh | BJ29: 1 | BK29: =IFERROR(AVERAGE(BG29,BJ29),"N/A") -> 2.5 | BL29: 11 | BM29: veryHigh | BN29: 1 | BO29: 60.1 | BP29: medium | BQ29: 3 | BR29: =IFERROR(AVERAGE(BN29,BQ29),"N/A") -> 2 | BS29: N/A | BT29: N/A | BU29: N/A | BV29: 0.0101 | BW29: low | BX29: 4 | BY29: 31 | BZ29: low | CA29: 4 | CB29: =IFERROR(AVERAGE(BU29,BX29,CA29),"N/A") -> 4 | CC29: N/A | CD29: N/A | CE29: N/A | CF29: 2 | CG29: medium | CH29: 3 | CI29: 0.17 | CJ29: medium | CK29: 3 | CL29: =IFERROR(AVERAGE(CE29,CH29,CK29),"N/A") -> 3
A30: Cyprus | B30: CY | C30: 0.896 | D30: low | E30: 4 | F30: N/A | G30: N/A | H30: N/A | I30: 0,2% | J30: low | K30: 4 | L30: =IFERROR(AVERAGE(E30,H30,K30),"N/A") -> 4 | M30: N/A | N30: N/A | O30: N/A | P30: N/A | Q30: N/A | R30: N/A | S30: =IFERROR(AVERAGE(O30,R30),"N/A") -> N/A | T30: 35 | U30: low | V30: 4 | W30: N/A | X30: N/A | Y30: N/A | Z30: =IFERROR(AVERAGE(V30,Y30),"N/A") -> 4 | AA30: N/A | AB30: N/A | AC30: N/A | AD30: N/A | AE30: N/A | AF30: N/A | AG30: N/A | AH30: N/A | AI30: N/A | AJ30: N/A | AK30: N/A | AL30: N/A | AM30: =IFERROR(AVERAGE(AC30,AF30,AI30,AL30),"N/A") -> N/A | AN30: N/A | AO30: N/A | AP30: N/A | AQ30: 82 | AR30: high | AS30: 2 | AT30: =IFERROR(AVERAGE(AP30,AS30),"N/A") -> 2 | AU30: 0.64 | AV30: medium | AW30: 3 | AX30: N/A | AY30: N/A | AZ30: N/A | BA30: 41679 | BB30: medium | BC30: 3 | BD30: =IFERROR(AVERAGE(AW30,AZ30,BC30),"N/A") -> 3 | BE30: N/A | BF30: N/A | BG30: N/A | BH30: N/A | BI30: N/A | BJ30: N/A | BK30: =IFERROR(AVERAGE(BG30,BJ30),"N/A") -> N/A | BL30: 55 | BM30: low | BN30: 4 | BO30: 56.9 | BP30: medium | BQ30: 3 | BR30: =IFERROR(AVERAGE(BN30,BQ30),"N/A") -> 3.5 | BS30: 130 | BT30: low | BU30: 4 | BV30: -0.0002 | BW30: medium | BX30: 3 | BY30: N/A | BZ30: N/A | CA30: N/A | CB30: =IFERROR(AVERAGE(BU30,BX30,CA30),"N/A") -> 3.5 | CC30: 19 | CD30: medium | CE30: 3 | CF30: 3 | CG30: high | CH30: 2 | CI30: 0.21 | CJ30: medium | CK30: 3 | CL30: =IFERROR(AVERAGE(CE30,CH30,CK30),"N/A") -> 2.6666667
A31: Czech Republic | B31: CZ | C31: 0.889 | D31: low | E31: 4 | F31: N/A | G31: N/A | H31: N/A | I31: 0,0% | J31: low | K31: 4 | L31: =IFERROR(AVERAGE(E31,H31,K31),"N/A") -> 4 | M31: 2 | N31: low | O31: 4 | P31: N/A | Q31: N/A | R31: N/A | S31: =IFERROR(AVERAGE(O31,R31),"N/A") -> 4 | T31: 34 | U31: low | V31: 4 | W31: N/A | X31: N/A | Y31: N/A | Z31: =IFERROR(AVERAGE(V31,Y31),"N/A") -> 4 | AA31: N/A | AB31: N/A | AC31: N/A | AD31: N/A | AE31: N/A | AF31: N/A | AG31: N/A | AH31: N/A | AI31: N/A | AJ31: N/A | AK31: N/A | AL31: N/A | AM31: =IFERROR(AVERAGE(AC31,AF31,AI31,AL31),"N/A") -> N/A | AN31: N/A | AO31: N/A | AP31: N/A | AQ31: 108 | AR31: medium | AS31: 3 | AT31: =IFERROR(AVERAGE(AP31,AS31),"N/A") -> 3 | AU31: 0.71 | AV31: medium | AW31: 3 | AX31: Meets | AY31: medium | AZ31: 3 | BA31: 5121 | BB31: medium | BC31: 3 | BD31: =IFERROR(AVERAGE(AW31,AZ31,BC31),"N/A") -> 3 | BE31: N/A | BF31: N/A | BG31: N/A | BH31: N/A | BI31: N/A | BJ31: N/A | BK31: =IFERROR(AVERAGE(BG31,BJ31),"N/A") -> N/A | BL31: 55 | BM31: low | BN31: 4 | BO31: 39.9 | BP31: low | BQ31: 4 | BR31: =IFERROR(AVERAGE(BN31,BQ31),"N/A") -> 4 | BS31: 107 | BT31: low | BU31: 4 | BV31: 0.0007 | BW31: low | BX31: 4 | BY31: 2 | BZ31: low | CA31: 4 | CB31: =IFERROR(AVERAGE(BU31,BX31,CA31),"N/A") -> 4 | CC31: 6 | CD31: low | CE31: 4 | CF31: 1 | CG31: medium | CH31: 3 | CI31: 0 | CJ31: low | CK31: 4 | CL31: =IFERROR(AVERAGE(CE31,CH31,CK31),"N/A") -> 3.6666667
A32: Denmark | B32: DK | C32: 0.948 | D32: low | E32: 4 | F32: N/A | G32: N/A | H32: N/A | I32: 0,3% | J32: low | K32: 4 | L32: =IFERROR(AVERAGE(E32,H32,K32),"N/A") -> 4 | M32: 1 | N32: low | O32: 4 | P32: N/A | Q32: N/A | R32: N/A | S32: =IFERROR(AVERAGE(O32,R32),"N/A") -> 4 | T32: 1 | U32: low | V32: 4 | W32: N/A | X32: N/A | Y32: N/A | Z32: =IFERROR(AVERAGE(V32,Y32),"N/A") -> 4 | AA32: N/A | AB32: N/A | AC32: N/A | AD32: N/A | AE32: N/A | AF32: N/A | AG32: N/A | AH32: N/A | AI32: N/A | AJ32: N/A | AK32: N/A | AL32: N/A | AM32: =IFERROR(AVERAGE(AC32,AF32,AI32,AL32),"N/A") -> N/A | AN32: N/A | AO32: N/A | AP32: N/A | AQ32: 150 | AR32: low | AS32: 4 | AT32: =IFERROR(AVERAGE(AP32,AS32),"N/A") -> 4 | AU32: 0.78 | AV32: low | AW32: 4 | AX32: PartiallyMeets | AY32: high | AZ32: 2 | BA32: 49185 | BB32: medium | BC32: 3 | BD32: =IFERROR(AVERAGE(AW32,AZ32,BC32),"N/A") -> 3 | BE32: N/A | BF32: N/A | BG32: N/A | BH32: N/A | BI32: N/A | BJ32: N/A | BK32: =IFERROR(AVERAGE(BG32,BJ32),"N/A") -> N/A | BL32: 57 | BM32: low | BN32: 4 | BO32: 18.1 | BP32: low | BQ32: 4 | BR32: =IFERROR(AVERAGE(BN32,BQ32),"N/A") -> 4 | BS32: 82 | BT32: medium | BU32: 3 | BV32: 0.0069 | BW32: low | BX32: 4 | BY32: 4.2 | BZ32: low | CA32: 4 | CB32: =IFERROR(AVERAGE(BU32,BX32,CA32),"N/A") -> 3.6666667 | CC32: N/A | CD32: N/A | CE32: N/A | CF32: 2 | CG32: medium | CH32: 3 | CI32: 0.43 | CJ32: high | CK32: 2 | CL32: =IFERROR(AVERAGE(CE32,CH32,CK32),"N/A") -> 2.5
A33: Dominican Republic | B33: DO | C33: 0.767 | D33: medium | E33: 3 | F33: N/A | G33: N/A | H33: N/A | I33: 5,3% | J33: medium | K33: 3 | L33: =IFERROR(AVERAGE(E33,H33,K33),"N/A") -> 3 | M33: 2 | N33: low | O33: 4 | P33: 0.003 | Q33: low | R33: 4 | S33: =IFERROR(AVERAGE(O33,R33),"N/A") -> 4 | T33: 106 | U33: medium | V33: 3 | W33: 0.003 | X33: low | Y33: 4 | Z33: =IFERROR(AVERAGE(V33,Y33),"N/A") -> 3.5 | AA33: 0.063 | AB33: medium | AC33: 3 | AD33: 0.04 | AE33: low | AF33: 4 | AG33: 0.88 | AH33: medium | AI33: 3 | AJ33: 0.69 | AK33: medium | AL33: 3 | AM33: =IFERROR(AVERAGE(AC33,AF33,AI33,AL33),"N/A") -> 3.25 | AN33: N/A | AO33: N/A | AP33: N/A | AQ33: 87 | AR33: high | AS33: 2 | AT33: =IFERROR(AVERAGE(AP33,AS33),"N/A") -> 2 | AU33: 0.52 | AV33: medium | AW33: 3 | AX33: N/A | AY33: N/A | AZ33: N/A | BA33: 116804 | BB33: high | BC33: 2 | BD33: =IFERROR(AVERAGE(AW33,AZ33,BC33),"N/A") -> 2.5 | BE33: 111 | BF33: low | BG33: 4 | BH33: N/A | BI33: N/A | BJ33: N/A | BK33: =IFERROR(AVERAGE(BG33,BJ33),"N/A") -> 4 | BL33: 41 | BM33: medium | BN33: 3 | BO33: 62.8 | BP33: medium | BQ33: 3 | BR33: =IFERROR(AVERAGE(BN33,BQ33),"N/A") -> 3 | BS33: 130 | BT33: low | BU33: 4 | BV33: 0.0034 | BW33: low | BX33: 4 | BY33: 7.1 | BZ33: low | CA33: 4 | CB33: =IFERROR(AVERAGE(BU33,BX33,CA33),"N/A") -> 4 | CC33: N/A | CD33: N/A | CE33: N/A | CF33: 1 | CG33: medium | CH33: 3 | CI33: 0.53 | CJ33: high | CK33: 2 | CL33: =IFERROR(AVERAGE(CE33,CH33,CK33),"N/A") -> 2.5
A34: Ecuador | B34: EC | C34: 0.74 | D34: medium | E34: 3 | F34: N/A | G34: N/A | H34: N/A | I34: 14,4% | J34: medium | K34: 3 | L34: =IFERROR(AVERAGE(E34,H34,K34),"N/A") -> 3 | M34: 5 | N34: veryHigh | O34: 1 | P34: 0.045 | Q34: medium | R34: 3 | S34: =IFERROR(AVERAGE(O34,R34),"N/A") -> 2 | T34: 85 | U34: medium | V34: 3 | W34: 0.045 | X34: medium | Y34: 3 | Z34: =IFERROR(AVERAGE(V34,Y34),"N/A") -> 3 | AA34: 0.082 | AB34: medium | AC34: 3 | AD34: N/A | AE34: N/A | AF34: N/A | AG34: 0.98 | AH34: low | AI34: 4 | AJ34: 0.84 | AK34: low | AL34: 4 | AM34: =IFERROR(AVERAGE(AC34,AF34,AI34,AL34),"N/A") -> 3.6666667 | AN34: N/A | AO34: N/A | AP34: N/A | AQ34: 123 | AR34: medium | AS34: 3 | AT34: =IFERROR(AVERAGE(AP34,AS34),"N/A") -> 3 | AU34: 0.45 | AV34: high | AW34: 2 | AX34: Meets | AY34: medium | AZ34: 3 | BA34: 567622 | BB34: veryHigh | BC34: 1 | BD34: =IFERROR(AVERAGE(AW34,AZ34,BC34),"N/A") -> 2 | BE34: 85 | BF34: low | BG34: 4 | BH34: 1.9 | BI34: low | BJ34: 4 | BK34: =IFERROR(AVERAGE(BG34,BJ34),"N/A") -> 4 | BL34: 40 | BM34: medium | BN34: 3 | BO34: 69.1 | BP34: medium | BQ34: 3 | BR34: =IFERROR(AVERAGE(BN34,BQ34),"N/A") -> 3 | BS34: 121 | BT34: low | BU34: 4 | BV34: -0.0041 | BW34: high | BX34: 2 | BY34: -53 | BZ34: medium | CA34: 3 | CB34: =IFERROR(AVERAGE(BU34,BX34,CA34),"N/A") -> 3 | CC34: 30 | CD34: veryHigh | CE34: 1 | CF34: 1 | CG34: medium | CH34: 3 | CI34: 0.22 | CJ34: medium | CK34: 3 | CL34: =IFERROR(AVERAGE(CE34,CH34,CK34),"N/A") -> 2.3333333
A35: Egypt | B35: EG | C35: 0.731 | D35: medium | E35: 3 | F35: N/A | G35: N/A | H35: N/A | I35: 22,0% | J35: high | K35: 2 | L35: =IFERROR(AVERAGE(E35,H35,K35),"N/A") -> 2.5 | M35: 5 | N35: veryHigh | O35: 1 | P35: 0.018 | Q35: low | R35: 4 | S35: =IFERROR(AVERAGE(O35,R35),"N/A") -> 2.5 | T35: 109 | U35: medium | V35: 3 | W35: 0.024 | X35: low | Y35: 4 | Z35: =IFERROR(AVERAGE(V35,Y35),"N/A") -> 3.5 | AA35: 0.049 | AB35: low | AC35: 4 | AD35: 0.05 | AE35: medium | AF35: 3 | AG35: 0.9 | AH35: medium | AI35: 3 | AJ35: 0.77 | AK35: medium | AL35: 3 | AM35: =IFERROR(AVERAGE(AC35,AF35,AI35,AL35),"N/A") -> 3.25 | AN35: N/A | AO35: N/A | AP35: N/A | AQ35: 63 | AR35: high | AS35: 2 | AT35: =IFERROR(AVERAGE(AP35,AS35),"N/A") -> 2 | AU35: 0.47 | AV35: high | AW35: 2 | AX35: Meets | AY35: medium | AZ35: 3 | BA35: 341083 | BB35: high | BC35: 2 | BD35: =IFERROR(AVERAGE(AW35,AZ35,BC35),"N/A") -> 2.3333333 | BE35: 30 | BF35: high | BG35: 2 | BH35: N/A | BI35: N/A | BJ35: N/A | BK35: =IFERROR(AVERAGE(BG35,BJ35),"N/A") -> 2 | BL35: 12 | BM35: veryHigh | BN35: 1 | BO35: 83.6 | BP35: high | BQ35: 2 | BR35: =IFERROR(AVERAGE(BN35,BQ35),"N/A") -> 1.5 | BS35: 120 | BT35: low | BU35: 4 | BV35: -0.0371 | BW35: veryHigh | BX35: 1 | BY35: -2.1 | BZ35: medium | CA35: 3 | CB35: =IFERROR(AVERAGE(BU35,BX35,CA35),"N/A") -> 2.6666667 | CC35: 1 | CD35: low | CE35: 4 | CF35: 3 | CG35: high | CH35: 2 | CI35: 0.49 | CJ35: high | CK35: 2 | CL35: =IFERROR(AVERAGE(CE35,CH35,CK35),"N/A") -> 2.6666667
A36: El Salvador | B36: SV | C36: 0.675 | D36: high | E36: 2 | F36: N/A | G36: N/A | H36: N/A | I36: 6,6% | J36: medium | K36: 3 | L36: =IFERROR(AVERAGE(E36,H36,K36),"N/A") -> 2.5 | M36: 3 | N36: medium | O36: 3 | P36: 0.005 | Q36: low | R36: 4 | S36: =IFERROR(AVERAGE(O36,R36),"N/A") -> 3.5 | T36: 88 | U36: medium | V36: 3 | W36: 0.002 | X36: low | Y36: 4 | Z36: =IFERROR(AVERAGE(V36,Y36),"N/A") -> 3.5 | AA36: 0.041 | AB36: low | AC36: 4 | AD36: 0.07 | AE36: medium | AF36: 3 | AG36: 0.81 | AH36: medium | AI36: 3 | AJ36: 0.59 | AK36: high | AL36: 2 | AM36: =IFERROR(AVERAGE(AC36,AF36,AI36,AL36),"N/A") -> 3 | AN36: N/A | AO36: N/A | AP36: N/A | AQ36: 119 | AR36: medium | AS36: 3 | AT36: =IFERROR(AVERAGE(AP36,AS36),"N/A") -> 3 | AU36: 0.5 | AV36: high | AW36: 2 | AX36: FullyMeets | AY36: low | AZ36: 4 | BA36: 74689 | BB36: high | BC36: 2 | BD36: =IFERROR(AVERAGE(AW36,AZ36,BC36),"N/A") -> 2.6666667 | BE36: 55 | BF36: medium | BG36: 3 | BH36: N/A | BI36: N/A | BJ36: N/A | BK36: =IFERROR(AVERAGE(BG36,BJ36),"N/A") -> 3 | BL36: 33 | BM36: high | BN36: 2 | BO36: 70.8 | BP36: medium | BQ36: 3 | BR36: =IFERROR(AVERAGE(BN36,BQ36),"N/A") -> 2.5 | BS36: 103 | BT36: low | BU36: 4 | BV36: -0.0074 | BW36: veryHigh | BX36: 1 | BY36: -4.5 | BZ36: medium | CA36: 3 | CB36: =IFERROR(AVERAGE(BU36,BX36,CA36),"N/A") -> 2.6666667 | CC36: 16 | CD36: medium | CE36: 3 | CF36: 1 | CG36: medium | CH36: 3 | CI36: 0.51 | CJ36: high | CK36: 2 | CL36: =IFERROR(AVERAGE(CE36,CH36,CK36),"N/A") -> 2.6666667
A37: Estonia | B37: EE | C37: 0.89 | D37: low | E37: 4 | F37: N/A | G37: N/A | H37: N/A | I37: 0,9% | J37: low | K37: 4 | L37: =IFERROR(AVERAGE(E37,H37,K37),"N/A") -> 4 | M37: 2 | N37: low | O37: 4 | P37: N/A | Q37: N/A | R37: N/A | S37: =IFERROR(AVERAGE(O37,R37),"N/A") -> 4 | T37: 28 | U37: low | V37: 4 | W37: N/A | X37: N/A | Y37: N/A | Z37: =IFERROR(AVERAGE(V37,Y37),"N/A") -> 4 | AA37: N/A | AB37: N/A | AC37: N/A | AD37: N/A | AE37: N/A | AF37: N/A | AG37: N/A | AH37: N/A | AI37: N/A | AJ37: N/A | AK37: N/A | AL37: N/A | AM37: =IFERROR(AVERAGE(AC37,AF37,AI37,AL37),"N/A") -> N/A | AN37: N/A | AO37: N/A | AP37: N/A | AQ37: 94 | AR37: medium | AS37: 3 | AT37: =IFERROR(AVERAGE(AP37,AS37),"N/A") -> 3 | AU37: 0.81 | AV37: low | AW37: 4 | AX37: FullyMeets | AY37: low | AZ37: 4 | BA37: 70930 | BB37: high | BC37: 2 | BD37: =IFERROR(AVERAGE(AW37,AZ37,BC37),"N/A") -> 3.3333333 | BE37: N/A | BF37: N/A | BG37: N/A | BH37: N/A | BI37: N/A | BJ37: N/A | BK37: =IFERROR(AVERAGE(BG37,BJ37),"N/A") -> N/A | BL37: 56 | BM37: low | BN37: 4 | BO37: 37.7 | BP37: low | BQ37: 4 | BR37: =IFERROR(AVERAGE(BN37,BQ37),"N/A") -> 4 | BS37: 83 | BT37: medium | BU37: 3 | BV37: 0.0043 | BW37: low | BX37: 4 | BY37: 10.2 | BZ37: low | CA37: 4 | CB37: =IFERROR(AVERAGE(BU37,BX37,CA37),"N/A") -> 3.6666667 | CC37: N/A | CD37: N/A | CE37: N/A | CF37: 2 | CG37: medium | CH37: 3 | CI37: 0.39 | CJ37: medium | CK37: 3 | CL37: =IFERROR(AVERAGE(CE37,CH37,CK37),"N/A") -> 3
A38: Eswatini | B38: SZ | C38: 0.597 | D38: high | E38: 2 | F38: N/A | G38: N/A | H38: N/A | I38: 58,0% | J38: veryHigh | K38: 1 | L38: =IFERROR(AVERAGE(E38,H38,K38),"N/A") -> 1.5 | M38: 5 | N38: veryHigh | O38: 1 | P38: 0.221 | Q38: high | R38: 2 | S38: =IFERROR(AVERAGE(O38,R38),"N/A") -> 1.5 | T38: 138 | U38: high | V38: 2 | W38: 0.226 | X38: high | Y38: 2 | Z38: =IFERROR(AVERAGE(V38,Y38),"N/A") -> 2 | AA38: 0.117 | AB38: medium | AC38: 3 | AD38: 0.08 | AE38: medium | AF38: 3 | AG38: 0.67 | AH38: high | AI38: 2 | AJ38: 0.46 | AK38: high | AL38: 2 | AM38: =IFERROR(AVERAGE(AC38,AF38,AI38,AL38),"N/A") -> 2.5 | AN38: N/A | AO38: N/A | AP38: N/A | AQ38: 24 | AR38: veryHigh | AS38: 1 | AT38: =IFERROR(AVERAGE(AP38,AS38),"N/A") -> 1 | AU38: N/A | AV38: N/A | AW38: N/A | AX38: N/A | AY38: N/A | AZ38: N/A | BA38: 1551 | BB38: low | BC38: 4 | BD38: =IFERROR(AVERAGE(AW38,AZ38,BC38),"N/A") -> 4 | BE38: 92 | BF38: low | BG38: 4 | BH38: 2.4 | BI38: medium | BJ38: 3 | BK38: =IFERROR(AVERAGE(BG38,BJ38),"N/A") -> 3.5 | BL38: 16 | BM38: veryHigh | BN38: 1 | BO38: 80.4 | BP38: high | BQ38: 2 | BR38: =IFERROR(AVERAGE(BN38,BQ38),"N/A") -> 1.5 | BS38: 130 | BT38: low | BU38: 4 | BV38: 0.0025 | BW38: low | BX38: 4 | BY38: 1.2 | BZ38: low | CA38: 4 | CB38: =IFERROR(AVERAGE(BU38,BX38,CA38),"N/A") -> 4 | CC38: 13 | CD38: medium | CE38: 3 | CF38: 1 | CG38: medium | CH38: 3 | CI38: 0 | CJ38: low | CK38: 4 | CL38: =IFERROR(AVERAGE(CE38,CH38,CK38),"N/A") -> 3.3333333
A39: Ethiopia | B39: ET | C39: 0.498 | D39: veryHigh | E39: 1 | F39: 0.419 | G39: high | H39: 2 | I39: 65,0% | J39: veryHigh | K39: 1 | L39: =IFERROR(AVERAGE(E39,H39,K39),"N/A") -> 1.3333333 | M39: 4 | N39: high | O39: 2 | P39: 0.184 | Q39: high | R39: 2 | S39: =IFERROR(AVERAGE(O39,R39),"N/A") -> 2 | T39: 129 | U39: high | V39: 2 | W39: 0.197 | X39: high | Y39: 2 | Z39: =IFERROR(AVERAGE(V39,Y39),"N/A") -> 2 | AA39: 0.415 | AB39: veryHigh | AC39: 1 | AD39: 0.45 | AE39: veryHigh | AF39: 1 | AG39: 0.4 | AH39: veryHigh | AI39: 1 | AJ39: 0.11 | AK39: veryHigh | AL39: 1 | AM39: =IFERROR(AVERAGE(AC39,AF39,AI39,AL39),"N/A") -> 1 | AN39: NotIdentifiedinAgriculture | AO39: medium | AP39: 3 | AQ39: 52 | AR39: high | AS39: 2 | AT39: =IFERROR(AVERAGE(AP39,AS39),"N/A") -> 2.5 | AU39: 0.81 | AV39: low | AW39: 4 | AX39: Meets | AY39: medium | AZ39: 3 | BA39: 4555173 | BB39: veryHigh | BC39: 1 | BD39: =IFERROR(AVERAGE(AW39,AZ39,BC39),"N/A") -> 2.6666667 | BE39: 12 | BF39: veryHigh | BG39: 1 | BH39: 1.9 | BI39: low | BJ39: 4 | BK39: =IFERROR(AVERAGE(BG39,BJ39),"N/A") -> 2.5 | BL39: 11 | BM39: veryHigh | BN39: 1 | BO39: 99.3 | BP39: veryHigh | BQ39: 1 | BR39: =IFERROR(AVERAGE(BN39,BQ39),"N/A") -> 1 | BS39: 72 | BT39: medium | BU39: 3 | BV39: -0.0042 | BW39: high | BX39: 2 | BY39: -73 | BZ39: medium | CA39: 3 | CB39: =IFERROR(AVERAGE(BU39,BX39,CA39),"N/A") -> 2.6666667 | CC39: 29 | CD39: high | CE39: 2 | CF39: 1 | CG39: medium | CH39: 3 | CI39: 0.19 | CJ39: medium | CK39: 3 | CL39: =IFERROR(AVERAGE(CE39,CH39,CK39),"N/A") -> 2.6666667
A40: Fiji | B40: FJ | C40: 0.73 | D40: medium | E40: 3 | F40: N/A | G40: N/A | H40: N/A | I40: 12,4% | J40: medium | K40: 3 | L40: =IFERROR(AVERAGE(E40,H40,K40),"N/A") -> 3 | M40: 4 | N40: high | O40: 2 | P40: 0.002 | Q40: low | R40: 4 | S40: =IFERROR(AVERAGE(O40,R40),"N/A") -> 3 | T40: 77 | U40: medium | V40: 3 | W40: 0.001 | X40: low | Y40: 4 | Z40: =IFERROR(AVERAGE(V40,Y40),"N/A") -> 3.5 | AA40: Yes | AB40: medium | AC40: 3 | AD40: 0.17 | AE40: high | AF40: 2 | AG40: N/A | AH40: N/A | AI40: N/A | AJ40: N/A | AK40: N/A | AL40: N/A | AM40: =IFERROR(AVERAGE(AC40,AF40,AI40,AL40),"N/A") -> 2.5 | AN40: N/A | AO40: N/A | AP40: N/A | AQ40: N/A | AR40: N/A | AS40: N/A | AT40: =IFERROR(AVERAGE(AP40,AS40),"N/A") -> N/A | AU40: N/A | AV40: N/A | AW40: N/A | AX40: PartiallyMeets | AY40: high | AZ40: 2 | BA40: 18 | BB40: low | BC40: 4 | BD40: =IFERROR(AVERAGE(AW40,AZ40,BC40),"N/A") -> 3 | BE40: 110 | BF40: low | BG40: 4 | BH40: N/A | BI40: N/A | BJ40: N/A | BK40: =IFERROR(AVERAGE(BG40,BJ40),"N/A") -> 4 | BL40: 35 | BM40: medium | BN40: 3 | BO40: 68.9 | BP40: medium | BQ40: 3 | BR40: =IFERROR(AVERAGE(BN40,BQ40),"N/A") -> 3 | BS40: 75 | BT40: medium | BU40: 3 | BV40: 0.0061 | BW40: low | BX40: 4 | BY40: 6.7 | BZ40: low | CA40: 4 | CB40: =IFERROR(AVERAGE(BU40,BX40,CA40),"N/A") -> 3.6666667 | CC40: N/A | CD40: N/A | CE40: N/A | CF40: N/A | CG40: N/A | CH40: N/A | CI40: 0 | CJ40: low | CK40: 4 | CL40: =IFERROR(AVERAGE(CE40,CH40,CK40),"N/A") -> 4
A41: Finland | B41: FI | C41: 0.94 | D41: low | E41: 4 | F41: N/A | G41: N/A | H41: N/A | I41: 0,1% | J41: low | K41: 4 | L41: =IFERROR(AVERAGE(E41,H41,K41),"N/A") -> 4 | M41: 1 | N41: low | O41: 4 | P41: N/A | Q41: N/A | R41: N/A | S41: =IFERROR(AVERAGE(O41,R41),"N/A") -> 4 | T41: 6 | U41: low | V41: 4 | W41: N/A | X41: N/A | Y41: N/A | Z41: =IFERROR(AVERAGE(V41,Y41),"N/A") -> 4 | AA41: N/A | AB41: N/A | AC41: N/A | AD41: N/A | AE41: N/A | AF41: N/A | AG41: N/A | AH41: N/A | AI41: N/A | AJ41: N/A | AK41: N/A | AL41: N/A | AM41: =IFERROR(AVERAGE(AC41,AF41,AI41,AL41),"N/A") -> N/A | AN41: N/A | AO41: N/A | AP41: N/A | AQ41: 149 | AR41: low | AS41: 4 | AT41: =IFERROR(AVERAGE(AP41,AS41),"N/A") -> 4 | AU41: 0.85 | AV41: low | AW41: 4 | AX41: FullyMeets | AY41: low | AZ41: 4 | BA41: 30042 | BB41: medium | BC41: 3 | BD41: =IFERROR(AVERAGE(AW41,AZ41,BC41),"N/A") -> 3.6666667 | BE41: N/A | BF41: N/A | BG41: N/A | BH41: 4 | BI41: veryHigh | BJ41: 1 | BK41: =IFERROR(AVERAGE(BG41,BJ41),"N/A") -> 1 | BL41: 60 | BM41: low | BN41: 4 | BO41: 15.1 | BP41: low | BQ41: 4 | BR41: =IFERROR(AVERAGE(BN41,BQ41),"N/A") -> 4 | BS41: 112 | BT41: low | BU41: 4 | BV41: 0.0007 | BW41: low | BX41: 4 | BY41: 16.7 | BZ41: low | CA41: 4 | CB41: =IFERROR(AVERAGE(BU41,BX41,CA41),"N/A") -> 4 | CC41: 1 | CD41: low | CE41: 4 | CF41: 0 | CG41: low | CH41: 4 | CI41: 0.17 | CJ41: medium | CK41: 3 | CL41: =IFERROR(AVERAGE(CE41,CH41,CK41),"N/A") -> 3.6666667
A42: France | B42: FR | C42: 0.903 | D42: low | E42: 4 | F42: N/A | G42: N/A | H42: N/A | I42: 0,1% | J42: low | K42: 4 | L42: =IFERROR(AVERAGE(E42,H42,K42),"N/A") -> 4 | M42: 2 | N42: low | O42: 4 | P42: N/A | Q42: N/A | R42: N/A | S42: =IFERROR(AVERAGE(O42,R42),"N/A") -> 4 | T42: 22 | U42: low | V42: 4 | W42: N/A | X42: N/A | Y42: N/A | Z42: =IFERROR(AVERAGE(V42,Y42),"N/A") -> 4 | AA42: N/A | AB42: N/A | AC42: N/A | AD42: N/A | AE42: N/A | AF42: N/A | AG42: N/A | AH42: N/A | AI42: N/A | AJ42: N/A | AK42: N/A | AL42: N/A | AM42: =IFERROR(AVERAGE(AC42,AF42,AI42,AL42),"N/A") -> N/A | AN42: N/A | AO42: N/A | AP42: N/A | AQ42: 136 | AR42: medium | AS42: 3 | AT42: =IFERROR(AVERAGE(AP42,AS42),"N/A") -> 3 | AU42: 0.62 | AV42: medium | AW42: 3 | AX42: Meets | AY42: medium | AZ42: 3 | BA42: 580898 | BB42: veryHigh | BC42: 1 | BD42: =IFERROR(AVERAGE(AW42,AZ42,BC42),"N/A") -> 2.3333333 | BE42: N/A | BF42: N/A | BG42: N/A | BH42: N/A | BI42: N/A | BJ42: N/A | BK42: =IFERROR(AVERAGE(BG42,BJ42),"N/A") -> N/A | BL42: 51 | BM42: medium | BN42: 3 | BO42: 30.9 | BP42: low | BQ42: 4 | BR42: =IFERROR(AVERAGE(BN42,BQ42),"N/A") -> 3.5 | BS42: 40 | BT42: high | BU42: 2 | BV42: 0.5 | BW42: low | BX42: 4 | BY42: 83.4 | BZ42: low | CA42: 4 | CB42: =IFERROR(AVERAGE(BU42,BX42,CA42),"N/A") -> 3.3333333 | CC42: 12 | CD42: medium | CE42: 3 | CF42: 2 | CG42: medium | CH42: 3 | CI42: 0.08 | CJ42: low | CK42: 4 | CL42: =IFERROR(AVERAGE(CE42,CH42,CK42),"N/A") -> 3.3333333
A43: Germany | B43: DE | C43: 0.942 | D43: low | E43: 4 | F43: N/A | G43: N/A | H43: N/A | I43: 0,2% | J43: low | K43: 4 | L43: =IFERROR(AVERAGE(E43,H43,K43),"N/A") -> 4 | M43: 1 | N43: low | O43: 4 | P43: N/A | Q43: N/A | R43: N/A | S43: =IFERROR(AVERAGE(O43,R43),"N/A") -> 4 | T43: 19 | U43: low | V43: 4 | W43: N/A | X43: N/A | Y43: N/A | Z43: =IFERROR(AVERAGE(V43,Y43),"N/A") -> 4 | AA43: N/A | AB43: N/A | AC43: N/A | AD43: N/A | AE43: N/A | AF43: N/A | AG43: N/A | AH43: N/A | AI43: N/A | AJ43: N/A | AK43: N/A | AL43: N/A | AM43: =IFERROR(AVERAGE(AC43,AF43,AI43,AL43),"N/A") -> N/A | AN43: N/A | AO43: N/A | AP43: N/A | AQ43: 134 | AR43: medium | AS43: 3 | AT43: =IFERROR(AVERAGE(AP43,AS43),"N/A") -> 3 | AU43: 0.78 | AV43: low | AW43: 4 | AX43: FullyMeets | AY43: low | AZ43: 4 | BA43: 1537500 | BB43: veryHigh | BC43: 1 | BD43: =IFERROR(AVERAGE(AW43,AZ43,BC43),"N/A") -> 3 | BE43: N/A | BF43: N/A | BG43: N/A | BH43: N/A | BI43: N/A | BJ43: N/A | BK43: =IFERROR(AVERAGE(BG43,BJ43),"N/A") -> N/A | BL43: 55 | BM43: low | BN43: 4 | BO43: 23.6 | BP43: low | BQ43: 4 | BR43: =IFERROR(AVERAGE(BN43,BQ43),"N/A") -> 4 | BS43: 56 | BT43: medium | BU43: 3 | BV43: 0.0001 | BW43: low | BX43: 4 | BY43: 1 | BZ43: low | CA43: 4 | CB43: =IFERROR(AVERAGE(BU43,BX43,CA43),"N/A") -> 3.6666667 | CC43: N/A | CD43: N/A | CE43: N/A | CF43: 2 | CG43: medium | CH43: 3 | CI43: 0.16 | CJ43: medium | CK43: 3 | CL43: =IFERROR(AVERAGE(CE43,CH43,CK43),"N/A") -> 3
A44: Ghana | B44: GH | C44: 0.632 | D44: high | E44: 2 | F44: 0.084 | G44: medium | H44: 3 | I44: 48,9% | J44: veryHigh | K44: 1 | L44: =IFERROR(AVERAGE(E44,H44,K44),"N/A") -> 2 | M44: 2 | N44: low | O44: 4 | P44: 0.079 | Q44: medium | R44: 3 | S44: =IFERROR(AVERAGE(O44,R44),"N/A") -> 3.5 | T44: 130 | U44: high | V44: 2 | W44: 0.082 | X44: medium | Y44: 3 | Z44: =IFERROR(AVERAGE(V44,Y44),"N/A") -> 2.5 | AA44: 0.13 | AB44: medium | AC44: 3 | AD44: 0.2 | AE44: high | AF44: 2 | AG44: 0.65 | AH44: high | AI44: 2 | AJ44: 0.36 | AK44: high | AL44: 2 | AM44: =IFERROR(AVERAGE(AC44,AF44,AI44,AL44),"N/A") -> 2.25 | AN44: NotIdentifiedinAgriculture | AO44: medium | AP44: 3 | AQ44: 71 | AR44: high | AS44: 2 | AT44: =IFERROR(AVERAGE(AP44,AS44),"N/A") -> 2.5 | AU44: 0.57 | AV44: medium | AW44: 3 | AX44: PartiallyMeets | AY44: high | AZ44: 2 | BA44: 13773 | BB44: medium | BC44: 3 | BD44: =IFERROR(AVERAGE(AW44,AZ44,BC44),"N/A") -> 2.6666667 | BE44: N/A | BF44: N/A | BG44: N/A | BH44: 2.1 | BI44: medium | BJ44: 3 | BK44: =IFERROR(AVERAGE(BG44,BJ44),"N/A") -> 3 | BL44: 45 | BM44: medium | BN44: 3 | BO44: 63 | BP44: medium | BQ44: 3 | BR44: =IFERROR(AVERAGE(BN44,BQ44),"N/A") -> 3 | BS44: 42 | BT44: high | BU44: 2 | BV44: 0.0005 | BW44: low | BX44: 4 | BY44: 4.3 | BZ44: low | CA44: 4 | CB44: =IFERROR(AVERAGE(BU44,BX44,CA44),"N/A") -> 3.3333333 | CC44: 14 | CD44: medium | CE44: 3 | CF44: 0 | CG44: low | CH44: 4 | CI44: 0.37 | CJ44: medium | CK44: 3 | CL44: =IFERROR(AVERAGE(CE44,CH44,CK44),"N/A") -> 3.3333333
A45: Greece | B45: GR | C45: 0.887 | D45: low | E45: 4 | F45: N/A | G45: N/A | H45: N/A | I45: 1,3% | J45: low | K45: 4 | L45: =IFERROR(AVERAGE(E45,H45,K45),"N/A") -> 4 | M45: 4 | N45: high | O45: 2 | P45: N/A | Q45: N/A | R45: N/A | S45: =IFERROR(AVERAGE(O45,R45),"N/A") -> 2 | T45: 32 | U45: low | V45: 4 | W45: N/A | X45: N/A | Y45: N/A | Z45: =IFERROR(AVERAGE(V45,Y45),"N/A") -> 4 | AA45: N/A | AB45: N/A | AC45: N/A | AD45: N/A | AE45: N/A | AF45: N/A | AG45: N/A | AH45: N/A | AI45: N/A | AJ45: N/A | AK45: N/A | AL45: N/A | AM45: =IFERROR(AVERAGE(AC45,AF45,AI45,AL45),"N/A") -> N/A | AN45: N/A | AO45: N/A | AP45: N/A | AQ45: 27 | AR45: veryHigh | AS45: 1 | AT45: =IFERROR(AVERAGE(AP45,AS45),"N/A") -> 1 | AU45: 0.55 | AV45: medium | AW45: 3 | AX45: Meets | AY45: medium | AZ45: 3 | BA45: 164838 | BB45: high | BC45: 2 | BD45: =IFERROR(AVERAGE(AW45,AZ45,BC45),"N/A") -> 2.6666667 | BE45: N/A | BF45: N/A | BG45: N/A | BH45: N/A | BI45: N/A | BJ45: N/A | BK45: =IFERROR(AVERAGE(BG45,BJ45),"N/A") -> N/A | BL45: 50 | BM45: medium | BN45: 3 | BO45: 55.8 | BP45: medium | BQ45: 3 | BR45: =IFERROR(AVERAGE(BN45,BQ45),"N/A") -> 3 | BS45: 36 | BT45: high | BU45: 2 | BV45: N/A | BW45: N/A | BX45: N/A | BY45: N/A | BZ45: N/A | CA45: N/A | CB45: =IFERROR(AVERAGE(BU45,BX45,CA45),"N/A") -> 2 | CC45: 16 | CD45: medium | CE45: 3 | CF45: 3 | CG45: high | CH45: 2 | CI45: 0.36 | CJ45: medium | CK45: 3 | CL45: =IFERROR(AVERAGE(CE45,CH45,CK45),"N/A") -> 2.6666667
A46: Guatemala | B46: GT | C46: 0.627 | D46: high | E46: 2 | F46: 0.112 | G46: medium | H46: 3 | I46: 25,9% | J46: high | K46: 2 | L46: =IFERROR(AVERAGE(E46,H46,K46),"N/A") -> 2.3333333 | M46: 5 | N46: veryHigh | O46: 1 | P46: 0.032 | Q46: medium | R46: 3 | S46: =IFERROR(AVERAGE(O46,R46),"N/A") -> 2 | T46: 121 | U46: high | V46: 2 | W46: 0.041 | X46: medium | Y46: 3 | Z46: =IFERROR(AVERAGE(V46,Y46),"N/A") -> 2.5 | AA46: 0.065 | AB46: medium | AC46: 3 | AD46: N/A | AE46: N/A | AF46: N/A | AG46: 0.72 | AH46: high | AI46: 2 | AJ46: 0.35 | AK46: high | AL46: 2 | AM46: =IFERROR(AVERAGE(AC46,AF46,AI46,AL46),"N/A") -> 2.3333333 | AN46: N/A | AO46: N/A | AP46: N/A | AQ46: 99 | AR46: medium | AS46: 3 | AT46: =IFERROR(AVERAGE(AP46,AS46),"N/A") -> 3 | AU46: 0.43 | AV46: high | AW46: 2 | AX46: FullyMeets | AY46: low | AZ46: 4 | BA46: 556801 | BB46: veryHigh | BC46: 1 | BD46: =IFERROR(AVERAGE(AW46,AZ46,BC46),"N/A") -> 2.3333333 | BE46: 66 | BF46: medium | BG46: 3 | BH46: N/A | BI46: N/A | BJ46: N/A | BK46: =IFERROR(AVERAGE(BG46,BJ46),"N/A") -> 3 | BL46: 30 | BM46: high | BN46: 2 | BO46: 77.5 | BP46: medium | BQ46: 3 | BR46: =IFERROR(AVERAGE(BN46,BQ46),"N/A") -> 2.5 | BS46: 62 | BT46: medium | BU46: 3 | BV46: -0.0054 | BW46: veryHigh | BX46: 1 | BY46: -19.5 | BZ46: medium | CA46: 3 | CB46: =IFERROR(AVERAGE(BU46,BX46,CA46),"N/A") -> 2.3333333 | CC46: 24 | CD46: high | CE46: 2 | CF46: 2 | CG46: medium | CH46: 3 | CI46: 0.24 | CJ46: medium | CK46: 3 | CL46: =IFERROR(AVERAGE(CE46,CH46,CK46),"N/A") -> 2.6666667
A47: Haiti | B47: HT | C47: 0.53 | D47: veryHigh | E47: 1 | F47: 0.185 | G47: medium | H47: 3 | I47: 58,0% | J47: veryHigh | K47: 1 | L47: =IFERROR(AVERAGE(E47,H47,K47),"N/A") -> 1.6666667 | M47: 5 | N47: veryHigh | O47: 1 | P47: 0.203 | Q47: high | R47: 2 | S47: =IFERROR(AVERAGE(O47,R47),"N/A") -> 1.5 | T47: 163 | U47: veryHigh | V47: 1 | W47: 0.213 | X47: high | Y47: 2 | Z47: =IFERROR(AVERAGE(V47,Y47),"N/A") -> 1.5 | AA47: 0.344 | AB47: veryHigh | AC47: 1 | AD47: 0.36 | AE47: veryHigh | AF47: 1 | AG47: 0.43 | AH47: veryHigh | AI47: 1 | AJ47: 0.23 | AK47: veryHigh | AL47: 1 | AM47: =IFERROR(AVERAGE(AC47,AF47,AI47,AL47),"N/A") -> 1 | AN47: N/A | AO47: N/A | AP47: N/A | AQ47: 62 | AR47: high | AS47: 2 | AT47: =IFERROR(AVERAGE(AP47,AS47),"N/A") -> 2 | AU47: 0.51 | AV47: medium | AW47: 3 | AX47: N/A | AY47: N/A | AZ47: N/A | BA47: N/A | BB47: N/A | BC47: N/A | BD47: =IFERROR(AVERAGE(AW47,AZ47,BC47),"N/A") -> 3 | BE47: 57 | BF47: medium | BG47: 3 | BH47: N/A | BI47: N/A | BJ47: N/A | BK47: =IFERROR(AVERAGE(BG47,BJ47),"N/A") -> 3 | BL47: 22 | BM47: high | BN47: 2 | BO47: 99.7 | BP47: veryHigh | BQ47: 1 | BR47: =IFERROR(AVERAGE(BN47,BQ47),"N/A") -> 1.5 | BS47: 50 | BT47: high | BU47: 2 | BV47: -0.0085 | BW47: veryHigh | BX47: 1 | BY47: -3.1 | BZ47: medium | CA47: 3 | CB47: =IFERROR(AVERAGE(BU47,BX47,CA47),"N/A") -> 2 | CC47: N/A | CD47: N/A | CE47: N/A | CF47: 1 | CG47: medium | CH47: 3 | CI47: 0.46 | CJ47: high | CK47: 2 | CL47: =IFERROR(AVERAGE(CE47,CH47,CK47),"N/A") -> 2.5
A48: Honduras | B48: HN | C48: 0.621 | D48: high | E48: 2 | F48: N/A | G48: N/A | H48: N/A | I48: 26,4% | J48: high | K48: 2 | L48: =IFERROR(AVERAGE(E48,H48,K48),"N/A") -> 2 | M48: 5 | N48: veryHigh | O48: 1 | P48: 0.215 | Q48: high | R48: 2 | S48: =IFERROR(AVERAGE(O48,R48),"N/A") -> 1.5 | T48: 107 | U48: medium | V48: 3 | W48: 0.073 | X48: medium | Y48: 3 | Z48: =IFERROR(AVERAGE(V48,Y48),"N/A") -> 3 | AA48: 0.09 | AB48: medium | AC48: 3 | AD48: N/A | AE48: N/A | AF48: N/A | AG48: 0.83 | AH48: medium | AI48: 3 | AJ48: 0.4 | AK48: high | AL48: 2 | AM48: =IFERROR(AVERAGE(AC48,AF48,AI48,AL48),"N/A") -> 2.6666667 | AN48: N/A | AO48: N/A | AP48: N/A | AQ48: 99 | AR48: medium | AS48: 3 | AT48: =IFERROR(AVERAGE(AP48,AS48),"N/A") -> 3 | AU48: 0.41 | AV48: high | AW48: 2 | AX48: FullyMeets | AY48: low | AZ48: 4 | BA48: 252586 | BB48: high | BC48: 2 | BD48: =IFERROR(AVERAGE(AW48,AZ48,BC48),"N/A") -> 2.6666667 | BE48: 73 | BF48: low | BG48: 4 | BH48: 1.6 | BI48: low | BJ48: 4 | BK48: =IFERROR(AVERAGE(BG48,BJ48),"N/A") -> 4 | BL48: 26 | BM48: high | BN48: 2 | BO48: 78.7 | BP48: medium | BQ48: 3 | BR48: =IFERROR(AVERAGE(BN48,BQ48),"N/A") -> 2.5 | BS48: 79 | BT48: medium | BU48: 3 | BV48: -0.0033 | BW48: high | BX48: 2 | BY48: -21.6 | BZ48: medium | CA48: 3 | CB48: =IFERROR(AVERAGE(BU48,BX48,CA48),"N/A") -> 2.6666667 | CC48: N/A | CD48: N/A | CE48: N/A | CF48: 0 | CG48: low | CH48: 4 | CI48: 0.16 | CJ48: medium | CK48: 3 | CL48: =IFERROR(AVERAGE(CE48,CH48,CK48),"N/A") -> 3.5
A49: Hong Kong | B49: HK | C49: 0.952 | D49: low | E49: 4 | F49: N/A | G49: N/A | H49: N/A | I49: N/A | J49: N/A | K49: N/A | L49: =IFERROR(AVERAGE(E49,H49,K49),"N/A") -> 4 | M49: 5 | N49: veryHigh | O49: 1 | P49: N/A | Q49: N/A | R49: N/A | S49: =IFERROR(AVERAGE(O49,R49),"N/A") -> 1 | T49: N/A | U49: N/A | V49: N/A | W49: N/A | X49: N/A | Y49: N/A | Z49: =IFERROR(AVERAGE(V49,Y49),"N/A") -> N/A | AA49: N/A | AB49: N/A | AC49: N/A | AD49: N/A | AE49: N/A | AF49: N/A | AG49: N/A | AH49: N/A | AI49: N/A | AJ49: N/A | AK49: N/A | AL49: N/A | AM49: =IFERROR(AVERAGE(AC49,AF49,AI49,AL49),"N/A") -> N/A | AN49: N/A | AO49: N/A | AP49: N/A | AQ49: 156 | AR49: low | AS49: 4 | AT49: =IFERROR(AVERAGE(AP49,AS49),"N/A") -> 4 | AU49: 0.73 | AV49: medium | AW49: 3 | AX49: N/A | AY49: N/A | AZ49: N/A | BA49: 271 | BB49: low | BC49: 4 | BD49: =IFERROR(AVERAGE(AW49,AZ49,BC49),"N/A") -> 3.5 | BE49: N/A | BF49: N/A | BG49: N/A | BH49: N/A | BI49: N/A | BJ49: N/A | BK49: =IFERROR(AVERAGE(BG49,BJ49),"N/A") -> N/A | BL49: 33 | BM49: high | BN49: 2 | BO49: N/A | BR49: =IFERROR(AVERAGE(BN49,BQ49),"N/A") -> 2 | BS49: N/A | BT49: N/A | BU49: N/A | BV49: N/A | BW49: N/A | BX49: N/A | BY49: N/A | BZ49: N/A | CA49: N/A | CB49: =IFERROR(AVERAGE(BU49,BX49,CA49),"N/A") -> N/A | CC49: N/A | CD49: N/A | CE49: N/A | CF49: N/A | CG49: N/A | CH49: N/A | CI49: N/A | CJ49: N/A | CK49: N/A | CL49: =IFERROR(AVERAGE(CE49,CH49,CK49),"N/A") -> N/A
A50: Hungary | B50: HU | C50: 0.846 | D50: low | E50: 4 | F50: N/A | G50: N/A | H50: N/A | I50: 0,9% | J50: low | K50: 4 | L50: =IFERROR(AVERAGE(E50,H50,K50),"N/A") -> 4 | M50: 4 | N50: high | O50: 2 | P50: N/A | Q50: N/A | R50: N/A | S50: =IFERROR(AVERAGE(O50,R50),"N/A") -> 2 | T50: 55 | U50: low | V50: 4 | W50: N/A | X50: N/A | Y50: N/A | Z50: =IFERROR(AVERAGE(V50,Y50),"N/A") -> 4 | AA50: N/A | AB50: N/A | AC50: N/A | AD50: N/A | AE50: N/A | AF50: N/A | AG50: N/A | AH50: N/A | AI50: N/A | AJ50: N/A | AK50: N/A | AL50: N/A | AM50: =IFERROR(AVERAGE(AC50,AF50,AI50,AL50),"N/A") -> N/A | AN50: N/A | AO50: N/A | AP50: N/A | AQ50: 93 | AR50: medium | AS50: 3 | AT50: =IFERROR(AVERAGE(AP50,AS50),"N/A") -> 3 | AU50: 0.41 | AV50: high | AW50: 2 | AX50: FullyMeets | AY50: low | AZ50: 4 | BA50: 5816 | BB50: medium | BC50: 3 | BD50: =IFERROR(AVERAGE(AW50,AZ50,BC50),"N/A") -> 3 | BE50: N/A | BF50: N/A | BG50: N/A | BH50: N/A | BI50: N/A | BJ50: N/A | BK50: =IFERROR(AVERAGE(BG50,BJ50),"N/A") -> N/A | BL50: 43 | BM50: medium | BN50: 3 | BO50: 50.8 | BQ50: 3 | BR50: =IFERROR(AVERAGE(BN50,BQ50),"N/A") -> 3 | BS50: 97 | BT50: medium | BU50: 3 | BV50: 0.0003 | BW50: low | BX50: 4 | BY50: 0.7 | BZ50: low | CA50: 4 | CB50: =IFERROR(AVERAGE(BU50,BX50,CA50),"N/A") -> 3.6666667 | CC50: 13 | CD50: medium | CE50: 3 | CF50: 0 | CG50: low | CH50: 4 | CI50: 0.07 | CJ50: low | CK50: 4 | CL50: =IFERROR(AVERAGE(CE50,CH50,CK50),"N/A") -> 3.6666667
A51: Iceland | B51: IS | C51: 0.959 | D51: low | E51: 4 | F51: N/A | G51: N/A | H51: N/A | I51: 0,0% | J51: low | K51: 4 | L51: =IFERROR(AVERAGE(E51,H51,K51),"N/A") -> 4 | M51: 1 | N51: low | O51: 4 | P51: N/A | Q51: N/A | R51: N/A | S51: =IFERROR(AVERAGE(O51,R51),"N/A") -> 4 | T51: 8 | U51: low | V51: 4 | W51: N/A | X51: N/A | Y51: N/A | Z51: =IFERROR(AVERAGE(V51,Y51),"N/A") -> 4 | AA51: N/A | AB51: N/A | AC51: N/A | AD51: N/A | AE51: N/A | AF51: N/A | AG51: N/A | AH51: N/A | AI51: N/A | AJ51: N/A | AK51: N/A | AL51: N/A | AM51: =IFERROR(AVERAGE(AC51,AF51,AI51,AL51),"N/A") -> N/A | AN51: N/A | AO51: N/A | AP51: N/A | AQ51: 131 | AR51: medium | AS51: 3 | AT51: =IFERROR(AVERAGE(AP51,AS51),"N/A") -> 3 | AU51: N/A | AV51: N/A | AW51: N/A | AX51: Meets | AY51: medium | AZ51: 3 | BA51: 2204 | BB51: low | BC51: 4 | BD51: =IFERROR(AVERAGE(AW51,AZ51,BC51),"N/A") -> 3.5 | BE51: N/A | BF51: N/A | BG51: N/A | BH51: N/A | BI51: N/A | BJ51: N/A | BK51: =IFERROR(AVERAGE(BG51,BJ51),"N/A") -> N/A | BL51: 57 | BM51: low | BN51: 4 | BO51: 17.1 | BQ51: 4 | BR51: =IFERROR(AVERAGE(BN51,BQ51),"N/A") -> 4 | BS51: 100 | BT51: low | BU51: 4 | BV51: 0.014 | BW51: low | BX51: 4 | BY51: 0.7 | BZ51: low | CA51: 4 | CB51: =IFERROR(AVERAGE(BU51,BX51,CA51),"N/A") -> 4 | CC51: N/A | CD51: N/A | CE51: N/A | CF51: 0 | CG51: low | CH51: 4 | CI51: 0 | CJ51: low | CK51: 4 | CL51: =IFERROR(AVERAGE(CE51,CH51,CK51),"N/A") -> 4
A52: India | B52: IN | C52: 0.633 | D52: high | E52: 2 | F52: 0.088 | G52: medium | H52: 3 | I52: 44,8% | J52: veryHigh | K52: 1 | L52: =IFERROR(AVERAGE(E52,H52,K52),"N/A") -> 2 | M52: 5 | N52: veryHigh | O52: 1 | P52: 0.076 | Q52: medium | R52: 3 | S52: =IFERROR(AVERAGE(O52,R52),"N/A") -> 2 | T52: 122 | U52: high | V52: 2 | W52: 0.095 | X52: medium | Y52: 3 | Z52: =IFERROR(AVERAGE(V52,Y52),"N/A") -> 2.5 | AA52: 0.014 | AB52: low | AC52: 4 | AD52: N/A | AE52: N/A | AF52: N/A | AG52: 0.91 | AH52: low | AI52: 4 | AJ52: 0.79 | AK52: medium | AL52: 3 | AM52: =IFERROR(AVERAGE(AC52,AF52,AI52,AL52),"N/A") -> 3.6666667 | AN52: Yes | AO52: veryHigh | AP52: 1 | AQ52: 53 | AR52: high | AS52: 2 | AT52: =IFERROR(AVERAGE(AP52,AS52),"N/A") -> 1.5 | AU52: 0.45 | AV52: high | AW52: 2 | AX52: RequiresFurtherProgress | AY52: veryHigh | AZ52: 1 | BA52: 245935 | BB52: high | BC52: 2 | BD52: =IFERROR(AVERAGE(AW52,AZ52,BC52),"N/A") -> 1.6666667 | BE52: 51 | BF52: medium | BG52: 3 | BH52: 2.4 | BI52: medium | BJ52: 3 | BK52: =IFERROR(AVERAGE(BG52,BJ52),"N/A") -> 3 | BL52: 33 | BM52: high | BN52: 2 | BO52: 75.3 | BQ52: 3 | BR52: =IFERROR(AVERAGE(BN52,BQ52),"N/A") -> 2.5 | BS52: 7 | BT52: veryHigh | BU52: 1 | BV52: 0.0038 | BW52: low | BX52: 4 | BY52: 266.4 | BZ52: low | CA52: 4 | CB52: =IFERROR(AVERAGE(BU52,BX52,CA52),"N/A") -> 3 | CC52: 30 | CD52: veryHigh | CE52: 1 | CF52: 4 | CG52: veryHigh | CH52: 1 | CI52: 0.33 | CJ52: medium | CK52: 3 | CL52: =IFERROR(AVERAGE(CE52,CH52,CK52),"N/A") -> 1.6666667
A53: Indonesia | B53: ID | C53: 0.705 | D53: medium | E53: 3 | F53: 0.004 | G53: low | H53: 4 | I53: 22,4% | J53: high | K53: 2 | L53: =IFERROR(AVERAGE(E53,H53,K53),"N/A") -> 3 | M53: 5 | N53: veryHigh | O53: 1 | P53: 0.029 | Q53: low | R53: 4 | S53: =IFERROR(AVERAGE(O53,R53),"N/A") -> 2.5 | T53: 110 | U53: medium | V53: 3 | W53: 0.032 | X53: medium | Y53: 3 | Z53: =IFERROR(AVERAGE(V53,Y53),"N/A") -> 3 | AA53: 0.037 | AB53: low | AC53: 4 | AD53: N/A | AE53: N/A | AF53: N/A | AG53: 0.95 | AH53: low | AI53: 4 | AJ53: 0.83 | AK53: low | AL53: 4 | AM53: =IFERROR(AVERAGE(AC53,AF53,AI53,AL53),"N/A") -> 4 | AN53: N/A | AO53: N/A | AP53: N/A | AQ53: 74 | AR53: high | AS53: 2 | AT53: =IFERROR(AVERAGE(AP53,AS53),"N/A") -> 2 | AU53: 0.44 | AV53: high | AW53: 2 | AX53: Meets | AY53: medium | AZ53: 3 | BA53: 13909 | BB53: medium | BC53: 3 | BD53: =IFERROR(AVERAGE(AW53,AZ53,BC53),"N/A") -> 2.6666667 | BE53: 50 | BF53: high | BG53: 2 | BH53: 2.6 | BI53: medium | BJ53: 3 | BK53: =IFERROR(AVERAGE(BG53,BJ53),"N/A") -> 2.5 | BL53: 29 | BM53: high | BN53: 2 | BO53: 66.6 | BQ53: 3 | BR53: =IFERROR(AVERAGE(BN53,BQ53),"N/A") -> 2.5 | BS53: 14 | BT53: high | BU53: 2 | BV53: -0.0078 | BW53: veryHigh | BX53: 1 | BY53: -752.6 | BZ53: veryHigh | CA53: 1 | CB53: =IFERROR(AVERAGE(BU53,BX53,CA53),"N/A") -> 1.3333333 | CC53: 21 | CD53: high | CE53: 2 | CF53: 2 | CG53: medium | CH53: 3 | CI53: 0.36 | CJ53: medium | CK53: 3 | CL53: =IFERROR(AVERAGE(CE53,CH53,CK53),"N/A") -> 2.6666667
A54: Iran | B54: IR | C54: 0.774 | D54: medium | E54: 3 | F54: N/A | G54: N/A | H54: N/A | I54: 6,2% | J54: medium | K54: 3 | L54: =IFERROR(AVERAGE(E54,H54,K54),"N/A") -> 3 | M54: 5 | N54: veryHigh | O54: 1 | P54: 0.002 | Q54: low | R54: 4 | S54: =IFERROR(AVERAGE(O54,R54),"N/A") -> 2.5 | T54: 115 | U54: medium | V54: 3 | W54: 0.002 | X54: low | Y54: 4 | Z54: =IFERROR(AVERAGE(V54,Y54),"N/A") -> 3.5 | AA54: N/A | AB54: N/A | AC54: N/A | AD54: N/A | AE54: N/A | AF54: N/A | AG54: N/A | AH54: N/A | AI54: N/A | AJ54: N/A | AK54: N/A | AL54: N/A | AM54: =IFERROR(AVERAGE(AC54,AF54,AI54,AL54),"N/A") -> N/A | AN54: N/A | AO54: N/A | AP54: N/A | AQ54: 10 | AR54: veryHigh | AS54: 1 | AT54: =IFERROR(AVERAGE(AP54,AS54),"N/A") -> 1 | AU54: 0.44 | AV54: high | AW54: 2 | AX54: N/A | AY54: N/A | AZ54: N/A | BA54: 802087 | BB54: veryHigh | BC54: 1 | BD54: =IFERROR(AVERAGE(AW54,AZ54,BC54),"N/A") -> 1.5 | BE54: 14 | BF54: veryHigh | BG54: 1 | BH54: N/A | BI54: N/A | BJ54: N/A | BK54: =IFERROR(AVERAGE(BG54,BJ54),"N/A") -> 1 | BL54: 10 | BM54: veryHigh | BN54: 1 | BO54: 84.1 | BQ54: 2 | BR54: =IFERROR(AVERAGE(BN54,BQ54),"N/A") -> 1.5 | BS54: 18 | BT54: high | BU54: 2 | BV54: 0.0006 | BW54: low | BX54: 4 | BY54: 6 | BZ54: low | CA54: 4 | CB54: =IFERROR(AVERAGE(BU54,BX54,CA54),"N/A") -> 3.3333333 | CC54: 23 | CD54: high | CE54: 2 | CF54: 4 | CG54: veryHigh | CH54: 1 | CI54: 0.41 | CJ54: high | CK54: 2 | CL54: =IFERROR(AVERAGE(CE54,CH54,CK54),"N/A") -> 1.6666667
A55: Ireland | B55: IE | C55: 0.945 | D55: low | E55: 4 | F55: N/A | G55: N/A | H55: N/A | I55: 0,1% | J55: low | K55: 4 | L55: =IFERROR(AVERAGE(E55,H55,K55),"N/A") -> 4 | M55: 1 | N55: low | O55: 4 | P55: N/A | Q55: N/A | R55: N/A | S55: =IFERROR(AVERAGE(O55,R55),"N/A") -> 4 | T55: 21 | U55: low | V55: 4 | W55: N/A | X55: N/A | Y55: N/A | Z55: =IFERROR(AVERAGE(V55,Y55),"N/A") -> 4 | AA55: N/A | AB55: N/A | AC55: N/A | AD55: N/A | AE55: N/A | AF55: N/A | AG55: N/A | AH55: N/A | AI55: N/A | AJ55: N/A | AK55: N/A | AL55: N/A | AM55: =IFERROR(AVERAGE(AC55,AF55,AI55,AL55),"N/A") -> N/A | AN55: N/A | AO55: N/A | AP55: N/A | AQ55: 147 | AR55: low | AS55: 4 | AT55: =IFERROR(AVERAGE(AP55,AS55),"N/A") -> 4 | AU55: 0.77 | AV55: low | AW55: 4 | AX55: Meets | AY55: medium | AZ55: 3 | BA55: 16482 | BB55: medium | BC55: 3 | BD55: =IFERROR(AVERAGE(AW55,AZ55,BC55),"N/A") -> 3.3333333 | BE55: N/A | BF55: N/A | BG55: N/A | BH55: N/A | BI55: N/A | BJ55: N/A | BK55: =IFERROR(AVERAGE(BG55,BJ55),"N/A") -> N/A | BL55: 58 | BM55: low | BN55: 4 | BO55: 20.8 | BQ55: 4 | BR55: =IFERROR(AVERAGE(BN55,BQ55),"N/A") -> 4 | BS55: 123 | BT55: low | BU55: 4 | BV55: 0.0082 | BW55: low | BX55: 4 | BY55: 6.2 | BZ55: low | CA55: 4 | CB55: =IFERROR(AVERAGE(BU55,BX55,CA55),"N/A") -> 4 | CC55: N/A | CD55: N/A | CE55: N/A | CF55: 0 | CG55: low | CH55: 4 | CI55: 0 | CJ55: low | CK55: 4 | CL55: =IFERROR(AVERAGE(CE55,CH55,CK55),"N/A") -> 4
A56: Israel | B56: IL | C56: 0.919 | D56: low | E56: 4 | F56: N/A | G56: N/A | H56: N/A | I56: 1,0% | J56: low | K56: 4 | L56: =IFERROR(AVERAGE(E56,H56,K56),"N/A") -> 4 | M56: 2 | N56: low | O56: 4 | P56: N/A | Q56: N/A | R56: N/A | S56: =IFERROR(AVERAGE(O56,R56),"N/A") -> 4 | T56: 22 | U56: low | V56: 4 | W56: N/A | X56: N/A | Y56: N/A | Z56: =IFERROR(AVERAGE(V56,Y56),"N/A") -> 4 | AA56: N/A | AB56: N/A | AC56: N/A | AD56: N/A | AE56: N/A | AF56: N/A | AG56: N/A | AH56: N/A | AI56: N/A | AJ56: N/A | AK56: N/A | AL56: N/A | AM56: =IFERROR(AVERAGE(AC56,AF56,AI56,AL56),"N/A") -> N/A | AN56: N/A | AO56: N/A | AP56: N/A | AQ56: 90 | AR56: medium | AS56: 3 | AT56: =IFERROR(AVERAGE(AP56,AS56),"N/A") -> 3 | AU56: N/A | AV56: N/A | AW56: N/A | AX56: FullyMeets | AY56: low | AZ56: 4 | BA56: 39187 | BB56: medium | BC56: 3 | BD56: =IFERROR(AVERAGE(AW56,AZ56,BC56),"N/A") -> 3.5 | BE56: 108 | BF56: low | BG56: 4 | BH56: 4 | BI56: veryHigh | BJ56: 1 | BK56: =IFERROR(AVERAGE(BG56,BJ56),"N/A") -> 2.5 | BL56: 42 | BM56: medium | BN56: 3 | BO56: 42.6 | BQ56: 4 | BR56: =IFERROR(AVERAGE(BN56,BQ56),"N/A") -> 3.5 | BS56: 128 | BT56: low | BU56: 4 | BV56: -0.0095 | BW56: veryHigh | BX56: 1 | BY56: -1.4 | BZ56: medium | CA56: 3 | CB56: =IFERROR(AVERAGE(BU56,BX56,CA56),"N/A") -> 2.6666667 | CC56: N/A | CD56: N/A | CE56: N/A | CF56: 4 | CG56: veryHigh | CH56: 1 | CI56: 0.93 | CJ56: veryHigh | CK56: 1 | CL56: =IFERROR(AVERAGE(CE56,CH56,CK56),"N/A") -> 1
A57: Italy | B57: IT | C57: 0.895 | D57: low | E57: 4 | F57: N/A | G57: N/A | H57: N/A | I57: 2,1% | J57: low | K57: 4 | L57: =IFERROR(AVERAGE(E57,H57,K57),"N/A") -> 4 | M57: 1 | N57: low | O57: 4 | P57: N/A | Q57: N/A | R57: N/A | S57: =IFERROR(AVERAGE(O57,R57),"N/A") -> 4 | T57: 13 | U57: low | V57: 4 | W57: N/A | X57: N/A | Y57: N/A | Z57: =IFERROR(AVERAGE(V57,Y57),"N/A") -> 4 | AA57: N/A | AB57: N/A | AC57: N/A | AD57: N/A | AE57: N/A | AF57: N/A | AG57: N/A | AH57: N/A | AI57: N/A | AJ57: N/A | AK57: N/A | AL57: N/A | AM57: =IFERROR(AVERAGE(AC57,AF57,AI57,AL57),"N/A") -> N/A | AN57: N/A | AO57: N/A | AP57: N/A | AQ57: 122 | AR57: medium | AS57: 3 | AT57: =IFERROR(AVERAGE(AP57,AS57),"N/A") -> 3 | AU57: 0.66 | AV57: medium | AW57: 3 | AX57: FullyMeets | AY57: low | AZ57: 4 | BA57: 199641 | BB57: high | BC57: 2 | BD57: =IFERROR(AVERAGE(AW57,AZ57,BC57),"N/A") -> 3 | BE57: N/A | BF57: N/A | BG57: N/A | BH57: N/A | BI57: N/A | BJ57: N/A | BK57: =IFERROR(AVERAGE(BG57,BJ57),"N/A") -> N/A | BL57: 54 | BM57: low | BN57: 4 | BO57: 43.4 | BQ57: 4 | BR57: =IFERROR(AVERAGE(BN57,BQ57),"N/A") -> 4 | BS57: 35 | BT57: high | BU57: 2 | BV57: 0.0058 | BW57: low | BX57: 4 | BY57: 53.8 | BZ57: low | CA57: 4 | CB57: =IFERROR(AVERAGE(BU57,BX57,CA57),"N/A") -> 3.3333333 | CC57: 13 | CD57: medium | CE57: 3 | CF57: 3 | CG57: high | CH57: 2 | CI57: 0.19 | CJ57: medium | CK57: 3 | CL57: =IFERROR(AVERAGE(CE57,CH57,CK57),"N/A") -> 2.6666667
A58: Japan | B58: JP | C58: 0.925 | D58: low | E58: 4 | F58: N/A | G58: N/A | H58: N/A | I58: 0,9% | J58: low | K58: 4 | L58: =IFERROR(AVERAGE(E58,H58,K58),"N/A") -> 4 | M58: 2 | N58: low | O58: 4 | P58: N/A | Q58: N/A | R58: N/A | S58: =IFERROR(AVERAGE(O58,R58),"N/A") -> 4 | T58: 22 | U58: low | V58: 4 | W58: N/A | X58: N/A | Y58: N/A | Z58: =IFERROR(AVERAGE(V58,Y58),"N/A") -> 4 | AA58: N/A | AB58: N/A | AC58: N/A | AD58: N/A | AE58: N/A | AF58: N/A | AG58: N/A | AH58: N/A | AI58: N/A | AJ58: N/A | AK58: N/A | AL58: N/A | AM58: =IFERROR(AVERAGE(AC58,AF58,AI58,AL58),"N/A") -> N/A | AN58: N/A | AO58: N/A | AP58: N/A | AQ58: 167 | AR58: low | AS58: 4 | AT58: =IFERROR(AVERAGE(AP58,AS58),"N/A") -> 4 | AU58: 0.82 | AV58: low | AW58: 4 | AX58: FullyMeets | AY58: low | AZ58: 4 | BA58: 18748 | BB58: medium | BC58: 3 | BD58: =IFERROR(AVERAGE(AW58,AZ58,BC58),"N/A") -> 3.6666667 | BE58: N/A | BF58: N/A | BG58: N/A | BH58: N/A | BI58: N/A | BJ58: N/A | BK58: =IFERROR(AVERAGE(BG58,BJ58),"N/A") -> N/A | BL58: 56 | BM58: low | BN58: 4 | BO58: 31 | BQ58: 4 | BR58: =IFERROR(AVERAGE(BN58,BQ58),"N/A") -> 4 | BS58: 4 | BT58: veryHigh | BU58: 1 | BV58: -0.0001 | BW58: medium | BX58: 3 | BY58: -3.1 | BZ58: medium | CA58: 3 | CB58: =IFERROR(AVERAGE(BU58,BX58,CA58),"N/A") -> 2.3333333 | CC58: N/A | CD58: N/A | CE58: N/A | CF58: 1 | CG58: medium | CH58: 3 | CI58: 0.35 | CJ58: medium | CK58: 3 | CL58: =IFERROR(AVERAGE(CE58,CH58,CK58),"N/A") -> 3
A59: Kenya | B59: KE | C59: 0.575 | D59: high | E59: 2 | F59: N/A | G59: N/A | H59: N/A | I59: 59,6% | J59: veryHigh | K59: 1 | L59: =IFERROR(AVERAGE(E59,H59,K59),"N/A") -> 1.5 | M59: 4 | N59: high | O59: 2 | P59: 0.264 | Q59: high | R59: 2 | S59: =IFERROR(AVERAGE(O59,R59),"N/A") -> 2 | T59: 128 | U59: high | V59: 2 | W59: 0.268 | X59: high | Y59: 2 | Z59: =IFERROR(AVERAGE(V59,Y59),"N/A") -> 2 | AA59: 0.116 | AB59: medium | AC59: 3 | AD59: N/A | AE59: N/A | AF59: N/A | AG59: 0.76 | AH59: medium | AI59: 3 | AJ59: 0.59 | AK59: high | AL59: 2 | AM59: =IFERROR(AVERAGE(AC59,AF59,AI59,AL59),"N/A") -> 2.6666667 | AN59: N/A | AO59: N/A | AP59: N/A | AQ59: 41 | AR59: high | AS59: 2 | AT59: =IFERROR(AVERAGE(AP59,AS59),"N/A") -> 2 | AU59: 0.46 | AV59: high | AW59: 2 | AX59: FullyMeets | AY59: low | AZ59: 4 | BA59: 710978 | BB59: veryHigh | BC59: 1 | BD59: =IFERROR(AVERAGE(AW59,AZ59,BC59),"N/A") -> 2.3333333 | BE59: 52 | BF59: medium | BG59: 3 | BH59: 2.2 | BI59: medium | BJ59: 3 | BK59: =IFERROR(AVERAGE(BG59,BJ59),"N/A") -> 3 | BL59: 29 | BM59: high | BN59: 2 | BO59: 88.2 | BQ59: 2 | BR59: =IFERROR(AVERAGE(BN59,BQ59),"N/A") -> 2 | BS59: 25 | BT59: high | BU59: 2 | BV59: -0.0001 | BW59: medium | BX59: 3 | BY59: -0.5 | BZ59: medium | CA59: 3 | CB59: =IFERROR(AVERAGE(BU59,BX59,CA59),"N/A") -> 2.6666667 | CC59: 40 | CD59: veryHigh | CE59: 1 | CF59: 0 | CG59: low | CH59: 4 | CI59: 0.35 | CJ59: medium | CK59: 3 | CL59: =IFERROR(AVERAGE(CE59,CH59,CK59),"N/A") -> 2.6666667
A60: Kiribati | B60: KI | C60: 0.624 | D60: high | E60: 2 | F60: 0.035 | G60: low | H60: 4 | I60: 19,4% | J60: high | K60: 2 | L60: =IFERROR(AVERAGE(E60,H60,K60),"N/A") -> 2.6666667 | M60: N/A | N60: N/A | O60: N/A | P60: N/A | Q60: N/A | R60: N/A | S60: =IFERROR(AVERAGE(O60,R60),"N/A") -> N/A | T60: N/A | U60: N/A | V60: N/A | W60: N/A | X60: N/A | Y60: N/A | Z60: =IFERROR(AVERAGE(V60,Y60),"N/A") -> N/A | AA60: 0.146 | AB60: medium | AC60: 3 | AD60: 0.17 | AE60: high | AF60: 2 | AG60: 0.93 | AH60: low | AI60: 4 | AJ60: 0.71 | AK60: medium | AL60: 3 | AM60: =IFERROR(AVERAGE(AC60,AF60,AI60,AL60),"N/A") -> 3 | AN60: N/A | AO60: N/A | AP60: N/A | AQ60: N/A | AR60: N/A | AS60: N/A | AT60: =IFERROR(AVERAGE(AP60,AS60),"N/A") -> N/A | AU60: N/A | AV60: N/A | AW60: N/A | AX60: N/A | AY60: N/A | AZ60: N/A | BA60: N/A | BB60: N/A | BC60: N/A | BD60: =IFERROR(AVERAGE(AW60,AZ60,BC60),"N/A") -> N/A | BE60: N/A | BF60: N/A | BG60: N/A | BH60: N/A | BI60: N/A | BJ60: N/A | BK60: =IFERROR(AVERAGE(BG60,BJ60),"N/A") -> N/A | BL60: 56 | BM60: low | BN60: 4 | BO60: N/A | BQ60: N/A | BR60: =IFERROR(AVERAGE(BN60,BQ60),"N/A") -> 4 | BS60: 130 | BT60: low | BU60: 4 | BV60: 0 | BW60: low | BX60: 4 | BY60: 0 | BZ60: low | CA60: 4 | CB60: =IFERROR(AVERAGE(BU60,BX60,CA60),"N/A") -> 4 | CC60: N/A | CD60: N/A | CE60: N/A | CF60: N/A | CG60: N/A | CH60: N/A | CI60: N/A | CJ60: N/A | CK60: N/A | CL60: =IFERROR(AVERAGE(CE60,CH60,CK60),"N/A") -> N/A
A61: Kuwait | B61: KW | C61: 0.831 | D61: low | E61: 4 | F61: N/A | G61: N/A | H61: N/A | I61: N/A | J61: N/A | K61: N/A | L61: =IFERROR(AVERAGE(E61,H61,K61),"N/A") -> 4 | M61: 5 | N61: veryHigh | O61: 1 | P61: N/A | Q61: N/A | R61: N/A | S61: =IFERROR(AVERAGE(O61,R61),"N/A") -> 1 | T61: 74 | U61: medium | V61: 3 | W61: N/A | X61: N/A | Y61: N/A | Z61: =IFERROR(AVERAGE(V61,Y61),"N/A") -> 3 | AA61: N/A | AB61: N/A | AC61: N/A | AD61: N/A | AE61: N/A | AF61: N/A | AG61: N/A | AH61: N/A | AI61: N/A | AJ61: N/A | AK61: N/A | AL61: N/A | AM61: =IFERROR(AVERAGE(AC61,AF61,AI61,AL61),"N/A") -> N/A | AN61: N/A | AO61: N/A | AP61: N/A | AQ61: 155 | AR61: low | AS61: 4 | AT61: =IFERROR(AVERAGE(AP61,AS61),"N/A") -> 4 | AU61: N/A | AV61: N/A | AW61: N/A | AX61: FullyMeets | AY61: low | AZ61: 4 | BA61: 93821 | BB61: high | BC61: 2 | BD61: =IFERROR(AVERAGE(AW61,AZ61,BC61),"N/A") -> 3 | BE61: N/A | BF61: N/A | BG61: N/A | BH61: N/A | BI61: N/A | BJ61: N/A | BK61: =IFERROR(AVERAGE(BG61,BJ61),"N/A") -> N/A | BL61: 23 | BM61: high | BN61: 2 | BO61: 52.2 | BQ61: 3 | BR61: =IFERROR(AVERAGE(BN61,BQ61),"N/A") -> 2.5 | BS61: 130 | BT61: low | BU61: 4 | BV61: 0 | BW61: low | BX61: 4 | BY61: 0 | BZ61: low | CA61: 4 | CB61: =IFERROR(AVERAGE(BU61,BX61,CA61),"N/A") -> 4 | CC61: 64 | CD61: veryHigh | CE61: 1 | CF61: 4 | CG61: veryHigh | CH61: 1 | CI61: 0.86 | CJ61: veryHigh | CK61: 1 | CL61: =IFERROR(AVERAGE(CE61,CH61,CK61),"N/A") -> 1
A62: Kyrgyzstan | B62: KG | C62: 0.692 | D62: high | E62: 2 | F62: 0 | G62: low | H62: 4 | I62: 18,7% | J62: high | K62: 2 | L62: =IFERROR(AVERAGE(E62,H62,K62),"N/A") -> 2.6666667 | M62: 4 | N62: high | O62: 2 | P62: 0.003 | Q62: low | R62: 4 | S62: =IFERROR(AVERAGE(O62,R62),"N/A") -> 3 | T62: 87 | U62: medium | V62: 3 | W62: 0.001 | X62: low | Y62: 4 | Z62: =IFERROR(AVERAGE(V62,Y62),"N/A") -> 3.5 | AA62: 0.34 | AB62: veryHigh | AC62: 1 | AD62: 0.22 | AE62: high | AF62: 2 | AG62: 0.99 | AH62: low | AI62: 4 | AJ62: 0.99 | AK62: low | AL62: 4 | AM62: =IFERROR(AVERAGE(AC62,AF62,AI62,AL62),"N/A") -> 2.75 | AN62: N/A | AO62: N/A | AP62: N/A | AQ62: 85 | AR62: high | AS62: 2 | AT62: =IFERROR(AVERAGE(AP62,AS62),"N/A") -> 2 | AU62: 0.49 | AV62: high | AW62: 2 | AX62: FullyMeets | AY62: low | AZ62: 4 | BA62: 1598 | BB62: low | BC62: 4 | BD62: =IFERROR(AVERAGE(AW62,AZ62,BC62),"N/A") -> 3.3333333 | BE62: 53 | BF62: medium | BG62: 3 | BH62: N/A | BI62: N/A | BJ62: N/A | BK62: =IFERROR(AVERAGE(BG62,BJ62),"N/A") -> 3 | BL62: 23 | BM62: high | BN62: 2 | BO62: 77.1 | BQ62: 3 | BR62: =IFERROR(AVERAGE(BN62,BQ62),"N/A") -> 2.5 | BS62: 130 | BT62: low | BU62: 4 | BV62: 0.0068 | BW62: low | BX62: 4 | BY62: 8.6 | BZ62: low | CA62: 4 | CB62: =IFERROR(AVERAGE(BU62,BX62,CA62),"N/A") -> 4 | CC62: 24 | CD62: high | CE62: 2 | CF62: 3 | CG62: high | CH62: 2 | CI62: 0.24 | CJ62: medium | CK62: 3 | CL62: =IFERROR(AVERAGE(CE62,CH62,CK62),"N/A") -> 2.3333333
A63: Laos | B63: LA | C63: 0.607 | D63: high | E63: 2 | F63: 0.096 | G63: medium | H63: 3 | I63: 32,5% | J63: high | K63: 2 | L63: =IFERROR(AVERAGE(E63,H63,K63),"N/A") -> 2.3333333 | M63: 5 | N63: veryHigh | O63: 1 | P63: 0.093 | Q63: medium | R63: 3 | S63: =IFERROR(AVERAGE(O63,R63),"N/A") -> 2 | T63: 120 | U63: high | V63: 2 | W63: 0.091 | X63: medium | Y63: 3 | Z63: =IFERROR(AVERAGE(V63,Y63),"N/A") -> 2.5 | AA63: N/A | AB63: N/A | AC63: N/A | AD63: 0.28 | AE63: veryHigh | AF63: 1 | AG63: 0.79 | AH63: medium | AI63: 3 | AJ63: 0.44 | AK63: high | AL63: 2 | AM63: =IFERROR(AVERAGE(AC63,AF63,AI63,AL63),"N/A") -> 2 | AN63: N/A | AO63: N/A | AP63: N/A | AQ63: 22 | AR63: veryHigh | AS63: 1 | AT63: =IFERROR(AVERAGE(AP63,AS63),"N/A") -> 1 | AU63: N/A | AV63: N/A | AW63: N/A | AX63: N/A | AY63: N/A | AZ63: N/A | BA63: N/A | BB63: N/A | BC63: N/A | BD63: =IFERROR(AVERAGE(AW63,AZ63,BC63),"N/A") -> N/A | BE63: 54 | BF63: medium | BG63: 3 | BH63: 3 | BI63: high | BJ63: 2 | BK63: =IFERROR(AVERAGE(BG63,BJ63),"N/A") -> 2.5 | BL63: 11 | BM63: veryHigh | BN63: 1 | BO63: 75.5 | BQ63: 3 | BR63: =IFERROR(AVERAGE(BN63,BQ63),"N/A") -> 2 | BS63: 45 | BT63: high | BU63: 2 | BV63: -0.0021 | BW63: high | BX63: 2 | BY63: -34.5 | BZ63: medium | CA63: 3 | CB63: =IFERROR(AVERAGE(BU63,BX63,CA63),"N/A") -> 2.3333333 | CC63: N/A | CD63: N/A | CE63: N/A | CF63: 0 | CG63: low | CH63: 4 | CI63: 0 | CJ63: low | CK63: 4 | CL63: =IFERROR(AVERAGE(CE63,CH63,CK63),"N/A") -> 4
A64: Lebanon | B64: LB | C64: 0.706 | D64: medium | E64: 3 | F64: N/A | G64: N/A | H64: N/A | I64: 0,0% | J64: low | K64: 4 | L64: =IFERROR(AVERAGE(E64,H64,K64),"N/A") -> 3.5 | M64: 4 | N64: high | O64: 2 | P64: 0.001 | Q64: low | R64: 4 | S64: =IFERROR(AVERAGE(O64,R64),"N/A") -> 3 | T64: 108 | U64: medium | V64: 3 | W64: 0.001 | X64: low | Y64: 4 | Z64: =IFERROR(AVERAGE(V64,Y64),"N/A") -> 3.5 | AA64: Yes | AB64: medium | AC64: 3 | AD64: N/A | AE64: N/A | AF64: N/A | AG64: N/A | AH64: N/A | AI64: N/A | AJ64: N/A | AK64: N/A | AL64: N/A | AM64: =IFERROR(AVERAGE(AC64,AF64,AI64,AL64),"N/A") -> 3 | AN64: N/A | AO64: N/A | AP64: N/A | AQ64: 145 | AR64: low | AS64: 4 | AT64: =IFERROR(AVERAGE(AP64,AS64),"N/A") -> 4 | AU64: 0.39 | AV64: high | AW64: 2 | AX64: FullyMeets | AY64: low | AZ64: 4 | BA64: 868919 | BB64: veryHigh | BC64: 1 | BD64: =IFERROR(AVERAGE(AW64,AZ64,BC64),"N/A") -> 2.3333333 | BE64: 31 | BF64: high | BG64: 2 | BH64: N/A | BI64: N/A | BJ64: N/A | BK64: =IFERROR(AVERAGE(BG64,BJ64),"N/A") -> 2 | BL64: 29 | BM64: high | BN64: 2 | BO64: 91.3 | BQ64: 1 | BR64: =IFERROR(AVERAGE(BN64,BQ64),"N/A") -> 1.5 | BS64: 44 | BT64: high | BU64: 2 | BV64: 0.0043 | BW64: low | BX64: 4 | BY64: 0.6 | BZ64: low | CA64: 4 | CB64: =IFERROR(AVERAGE(BU64,BX64,CA64),"N/A") -> 3.3333333 | CC64: N/A | CD64: N/A | CE64: N/A | CF64: 4 | CG64: veryHigh | CH64: 1 | CI64: 0.72 | CJ64: high | CK64: 2 | CL64: =IFERROR(AVERAGE(CE64,CH64,CK64),"N/A") -> 1.5
A65: Liechtenstein | B65: LI | C65: 0.935 | D65: low | E65: 4 | F65: N/A | G65: N/A | H65: N/A | I65: N/A | J65: N/A | K65: N/A | L65: =IFERROR(AVERAGE(E65,H65,K65),"N/A") -> 4 | M65: N/A | N65: N/A | O65: N/A | P65: N/A | Q65: N/A | R65: N/A | S65: =IFERROR(AVERAGE(O65,R65),"N/A") -> N/A | T65: N/A | U65: N/A | V65: N/A | W65: N/A | X65: N/A | Y65: N/A | Z65: =IFERROR(AVERAGE(V65,Y65),"N/A") -> N/A | AA65: N/A | AB65: N/A | AC65: N/A | AD65: N/A | AE65: N/A | AF65: N/A | AG65: N/A | AH65: N/A | AI65: N/A | AJ65: N/A | AK65: N/A | AL65: N/A | AM65: =IFERROR(AVERAGE(AC65,AF65,AI65,AL65),"N/A") -> N/A | AN65: N/A | AO65: N/A | AP65: N/A | AQ65: N/A | AR65: N/A | AS65: N/A | AT65: =IFERROR(AVERAGE(AP65,AS65),"N/A") -> N/A | AU65: N/A | AV65: N/A | AW65: N/A | AX65: N/A | AY65: N/A | AZ65: N/A | BA65: 155 | BB65: low | BC65: 4 | BD65: =IFERROR(AVERAGE(AW65,AZ65,BC65),"N/A") -> 4 | BE65: N/A | BF65: N/A | BG65: N/A | BH65: N/A | BI65: N/A | BJ65: N/A | BK65: =IFERROR(AVERAGE(BG65,BJ65),"N/A") -> N/A | BL65: 57 | BM65: low | BN65: 4 | BO65: N/A | BQ65: N/A | BR65: =IFERROR(AVERAGE(BN65,BQ65),"N/A") -> 4 | BS65: N/A | BT65: N/A | BU65: N/A | BV65: N/A | BW65: N/A | BX65: N/A | BY65: N/A | BZ65: N/A | CA65: N/A | CB65: =IFERROR(AVERAGE(BU65,BX65,CA65),"N/A") -> N/A | CC65: N/A | CD65: N/A | CE65: N/A | CF65: 0 | CG65: low | CH65: 4 | CI65: N/A | CJ65: N/A | CK65: N/A | CL65: =IFERROR(AVERAGE(CE65,CH65,CK65),"N/A") -> 4
A66: Lithuania | B66: LT | C66: 0.875 | D66: low | E66: 4 | F66: N/A | G66: N/A | H66: N/A | I66: 0,7% | J66: low | K66: 4 | L66: =IFERROR(AVERAGE(E66,H66,K66),"N/A") -> 4 | M66: 2 | N66: low | O66: 4 | P66: N/A | Q66: N/A | R66: N/A | S66: =IFERROR(AVERAGE(O66,R66),"N/A") -> 4 | T66: 30 | U66: low | V66: 4 | W66: N/A | X66: N/A | Y66: N/A | Z66: =IFERROR(AVERAGE(V66,Y66),"N/A") -> 4 | AA66: N/A | AB66: N/A | AC66: N/A | AD66: N/A | AE66: N/A | AF66: N/A | AG66: N/A | AH66: N/A | AI66: N/A | AJ66: N/A | AK66: N/A | AL66: N/A | AM66: =IFERROR(AVERAGE(AC66,AF66,AI66,AL66),"N/A") -> N/A | AN66: N/A | AO66: N/A | AP66: N/A | AQ66: 59 | AR66: high | AS66: 2 | AT66: =IFERROR(AVERAGE(AP66,AS66),"N/A") -> 2 | AU66: 0.75 | AV66: medium | AW66: 3 | AX66: FullyMeets | AY66: low | AZ66: 4 | BA66: 4722 | BB66: low | BC66: 4 | BD66: =IFERROR(AVERAGE(AW66,AZ66,BC66),"N/A") -> 3.6666667 | BE66: N/A | BF66: N/A | BG66: N/A | BH66: N/A | BI66: N/A | BJ66: N/A | BK66: =IFERROR(AVERAGE(BG66,BJ66),"N/A") -> N/A | BL66: 51 | BM66: medium | BN66: 3 | BO66: 38.6 | BQ66: 4 | BR66: =IFERROR(AVERAGE(BN66,BQ66),"N/A") -> 3.5 | BS66: 130 | BT66: low | BU66: 4 | BV66: 0.0014 | BW66: low | BX66: 4 | BY66: 3.1 | BZ66: low | CA66: 4 | CB66: =IFERROR(AVERAGE(BU66,BX66,CA66),"N/A") -> 4 | CC66: 3 | CD66: low | CE66: 4 | CF66: 1 | CG66: medium | CH66: 3 | CI66: 0 | CJ66: low | CK66: 4 | CL66: =IFERROR(AVERAGE(CE66,CH66,CK66),"N/A") -> 3.6666667
A67: Luxembourg | B67: LU | C67: 0.93 | D67: low | E67: 4 | F67: N/A | G67: N/A | H67: N/A | I67: 0,1% | J67: low | K67: 4 | L67: =IFERROR(AVERAGE(E67,H67,K67),"N/A") -> 4 | M67: N/A | N67: N/A | O67: N/A | P67: N/A | Q67: N/A | R67: N/A | S67: =IFERROR(AVERAGE(O67,R67),"N/A") -> N/A | T67: 9 | U67: low | V67: 4 | W67: N/A | X67: N/A | Y67: N/A | Z67: =IFERROR(AVERAGE(V67,Y67),"N/A") -> 4 | AA67: N/A | AB67: N/A | AC67: N/A | AD67: N/A | AE67: N/A | AF67: N/A | AG67: N/A | AH67: N/A | AI67: N/A | AJ67: N/A | AK67: N/A | AL67: N/A | AM67: =IFERROR(AVERAGE(AC67,AF67,AI67,AL67),"N/A") -> N/A | AN67: N/A | AO67: N/A | AP67: N/A | AQ67: 154 | AR67: low | AS67: 4 | AT67: =IFERROR(AVERAGE(AP67,AS67),"N/A") -> 4 | AU67: 0.71 | AV67: medium | AW67: 3 | AX67: FullyMeets | AY67: low | AZ67: 4 | BA67: 8057 | BB67: medium | BC67: 3 | BD67: =IFERROR(AVERAGE(AW67,AZ67,BC67),"N/A") -> 3.3333333 | BE67: N/A | BF67: N/A | BG67: N/A | BH67: N/A | BI67: N/A | BJ67: N/A | BK67: =IFERROR(AVERAGE(BG67,BJ67),"N/A") -> N/A | BL67: 59 | BM67: low | BN67: 4 | BO67: 20 | BQ67: 4 | BR67: =IFERROR(AVERAGE(BN67,BQ67),"N/A") -> 4 | BS67: 74 | BT67: medium | BU67: 3 | BV67: 0 | BW67: low | BX67: 4 | BY67: 0 | BZ67: low | CA67: 4 | CB67: =IFERROR(AVERAGE(BU67,BX67,CA67),"N/A") -> 3.6666667 | CC67: 4 | CD67: low | CE67: 4 | CF67: 2 | CG67: medium | CH67: 3 | CI67: 0 | CJ67: low | CK67: 4 | CL67: =IFERROR(AVERAGE(CE67,CH67,CK67),"N/A") -> 3.6666667
A68: Madagascar | B68: MG | C68: 0.501 | D68: veryHigh | E68: 1 | F68: 0.455 | G68: high | H68: 2 | I68: 92,4% | J68: veryHigh | K68: 1 | L68: =IFERROR(AVERAGE(E68,H68,K68),"N/A") -> 1.3333333 | M68: 3 | N68: medium | O68: 3 | P68: 0.761 | Q68: veryHigh | R68: 1 | S68: =IFERROR(AVERAGE(O68,R68),"N/A") -> 2 | T68: 143 | U68: high | V68: 2 | W68: 0.752 | X68: veryHigh | Y68: 1 | Z68: =IFERROR(AVERAGE(V68,Y68),"N/A") -> 1.5 | AA68: 0.432 | AB68: veryHigh | AC68: 1 | AD68: 0.37 | AE68: veryHigh | AF68: 1 | AG68: 0.5 | AH68: veryHigh | AI68: 1 | AJ68: 0.19 | AK68: veryHigh | AL68: 1 | AM68: =IFERROR(AVERAGE(AC68,AF68,AI68,AL68),"N/A") -> 1 | AN68: N/A | AO68: N/A | AP68: N/A | AQ68: 34 | AR68: veryHigh | AS68: 1 | AT68: =IFERROR(AVERAGE(AP68,AS68),"N/A") -> 1 | AU68: 0.62 | AV68: medium | AW68: 3 | AX68: N/A | AY68: N/A | AZ68: N/A | BA68: 297 | BB68: low | BC68: 4 | BD68: =IFERROR(AVERAGE(AW68,AZ68,BC68),"N/A") -> 3.5 | BE68: 86 | BF68: low | BG68: 4 | BH68: 3 | BI68: high | BJ68: 2 | BK68: =IFERROR(AVERAGE(BG68,BJ68),"N/A") -> 3 | BL68: 34 | BM68: high | BN68: 2 | BO68: 80.4 | BQ68: 2 | BR68: =IFERROR(AVERAGE(BN68,BQ68),"N/A") -> 2 | BS68: 29 | BT68: high | BU68: 2 | BV68: -0.0011 | BW68: medium | BX68: 3 | BY68: -13.2 | BZ68: medium | CA68: 3 | CB68: =IFERROR(AVERAGE(BU68,BX68,CA68),"N/A") -> 2.6666667 | CC68: 30 | CD68: veryHigh | CE68: 1 | CF68: 0 | CG68: low | CH68: 4 | CI68: 0.09 | CJ68: low | CK68: 4 | CL68: =IFERROR(AVERAGE(CE68,CH68,CK68),"N/A") -> 3
A69: Malawi | B69: MW | C69: 0.512 | D69: veryHigh | E69: 1 | F69: 0.198 | G69: medium | H69: 3 | I69: 89,1% | J69: veryHigh | K69: 1 | L69: =IFERROR(AVERAGE(E69,H69,K69),"N/A") -> 1.6666667 | M69: 2 | N69: low | O69: 4 | P69: 0.65 | Q69: veryHigh | R69: 1 | S69: =IFERROR(AVERAGE(O69,R69),"N/A") -> 2.5 | T69: 142 | U69: high | V69: 2 | W69: 0.677 | X69: veryHigh | Y69: 1 | Z69: =IFERROR(AVERAGE(V69,Y69),"N/A") -> 1.5 | AA69: 0.229 | AB69: high | AC69: 2 | AD69: 0.14 | AE69: medium | AF69: 3 | AG69: 0.43 | AH69: veryHigh | AI69: 1 | AJ69: 0.16 | AK69: veryHigh | AL69: 1 | AM69: =IFERROR(AVERAGE(AC69,AF69,AI69,AL69),"N/A") -> 1.75 | AN69: NotIdentifiedinAgriculture | AO69: medium | AP69: 3 | AQ69: 35 | AR69: veryHigh | AS69: 1 | AT69: =IFERROR(AVERAGE(AP69,AS69),"N/A") -> 2 | AU69: 0.56 | AV69: medium | AW69: 3 | AX69: FullyMeets | AY69: low | AZ69: 4 | BA69: 52673 | BB69: medium | BC69: 3 | BD69: =IFERROR(AVERAGE(AW69,AZ69,BC69),"N/A") -> 3.3333333 | BE69: 94 | BF69: low | BG69: 4 | BH69: 2.5 | BI69: medium | BJ69: 3 | BK69: =IFERROR(AVERAGE(BG69,BJ69),"N/A") -> 3.5 | BL69: 37 | BM69: medium | BN69: 3 | BO69: 83 | BQ69: 2 | BR69: =IFERROR(AVERAGE(BN69,BQ69),"N/A") -> 2.5 | BS69: 5 | BT69: veryHigh | BU69: 1 | BV69: -0.017 | BW69: veryHigh | BX69: 1 | BY69: -42 | BZ69: medium | CA69: 3 | CB69: =IFERROR(AVERAGE(BU69,BX69,CA69),"N/A") -> 1.6666667 | CC69: 17 | CD69: medium | CE69: 3 | CF69: 0 | CG69: low | CH69: 4 | CI69: 0.28 | CJ69: medium | CK69: 3 | CL69: =IFERROR(AVERAGE(CE69,CH69,CK69),"N/A") -> 3.3333333
A70: Malaysia | B70: MY | C70: 0.803 | D70: low | E70: 4 | F70: N/A | G70: N/A | H70: N/A | I70: 0,4% | J70: low | K70: 4 | L70: =IFERROR(AVERAGE(E70,H70,K70),"N/A") -> 4 | M70: 5 | N70: veryHigh | O70: 1 | P70: 0 | Q70: low | R70: 4 | S70: =IFERROR(AVERAGE(O70,R70),"N/A") -> 2.5 | T70: 57 | U70: low | V70: 4 | W70: 0 | X70: low | Y70: 4 | Z70: =IFERROR(AVERAGE(V70,Y70),"N/A") -> 4 | AA70: N/A | AB70: N/A | AC70: N/A | AD70: N/A | AE70: N/A | AF70: N/A | AG70: N/A | AH70: N/A | AI70: N/A | AJ70: N/A | AK70: N/A | AL70: N/A | AM70: =IFERROR(AVERAGE(AC70,AF70,AI70,AL70),"N/A") -> N/A | AN70: N/A | AO70: N/A | AP70: N/A | AQ70: 42 | AR70: high | AS70: 2 | AT70: =IFERROR(AVERAGE(AP70,AS70),"N/A") -> 2 | AU70: 0.54 | AV70: medium | AW70: 3 | AX70: N/A | AY70: N/A | AZ70: N/A | BA70: 348878 | BB70: high | BC70: 2 | BD70: =IFERROR(AVERAGE(AW70,AZ70,BC70),"N/A") -> 2.5 | BE70: N/A | BF70: N/A | BG70: N/A | BH70: 3.5 | BI70: veryHigh | BJ70: 1 | BK70: =IFERROR(AVERAGE(BG70,BJ70),"N/A") -> 1 | BL70: 30 | BM70: high | BN70: 2 | BO70: 56.4 | BQ70: 3 | BR70: =IFERROR(AVERAGE(BN70,BQ70),"N/A") -> 2.5 | BS70: 99 | BT70: medium | BU70: 3 | BV70: 0.0009 | BW70: low | BX70: 4 | BY70: 16.6 | BZ70: low | CA70: 4 | CB70: =IFERROR(AVERAGE(BU70,BX70,CA70),"N/A") -> 3.6666667 | CC70: 16 | CD70: medium | CE70: 3 | CF70: 0 | CG70: low | CH70: 4 | CI70: 0.2 | CJ70: medium | CK70: 3 | CL70: =IFERROR(AVERAGE(CE70,CH70,CK70),"N/A") -> 3.3333333
A71: Mali | B71: ML | C71: 0.428 | D71: veryHigh | E71: 1 | F71: 0.447 | G71: high | H71: 2 | I71: 47,5% | J71: veryHigh | K71: 1 | L71: =IFERROR(AVERAGE(E71,H71,K71),"N/A") -> 1.3333333 | M71: 4 | N71: high | O71: 2 | P71: 0.4433 | Q71: veryHigh | R71: 1 | S71: =IFERROR(AVERAGE(O71,R71),"N/A") -> 1.5 | T71: 155 | U71: veryHigh | V71: 1 | W71: 0.451 | X71: veryHigh | Y71: 1 | Z71: =IFERROR(AVERAGE(V71,Y71),"N/A") -> 1 | AA71: 0.492 | AB71: veryHigh | AC71: 1 | AD71: 0.13 | AE71: medium | AF71: 3 | AG71: 0.36 | AH71: veryHigh | AI71: 1 | AJ71: 0.22 | AK71: veryHigh | AL71: 1 | AM71: =IFERROR(AVERAGE(AC71,AF71,AI71,AL71),"N/A") -> 1.5 | AN71: Yes | AO71: veryHigh | AP71: 1 | AQ71: 95 | AR71: medium | AS71: 3 | AT71: =IFERROR(AVERAGE(AP71,AS71),"N/A") -> 2 | AU71: 0.57 | AV71: medium | AW71: 3 | AX71: N/A | AY71: N/A | AZ71: N/A | BA71: 400948 | BB71: high | BC71: 2 | BD71: =IFERROR(AVERAGE(AW71,AZ71,BC71),"N/A") -> 2.5 | BE71: 17 | BF71: veryHigh | BG71: 1 | BH71: N/A | BI71: N/A | BJ71: N/A | BK71: =IFERROR(AVERAGE(BG71,BJ71),"N/A") -> 1 | BL71: 24 | BM71: high | BN71: 2 | BO71: 98.6 | BQ71: 1 | BR71: =IFERROR(AVERAGE(BN71,BQ71),"N/A") -> 1.5 | BS71: 90 | BT71: medium | BU71: 3 | BV71: 0 | BW71: low | BX71: 4 | BY71: 0 | BZ71: low | CA71: 4 | CB71: =IFERROR(AVERAGE(BU71,BX71,CA71),"N/A") -> 3.6666667 | CC71: 3 | CD71: low | CE71: 4 | CF71: 0 | CG71: low | CH71: 4 | CI71: 0.25 | CJ71: medium | CK71: 3 | CL71: =IFERROR(AVERAGE(CE71,CH71,CK71),"N/A") -> 3.6666667
A72: Malta | B72: MT | C72: 0.918 | D72: low | E72: 4 | F72: N/A | G72: N/A | H72: N/A | I72: 0,4% | J72: low | K72: 4 | L72: =IFERROR(AVERAGE(E72,H72,K72),"N/A") -> 4 | M72: N/A | N72: N/A | O72: N/A | P72: N/A | Q72: N/A | R72: N/A | S72: =IFERROR(AVERAGE(O72,R72),"N/A") -> N/A | T72: 42 | U72: low | V72: 4 | W72: N/A | X72: N/A | Y72: N/A | Z72: =IFERROR(AVERAGE(V72,Y72),"N/A") -> 4 | AA72: N/A | AB72: N/A | AC72: N/A | AD72: N/A | AE72: N/A | AF72: N/A | AG72: N/A | AH72: N/A | AI72: N/A | AJ72: N/A | AK72: N/A | AL72: N/A | AM72: =IFERROR(AVERAGE(AC72,AF72,AI72,AL72),"N/A") -> N/A | AN72: N/A | AO72: N/A | AP72: N/A | AQ72: N/A | AR72: N/A | AS72: N/A | AT72: =IFERROR(AVERAGE(AP72,AS72),"N/A") -> N/A | AU72: 0.67 | AV72: medium | AW72: 3 | AX72: FullyMeets | AY72: low | AZ72: 4 | BA72: 13020 | BB72: medium | BC72: 3 | BD72: =IFERROR(AVERAGE(AW72,AZ72,BC72),"N/A") -> 3.3333333 | BE72: N/A | BF72: N/A | BG72: N/A | BH72: N/A | BI72: N/A | BJ72: N/A | BK72: =IFERROR(AVERAGE(BG72,BJ72),"N/A") -> N/A | BL72: 54 | BM72: low | BN72: 4 | BO72: 34.7 | BQ72: 4 | BR72: =IFERROR(AVERAGE(BN72,BQ72),"N/A") -> 4 | BS72: 68 | BT72: medium | BU72: 3 | BV72: 0.0277 | BW72: low | BX72: 4 | BY72: N/A | BZ72: N/A | CA72: N/A | CB72: =IFERROR(AVERAGE(BU72,BX72,CA72),"N/A") -> 3.5 | CC72: N/A | CD72: N/A | CE72: N/A | CF72: N/A | CG72: N/A | CH72: N/A | CI72: 0.68 | CJ72: high | CK72: 2 | CL72: =IFERROR(AVERAGE(CE72,CH72,CK72),"N/A") -> 2
A73: Mauritius | B73: MU | C73: 0.802 | D73: low | E73: 4 | F73: N/A | G73: N/A | H73: N/A | I73: 1,8% | J73: low | K73: 4 | L73: =IFERROR(AVERAGE(E73,H73,K73),"N/A") -> 4 | M73: 3 | N73: medium | O73: 3 | P73: 0.0005 | Q73: low | R73: 4 | S73: =IFERROR(AVERAGE(O73,R73),"N/A") -> 3.5 | T73: 82 | U73: medium | V73: 3 | W73: 0 | X73: low | Y73: 4 | Z73: =IFERROR(AVERAGE(V73,Y73),"N/A") -> 3.5 | AA73: Yes | AB73: medium | AC73: 3 | AD73: N/A | AE73: N/A | AF73: N/A | AG73: N/A | AH73: N/A | AI73: N/A | AJ73: N/A | AK73: N/A | AL73: N/A | AM73: =IFERROR(AVERAGE(AC73,AF73,AI73,AL73),"N/A") -> 3 | AN73: N/A | AO73: N/A | AP73: N/A | AQ73: 161 | AR73: low | AS73: 4 | AT73: =IFERROR(AVERAGE(AP73,AS73),"N/A") -> 4 | AU73: 0.57 | AV73: medium | AW73: 3 | AX73: Meets | AY73: medium | AZ73: 3 | BA73: 10 | BB73: low | BC73: 4 | BD73: =IFERROR(AVERAGE(AW73,AZ73,BC73),"N/A") -> 3.3333333 | BE73: N/A | BF73: N/A | BG73: N/A | BH73: N/A | BI73: N/A | BJ73: N/A | BK73: =IFERROR(AVERAGE(BG73,BJ73),"N/A") -> N/A | BL73: 50 | BM73: medium | BN73: 3 | BO73: 38.1 | BQ73: 4 | BR73: =IFERROR(AVERAGE(BN73,BQ73),"N/A") -> 3.5 | BS73: 125 | BT73: low | BU73: 4 | BV73: 0.001 | BW73: low | BX73: 4 | BY73: N/A | BZ73: N/A | CA73: N/A | CB73: =IFERROR(AVERAGE(BU73,BX73,CA73),"N/A") -> 4 | CC73: 27 | CD73: high | CE73: 2 | CF73: N/A | CI73: N/A | CL73: =IFERROR(AVERAGE(CE73,CH73,CK73),"N/A") -> 2
A74: Mexico | B74: MX | C74: 0.758 | D74: medium | E74: 3 | F74: 0.01 | G74: low | H74: 4 | I74: 9,9% | J74: medium | K74: 3 | L74: =IFERROR(AVERAGE(E74,H74,K74),"N/A") -> 3.3333333 | M74: 3 | N74: medium | O74: 3 | P74: 0.0113 | Q74: low | R74: 4 | S74: =IFERROR(AVERAGE(O74,R74),"N/A") -> 3.5 | T74: 75 | U74: medium | V74: 3 | W74: 0.011 | X74: low | Y74: 4 | Z74: =IFERROR(AVERAGE(V74,Y74),"N/A") -> 3.5 | AA74: 0.04 | AB74: low | AC74: 4 | AD74: 0.06 | AE74: medium | AF74: 3 | AG74: 0.97 | AH74: low | AI74: 4 | AJ74: 0.82 | AK74: low | AL74: 4 | AM74: =IFERROR(AVERAGE(AC74,AF74,AI74,AL74),"N/A") -> 3.75 | AN74: N/A | AO74: N/A | AP74: N/A | AQ74: 114 | AR74: medium | AS74: 3 | AT74: =IFERROR(AVERAGE(AP74,AS74),"N/A") -> 3 | AU74: 0.36 | AV74: high | AW74: 2 | AX74: FullyMeets | AY74: low | AZ74: 4 | BA74: 459008 | BB74: high | BC74: 2 | BD74: =IFERROR(AVERAGE(AW74,AZ74,BC74),"N/A") -> 2.6666667 | BE74: 72 | BF74: low | BG74: 4 | BH74: 2.1 | BI74: medium | BJ74: 3 | BK74: =IFERROR(AVERAGE(BG74,BJ74),"N/A") -> 3.5 | BL74: 33 | BM74: high | BN74: 2 | BO74: 70.3 | BQ74: 3 | BR74: =IFERROR(AVERAGE(BN74,BQ74),"N/A") -> 2.5 | BS74: 54 | BT74: medium | BU74: 3 | BV74: -0.0019 | BW74: high | BX74: 2 | BY74: -125.1 | BZ74: high | CA74: 2 | CB74: =IFERROR(AVERAGE(BU74,BX74,CA74),"N/A") -> 2.3333333 | CC74: 47 | CD74: veryHigh | CE74: 1 | CF74: 3 | CH74: 2 | CI74: 0.52 | CK74: 2 | CL74: =IFERROR(AVERAGE(CE74,CH74,CK74),"N/A") -> 1.6666667
A75: Monaco | B75: MC | C75: N/A | D75: N/A | E75: N/A | F75: N/A | G75: N/A | H75: N/A | I75: N/A | J75: N/A | K75: N/A | L75: =IFERROR(AVERAGE(E75,H75,K75),"N/A") -> N/A | M75: N/A | N75: N/A | O75: N/A | P75: N/A | Q75: N/A | R75: N/A | S75: =IFERROR(AVERAGE(O75,R75),"N/A") -> N/A | T75: N/A | U75: N/A | V75: N/A | W75: N/A | X75: N/A | Y75: N/A | Z75: =IFERROR(AVERAGE(V75,Y75),"N/A") -> N/A | AA75: N/A | AB75: N/A | AC75: N/A | AD75: N/A | AE75: N/A | AF75: N/A | AG75: N/A | AH75: N/A | AI75: N/A | AJ75: N/A | AK75: N/A | AL75: N/A | AM75: =IFERROR(AVERAGE(AC75,AF75,AI75,AL75),"N/A") -> N/A | AN75: N/A | AO75: N/A | AP75: N/A | AQ75: N/A | AR75: N/A | AS75: N/A | AT75: =IFERROR(AVERAGE(AP75,AS75),"N/A") -> N/A | AU75: N/A | AV75: N/A | AW75: N/A | AX75: N/A | AY75: N/A | AZ75: N/A | BA75: 17 | BB75: low | BC75: 4 | BD75: =IFERROR(AVERAGE(AW75,AZ75,BC75),"N/A") -> 4 | BE75: N/A | BF75: N/A | BG75: N/A | BH75: N/A | BI75: N/A | BJ75: N/A | BK75: =IFERROR(AVERAGE(BG75,BJ75),"N/A") -> N/A | BL75: 57 | BM75: low | BN75: 4 | BO75: N/A | BQ75: N/A | BR75: =IFERROR(AVERAGE(BN75,BQ75),"N/A") -> 4 | BS75: N/A | BT75: N/A | BU75: N/A | BV75: 0 | BW75: low | BX75: 4 | BY75: 0 | BZ75: low | CA75: 4 | CB75: =IFERROR(AVERAGE(BU75,BX75,CA75),"N/A") -> 4 | CC75: N/A | CD75: N/A | CE75: N/A | CF75: N/A | CH75: N/A | CI75: N/A | CK75: N/A | CL75: =IFERROR(AVERAGE(CE75,CH75,CK75),"N/A") -> N/A
A76: Morocco | B76: MA | C76: 0.683 | D76: high | E76: 2 | F76: 0.014 | G76: low | H76: 4 | I76: 9,8% | J76: medium | K76: 3 | L76: =IFERROR(AVERAGE(E76,H76,K76),"N/A") -> 3 | M76: 4 | N76: high | O76: 2 | P76: 0.0035 | Q76: low | R76: 4 | S76: =IFERROR(AVERAGE(O76,R76),"N/A") -> 3 | T76: 104 | U76: medium | V76: 3 | W76: 0.003 | X76: low | Y76: 4 | Z76: =IFERROR(AVERAGE(V76,Y76),"N/A") -> 3.5 | AA76: 0.045 | AB76: low | AC76: 4 | AD76: N/A | AE76: N/A | AF76: N/A | AG76: N/A | AH76: N/A | AI76: N/A | AJ76: N/A | AK76: N/A | AL76: N/A | AM76: =IFERROR(AVERAGE(AC76,AF76,AI76,AL76),"N/A") -> 4 | AN76: N/A | AO76: N/A | AP76: N/A | AQ76: 121 | AR76: medium | AS76: 3 | AT76: =IFERROR(AVERAGE(AP76,AS76),"N/A") -> 3 | AU76: 0.61 | AV76: medium | AW76: 3 | AX76: N/A | AY76: N/A | AZ76: N/A | BA76: 18228 | BB76: medium | BC76: 3 | BD76: =IFERROR(AVERAGE(AW76,AZ76,BC76),"N/A") -> 3 | BE76: 68 | BF76: medium | BG76: 3 | BH76: N/A | BI76: N/A | BJ76: N/A | BK76: =IFERROR(AVERAGE(BG76,BJ76),"N/A") -> 3 | BL76: 24 | BM76: high | BN76: 2 | BO76: 70.1 | BQ76: 3 | BR76: =IFERROR(AVERAGE(BN76,BQ76),"N/A") -> 2.5 | BS76: 90 | BT76: medium | BU76: 3 | BV76: 0.0012 | BW76: low | BX76: 4 | BY76: 6.8 | BZ76: low | CA76: 4 | CB76: =IFERROR(AVERAGE(BU76,BX76,CA76),"N/A") -> 3.6666667 | CC76: 19 | CD76: medium | CE76: 3 | CF76: 3 | CH76: 2 | CI76: 0.56 | CK76: 2 | CL76: =IFERROR(AVERAGE(CE76,CH76,CK76),"N/A") -> 2.3333333
A77: Mozambique | B77: MZ | C77: 0.446 | D77: veryHigh | E77: 1 | F77: N/A | G77: N/A | H77: N/A | I77: 83,1% | J77: veryHigh | K77: 1 | L77: =IFERROR(AVERAGE(E77,H77,K77),"N/A") -> 1 | M77: 4 | N77: high | O77: 2 | P77: 0.5127 | Q77: veryHigh | R77: 1 | S77: =IFERROR(AVERAGE(O77,R77),"N/A") -> 1.5 | T77: 136 | U77: high | V77: 2 | W77: 0.621 | X77: veryHigh | Y77: 1 | Z77: =IFERROR(AVERAGE(V77,Y77),"N/A") -> 1.5 | AA77: 0.225 | AB77: high | AC77: 2 | AD77: N/A | AE77: N/A | AF77: N/A | AG77: 0.25 | AH77: veryHigh | AI77: 1 | AJ77: 0.05 | AK77: veryHigh | AL77: 1 | AM77: =IFERROR(AVERAGE(AC77,AF77,AI77,AL77),"N/A") -> 1.3333333 | AN77: N/A | AO77: N/A | AP77: N/A | AQ77: 67 | AR77: high | AS77: 2 | AT77: =IFERROR(AVERAGE(AP77,AS77),"N/A") -> 2 | AU77: 0.55 | AV77: medium | AW77: 3 | AX77: Meets | AY77: medium | AZ77: 3 | BA77: 774141 | BB77: veryHigh | BC77: 1 | BD77: =IFERROR(AVERAGE(AW77,AZ77,BC77),"N/A") -> 2.3333333 | BE77: 22 | BF77: high | BG77: 2 | BH77: 1.7 | BI77: low | BJ77: 4 | BK77: =IFERROR(AVERAGE(BG77,BJ77),"N/A") -> 3 | BL77: 29 | BM77: high | BN77: 2 | BO77: 94.3 | BQ77: 1 | BR77: =IFERROR(AVERAGE(BN77,BQ77),"N/A") -> 1.5 | BS77: 1 | BT77: veryHigh | BU77: 1 | BV77: -0.0059 | BW77: veryHigh | BX77: 1 | BY77: -222.8 | BZ77: high | CA77: 2 | CB77: =IFERROR(AVERAGE(BU77,BX77,CA77),"N/A") -> 1.3333333 | CC77: N/A | CD77: N/A | CE77: N/A | CF77: 0 | CH77: 4 | CI77: 0.06 | CK77: 4 | CL77: =IFERROR(AVERAGE(CE77,CH77,CK77),"N/A") -> 4
A78: Myanmar | B78: MM | C78: 0.585 | D78: high | E78: 2 | F78: 0.138 | G78: medium | H78: 3 | I78: 19,6% | J78: high | K78: 2 | L78: =IFERROR(AVERAGE(E78,H78,K78),"N/A") -> 2.3333333 | M78: 5 | N78: veryHigh | O78: 1 | P78: 0.0229 | Q78: low | R78: 4 | S78: =IFERROR(AVERAGE(O78,R78),"N/A") -> 2.5 | T78: 125 | U78: high | V78: 2 | W78: 0.011 | X78: low | Y78: 4 | Z78: =IFERROR(AVERAGE(V78,Y78),"N/A") -> 3 | AA78: 0.004 | AB78: low | AC78: 4 | AD78: 0.1 | AE78: medium | AF78: 3 | AG78: 0.81 | AH78: medium | AI78: 3 | AJ78: 0.33 | AK78: high | AL78: 2 | AM78: =IFERROR(AVERAGE(AC78,AF78,AI78,AL78),"N/A") -> 3 | AN78: Yes | AO78: veryHigh | AP78: 1 | AQ78: 18 | AR78: veryHigh | AS78: 1 | AT78: =IFERROR(AVERAGE(AP78,AS78),"N/A") -> 1 | AU78: 0.4 | AV78: high | AW78: 2 | AX78: PartiallyMeets | AY78: high | AZ78: 2 | BA78: 1272011 | BB78: veryHigh | BC78: 1 | BD78: =IFERROR(AVERAGE(AW78,AZ78,BC78),"N/A") -> 1.6666667 | BE78: 10 | BF78: veryHigh | BG78: 1 | BH78: 4 | BI78: veryHigh | BJ78: 1 | BK78: =IFERROR(AVERAGE(BG78,BJ78),"N/A") -> 1 | BL78: 9 | BM78: veryHigh | BN78: 1 | BO78: 100 | BQ78: 1 | BR78: =IFERROR(AVERAGE(BN78,BQ78),"N/A") -> 1 | BS78: 21 | BT78: high | BU78: 2 | BV78: -0.0096 | BW78: veryHigh | BX78: 1 | BY78: -289.7 | BZ78: high | CA78: 2 | CB78: =IFERROR(AVERAGE(BU78,BX78,CA78),"N/A") -> 1.6666667 | CC78: 23 | CD78: high | CE78: 2 | CF78: 0 | CH78: 4 | CI78: 0.03 | CK78: 4 | CL78: =IFERROR(AVERAGE(CE78,CH78,CK78),"N/A") -> 3.3333333
A79: Netherlands | B79: NL | C79: 0.941 | D79: low | E79: 4 | F79: N/A | G79: N/A | H79: N/A | I79: 0,1% | J79: low | K79: 4 | L79: =IFERROR(AVERAGE(E79,H79,K79),"N/A") -> 4 | M79: 2 | N79: low | O79: 4 | P79: N/A | Q79: N/A | R79: N/A | S79: =IFERROR(AVERAGE(O79,R79),"N/A") -> 4 | T79: 5 | U79: low | V79: 4 | W79: N/A | X79: N/A | Y79: N/A | Z79: =IFERROR(AVERAGE(V79,Y79),"N/A") -> 4 | AA79: N/A | AB79: N/A | AC79: N/A | AD79: N/A | AE79: N/A | AF79: N/A | AG79: N/A | AH79: N/A | AI79: N/A | AJ79: N/A | AK79: N/A | AL79: N/A | AM79: =IFERROR(AVERAGE(AC79,AF79,AI79,AL79),"N/A") -> N/A | AN79: N/A | AO79: N/A | AP79: N/A | AQ79: 143 | AR79: low | AS79: 4 | AT79: =IFERROR(AVERAGE(AP79,AS79),"N/A") -> 4 | AU79: 0.81 | AV79: low | AW79: 4 | AX79: N/A | AY79: N/A | AZ79: N/A | BA79: 121218 | BB79: high | BC79: 2 | BD79: =IFERROR(AVERAGE(AW79,AZ79,BC79),"N/A") -> 3 | BE79: N/A | BF79: N/A | BG79: N/A | BH79: N/A | BI79: N/A | BJ79: N/A | BK79: =IFERROR(AVERAGE(BG79,BJ79),"N/A") -> N/A | BL79: 58 | BM79: low | BN79: 4 | BO79: 22.1 | BQ79: 4 | BR79: =IFERROR(AVERAGE(BN79,BQ79),"N/A") -> 4 | BS79: 109 | BT79: low | BU79: 4 | BV79: -0.0011 | BW79: medium | BX79: 3 | BY79: -0.4 | BZ79: medium | CA79: 3 | CB79: =IFERROR(AVERAGE(BU79,BX79,CA79),"N/A") -> 3.3333333 | CC79: N/A | CD79: N/A | CE79: N/A | CF79: 1 | CH79: 3 | CI79: 0.1 | CK79: 4 | CL79: =IFERROR(AVERAGE(CE79,CH79,CK79),"N/A") -> 3.5
A80: New Caledonia | B80: NC | C80: N/A | D80: N/A | E80: N/A | F80: N/A | G80: N/A | H80: N/A | I80: N/A | J80: N/A | K80: N/A | L80: =IFERROR(AVERAGE(E80,H80,K80),"N/A") -> N/A | M80: N/A | N80: N/A | O80: N/A | P80: N/A | Q80: N/A | R80: N/A | S80: =IFERROR(AVERAGE(O80,R80),"N/A") -> N/A | T80: N/A | U80: N/A | V80: N/A | W80: N/A | X80: N/A | Y80: N/A | Z80: =IFERROR(AVERAGE(V80,Y80),"N/A") -> N/A | AA80: N/A | AB80: N/A | AC80: N/A | AD80: N/A | AE80: N/A | AF80: N/A | AG80: N/A | AH80: N/A | AI80: N/A | AJ80: N/A | AK80: N/A | AL80: N/A | AM80: =IFERROR(AVERAGE(AC80,AF80,AI80,AL80),"N/A") -> N/A | AN80: N/A | AO80: N/A | AP80: N/A | AQ80: N/A | AR80: N/A | AS80: N/A | AT80: =IFERROR(AVERAGE(AP80,AS80),"N/A") -> N/A | AU80: N/A | AV80: N/A | AW80: N/A | AX80: N/A | AY80: N/A | AZ80: N/A | BA80: N/A | BB80: N/A | BC80: N/A | BD80: =IFERROR(AVERAGE(AW80,AZ80,BC80),"N/A") -> N/A | BE80: N/A | BF80: N/A | BG80: N/A | BH80: N/A | BI80: N/A | BJ80: N/A | BK80: =IFERROR(AVERAGE(BG80,BJ80),"N/A") -> N/A | BL80: N/A | BM80: N/A | BN80: N/A | BO80: N/A | BQ80: N/A | BR80: =IFERROR(AVERAGE(BN80,BQ80),"N/A") -> N/A | BS80: N/A | BT80: N/A | BU80: N/A | BV80: -0.0001 | BW80: medium | BX80: 3 | BY80: -0.1 | BZ80: medium | CA80: 3 | CB80: =IFERROR(AVERAGE(BU80,BX80,CA80),"N/A") -> 3 | CC80: N/A | CD80: N/A | CE80: N/A | CF80: N/A | CH80: N/A | CI80: 0.01 | CK80: 4 | CL80: =IFERROR(AVERAGE(CE80,CH80,CK80),"N/A") -> 4
A81: New Zealand | B81: NZ | C81: 0.937 | D81: low | E81: 4 | F81: N/A | G81: N/A | H81: N/A | I81: N/A | J81: N/A | K81: N/A | L81: =IFERROR(AVERAGE(E81,H81,K81),"N/A") -> 4 | M81: 2 | N81: low | O81: 4 | P81: N/A | Q81: N/A | R81: N/A | S81: =IFERROR(AVERAGE(O81,R81),"N/A") -> 4 | T81: 25 | U81: low | V81: 4 | W81: N/A | X81: N/A | Y81: N/A | Z81: =IFERROR(AVERAGE(V81,Y81),"N/A") -> 4 | AA81: N/A | AB81: N/A | AC81: N/A | AD81: N/A | AE81: N/A | AF81: N/A | AG81: N/A | AH81: N/A | AI81: N/A | AJ81: N/A | AK81: N/A | AL81: N/A | AM81: =IFERROR(AVERAGE(AC81,AF81,AI81,AL81),"N/A") -> N/A | AN81: N/A | AO81: N/A | AP81: N/A | AQ81: 164 | AR81: low | AS81: 4 | AT81: =IFERROR(AVERAGE(AP81,AS81),"N/A") -> 4 | AU81: 0.74 | AV81: medium | AW81: 3 | AX81: FullyMeets | AY81: low | AZ81: 4 | BA81: 2505 | BB81: low | BC81: 4 | BD81: =IFERROR(AVERAGE(AW81,AZ81,BC81),"N/A") -> 3.6666667 | BE81: N/A | BF81: N/A | BG81: N/A | BH81: 2.1 | BI81: medium | BJ81: 3 | BK81: =IFERROR(AVERAGE(BG81,BJ81),"N/A") -> 3 | BL81: 59 | BM81: low | BN81: 4 | BO81: 17.5 | BQ81: 4 | BR81: =IFERROR(AVERAGE(BN81,BQ81),"N/A") -> 4 | BS81: 66 | BT81: medium | BU81: 3 | BV81: 0.0005 | BW81: low | BX81: 4 | BY81: 4.4 | BZ81: low | CA81: 4 | CB81: =IFERROR(AVERAGE(BU81,BX81,CA81),"N/A") -> 3.6666667 | CC81: N/A | CD81: N/A | CE81: N/A | CF81: 0 | CH81: 4 | CI81: 0.29 | CK81: 3 | CL81: =IFERROR(AVERAGE(CE81,CH81,CK81),"N/A") -> 3.5
A82: Nicaragua | B82: NI | C82: 0.667 | D82: high | E82: 2 | F82: N/A | G82: N/A | H82: N/A | I82: 14,4% | J82: medium | K82: 3 | L82: =IFERROR(AVERAGE(E82,H82,K82),"N/A") -> 2.5 | M82: N/A | N82: N/A | O82: N/A | P82: 0.025 | Q82: low | R82: 4 | S82: =IFERROR(AVERAGE(O82,R82),"N/A") -> 4 | T82: 102 | U82: medium | V82: 3 | W82: 0.015 | X82: low | Y82: 4 | Z82: =IFERROR(AVERAGE(V82,Y82),"N/A") -> 3.5 | AA82: 0.477 | AB82: veryHigh | AC82: 1 | AD82: N/A | AE82: N/A | AF82: N/A | AG82: N/A | AH82: N/A | AI82: N/A | AJ82: N/A | AK82: N/A | AL82: N/A | AM82: =IFERROR(AVERAGE(AC82,AF82,AI82,AL82),"N/A") -> 1 | AN82: N/A | AO82: N/A | AP82: N/A | AQ82: 107 | AR82: medium | AS82: 3 | AT82: =IFERROR(AVERAGE(AP82,AS82),"N/A") -> 3 | AU82: 0.38 | AV82: high | AW82: 2 | AX82: N/A | AY82: N/A | AZ82: N/A | BA82: 1027 | BB82: low | BC82: 4 | BD82: =IFERROR(AVERAGE(AW82,AZ82,BC82),"N/A") -> 3 | BE82: 37 | BF82: high | BG82: 2 | BH82: 1.4 | BI82: low | BJ82: 4 | BK82: =IFERROR(AVERAGE(BG82,BJ82),"N/A") -> 3 | BL82: 18 | BM82: high | BN82: 2 | BO82: 77.1 | BQ82: 3 | BR82: =IFERROR(AVERAGE(BN82,BQ82),"N/A") -> 2.5 | BS82: 49 | BT82: high | BU82: 2 | BV82: -0.0204 | BW82: veryHigh | BX82: 1 | BY82: -78.1 | BZ82: medium | CA82: 3 | CB82: =IFERROR(AVERAGE(BU82,BX82,CA82),"N/A") -> 2 | CC82: N/A | CD82: N/A | CE82: N/A | CF82: 0 | CH82: 4 | CI82: 0.39 | CK82: 3 | CL82: =IFERROR(AVERAGE(CE82,CH82,CK82),"N/A") -> 3.5
A83: North Macedonia | B83: MK | C83: 0.77 | D83: medium | E83: 3 | F83: N/A | G83: N/A | H83: N/A | I83: 7,1% | J83: medium | K83: 3 | L83: =IFERROR(AVERAGE(E83,H83,K83),"N/A") -> 3 | M83: 3 | N83: medium | O83: 3 | P83: 0.01 | Q83: low | R83: 4 | S83: =IFERROR(AVERAGE(O83,R83),"N/A") -> 3.5 | T83: 37 | U83: low | V83: 4 | W83: 0.013 | X83: low | Y83: 4 | Z83: =IFERROR(AVERAGE(V83,Y83),"N/A") -> 4 | AA83: 0.188 | AB83: high | AC83: 2 | AD83: 0.03 | AE83: low | AF83: 4 | AG83: 0.99 | AH83: low | AI83: 4 | AJ83: 0.95 | AK83: low | AL83: 4 | AM83: =IFERROR(AVERAGE(AC83,AF83,AI83,AL83),"N/A") -> 3.5 | AN83: N/A | AO83: N/A | AP83: N/A | AQ83: 25 | AR83: veryHigh | AS83: 1 | AT83: =IFERROR(AVERAGE(AP83,AS83),"N/A") -> 1 | AU83: N/A | AV83: N/A | AW83: N/A | AX83: N/A | AY83: N/A | AZ83: N/A | BA83: N/A | BB83: N/A | BC83: N/A | BD83: =IFERROR(AVERAGE(AW83,AZ83,BC83),"N/A") -> N/A | BE83: 95 | BF83: low | BG83: 4 | BH83: N/A | BI83: N/A | BJ83: N/A | BK83: =IFERROR(AVERAGE(BG83,BJ83),"N/A") -> 4 | BL83: 39 | BM83: medium | BN83: 3 | BO83: 62.6 | BQ83: 3 | BR83: =IFERROR(AVERAGE(BN83,BQ83),"N/A") -> 3 | BS83: 130 | BT83: low | BU83: 4 | BV83: N/A | BW83: N/A | BX83: N/A | BY83: N/A | BZ83: N/A | CA83: N/A | CB83: =IFERROR(AVERAGE(BU83,BX83,CA83),"N/A") -> 4 | CC83: N/A | CD83: N/A | CE83: N/A | CF83: 2 | CH83: 3 | CI83: 0 | CK83: 4 | CL83: =IFERROR(AVERAGE(CE83,CH83,CK83),"N/A") -> 3.5
A84: Norway | B84: NO | C84: 0.961 | D84: low | E84: 4 | F84: N/A | G84: N/A | H84: N/A | I84: 0,3% | J84: low | K84: 4 | L84: =IFERROR(AVERAGE(E84,H84,K84),"N/A") -> 4 | M84: 1 | N84: low | O84: 4 | P84: N/A | Q84: N/A | R84: N/A | S84: =IFERROR(AVERAGE(O84,R84),"N/A") -> 4 | T84: 2 | U84: low | V84: 4 | W84: N/A | X84: N/A | Y84: N/A | Z84: =IFERROR(AVERAGE(V84,Y84),"N/A") -> 4 | AA84: N/A | AB84: N/A | AC84: N/A | AD84: N/A | AE84: N/A | AF84: N/A | AG84: N/A | AH84: N/A | AI84: N/A | AJ84: N/A | AK84: N/A | AL84: N/A | AM84: =IFERROR(AVERAGE(AC84,AF84,AI84,AL84),"N/A") -> N/A | AN84: N/A | AO84: N/A | AP84: N/A | AQ84: 140 | AR84: low | AS84: 4 | AT84: =IFERROR(AVERAGE(AP84,AS84),"N/A") -> 4 | AU84: 0.82 | AV84: low | AW84: 4 | AX84: Meets | AY84: medium | AZ84: 3 | BA84: 51254 | BB84: medium | BC84: 3 | BD84: =IFERROR(AVERAGE(AW84,AZ84,BC84),"N/A") -> 3.3333333 | BE84: N/A | BF84: N/A | BG84: N/A | BH84: 2.6 | BI84: medium | BJ84: 3 | BK84: =IFERROR(AVERAGE(BG84,BJ84),"N/A") -> 3 | BL84: 60 | BM84: low | BN84: 4 | BO84: 15.6 | BQ84: 4 | BR84: =IFERROR(AVERAGE(BN84,BQ84),"N/A") -> 4 | BS84: 106 | BT84: low | BU84: 4 | BV84: 0.0006 | BW84: low | BX84: 4 | BY84: 7.8 | BZ84: low | CA84: 4 | CB84: =IFERROR(AVERAGE(BU84,BX84,CA84),"N/A") -> 4 | CC84: N/A | CD84: N/A | CE84: N/A | CF84: 0 | CH84: 4 | CI84: 0.14 | CK84: 4 | CL84: =IFERROR(AVERAGE(CE84,CH84,CK84),"N/A") -> 4
A85: Oman | B85: OM | C85: 0.816 | D85: low | E85: 4 | F85: N/A | G85: N/A | H85: N/A | I85: N/A | J85: N/A | K85: N/A | L85: =IFERROR(AVERAGE(E85,H85,K85),"N/A") -> 4 | M85: 4 | N85: high | O85: 2 | P85: N/A | Q85: N/A | R85: N/A | S85: =IFERROR(AVERAGE(O85,R85),"N/A") -> 2 | T85: 72 | U85: medium | V85: 3 | W85: 0.002 | X85: low | Y85: 4 | Z85: =IFERROR(AVERAGE(V85,Y85),"N/A") -> 3.5 | AA85: Yes | AB85: medium | AC85: 3 | AD85: N/A | AE85: N/A | AF85: N/A | AG85: N/A | AH85: N/A | AI85: N/A | AJ85: N/A | AK85: N/A | AL85: N/A | AM85: =IFERROR(AVERAGE(AC85,AF85,AI85,AL85),"N/A") -> 3 | AN85: N/A | AO85: N/A | AP85: N/A | AQ85: 128 | AR85: medium | AS85: 3 | AT85: =IFERROR(AVERAGE(AP85,AS85),"N/A") -> 3 | AU85: N/A | AV85: N/A | AW85: N/A | AX85: FullyMeets | AY85: low | AZ85: 4 | BA85: 792 | BB85: low | BC85: 4 | BD85: =IFERROR(AVERAGE(AW85,AZ85,BC85),"N/A") -> 4 | BE85: N/A | BF85: N/A | BG85: N/A | BH85: 4 | BI85: veryHigh | BJ85: 1 | BK85: =IFERROR(AVERAGE(BG85,BJ85),"N/A") -> 1 | BL85: 18 | BM85: high | BN85: 2 | BO85: 49.5 | BQ85: 4 | BR85: =IFERROR(AVERAGE(BN85,BQ85),"N/A") -> 3 | BS85: 95 | BT85: medium | BU85: 3 | BV85: -0.0181 | BW85: veryHigh | BX85: 1 | BY85: -0.1 | BZ85: medium | CA85: 3 | CB85: =IFERROR(AVERAGE(BU85,BX85,CA85),"N/A") -> 2.3333333 | CC85: 7 | CD85: low | CE85: 4 | CF85: 4 | CH85: 1 | CI85: 0.87 | CK85: 1 | CL85: =IFERROR(AVERAGE(CE85,CH85,CK85),"N/A") -> 2
A86: Pakistan | B86: PK | C86: 0.544 | D86: veryHigh | E86: 1 | F86: 0.215 | G86: medium | H86: 3 | I86: 39,8% | J86: high | K86: 2 | L86: =IFERROR(AVERAGE(E86,H86,K86),"N/A") -> 2 | M86: 5 | N86: veryHigh | O86: 1 | P86: 0.037 | Q86: medium | R86: 3 | S86: =IFERROR(AVERAGE(O86,R86),"N/A") -> 2 | T86: 135 | U86: high | V86: 2 | W86: 0.04 | X86: medium | Y86: 3 | Z86: =IFERROR(AVERAGE(V86,Y86),"N/A") -> 2.5 | AA86: 0.098 | AB86: medium | AC86: 3 | AD86: 0.11 | AE86: medium | AF86: 3 | AG86: 0.52 | AH86: high | AI86: 2 | AJ86: 0.4 | AK86: high | AL86: 2 | AM86: =IFERROR(AVERAGE(AC86,AF86,AI86,AL86),"N/A") -> 2.5 | AN86: NotIdentifiedinAgriculture | AO86: medium | AP86: 3 | AQ86: 8 | AR86: veryHigh | AS86: 1 | AT86: =IFERROR(AVERAGE(AP86,AS86),"N/A") -> 2 | AU86: 0.37 | AV86: high | AW86: 2 | AX86: N/A | AY86: N/A | AZ86: N/A | BA86: 2833195 | BB86: veryHigh | BC86: 1 | BD86: =IFERROR(AVERAGE(AW86,AZ86,BC86),"N/A") -> 1.5 | BE86: 11 | BF86: veryHigh | BG86: 1 | BH86: 3.7 | BI86: veryHigh | BJ86: 1 | BK86: =IFERROR(AVERAGE(BG86,BJ86),"N/A") -> 1 | BL86: 22 | BM86: high | BN86: 2 | BO86: 89.7 | BQ86: 2 | BR86: =IFERROR(AVERAGE(BN86,BQ86),"N/A") -> 2 | BS86: 15 | BT86: high | BU86: 2 | BV86: -0.0094 | BW86: veryHigh | BX86: 1 | BY86: -36.8 | BZ86: medium | CA86: 3 | CB86: =IFERROR(AVERAGE(BU86,BX86,CA86),"N/A") -> 2 | CC86: 5 | CD86: low | CE86: 4 | CF86: 4 | CH86: 1 | CI86: 0.47 | CK86: 2 | CL86: =IFERROR(AVERAGE(CE86,CH86,CK86),"N/A") -> 2.3333333
A87: Palestine | B87: PS | C87: 0.715 | D87: medium | E87: 3 | F87: 0 | G87: low | H87: 4 | I87: 3,1% | J87: medium | K87: 3 | L87: =IFERROR(AVERAGE(E87,H87,K87),"N/A") -> 3.3333333 | M87: 5 | N87: veryHigh | O87: 1 | P87: N/A | Q87: N/A | R87: N/A | S87: =IFERROR(AVERAGE(O87,R87),"N/A") -> 1 | T87: N/A | U87: N/A | V87: N/A | W87: N/A | X87: N/A | Y87: N/A | Z87: =IFERROR(AVERAGE(V87,Y87),"N/A") -> N/A | AA87: Yes | AB87: medium | AC87: 3 | AD87: 0.07 | AE87: medium | AF87: 3 | AG87: 1 | AH87: low | AI87: 4 | AJ87: 0.84 | AK87: low | AL87: 4 | AM87: =IFERROR(AVERAGE(AC87,AF87,AI87,AL87),"N/A") -> 3.5 | AN87: N/A | AO87: N/A | AP87: N/A | AQ87: N/A | AR87: N/A | AS87: N/A | AT87: =IFERROR(AVERAGE(AP87,AS87),"N/A") -> N/A | AU87: N/A | AV87: N/A | AW87: N/A | AX87: RequiresFurtherProgress | AY87: veryHigh | AZ87: 1 | BA87: N/A | BB87: N/A | BC87: N/A | BD87: =IFERROR(AVERAGE(AW87,AZ87,BC87),"N/A") -> 1 | BE87: 21 | BF87: high | BG87: 2 | BH87: N/A | BI87: N/A | BJ87: N/A | BK87: =IFERROR(AVERAGE(BG87,BJ87),"N/A") -> 2 | BL87: 19 | BM87: high | BN87: 2 | BO87: 85.6 | BQ87: 2 | BR87: =IFERROR(AVERAGE(BN87,BQ87),"N/A") -> 2 | BS87: N/A | BT87: N/A | BU87: N/A | BV87: 0.0019 | BW87: low | BX87: 4 | BY87: N/A | BZ87: N/A | CA87: N/A | CB87: =IFERROR(AVERAGE(BU87,BX87,CA87),"N/A") -> 4 | CC87: 15 | CD87: medium | CE87: 3 | CF87: N/A | CH87: N/A | CI87: N/A | CK87: N/A | CL87: =IFERROR(AVERAGE(CE87,CH87,CK87),"N/A") -> 3
A88: Panama | B88: PA | C88: 0.805 | D88: low | E88: 4 | F88: N/A | G88: N/A | H88: N/A | I88: 3,7% | J88: medium | K88: 3 | L88: =IFERROR(AVERAGE(E88,H88,K88),"N/A") -> 3.5 | M88: 3 | N88: medium | O88: 3 | P88: 0.006 | Q88: low | R88: 4 | S88: =IFERROR(AVERAGE(O88,R88),"N/A") -> 3.5 | T88: 96 | U88: medium | V88: 3 | W88: 0.003 | X88: low | Y88: 4 | Z88: =IFERROR(AVERAGE(V88,Y88),"N/A") -> 3.5 | AA88: 0.045 | AB88: low | AC88: 4 | AD88: 0.02 | AE88: low | AF88: 4 | AG88: 0.88 | AH88: medium | AI88: 3 | AJ88: 0.63 | AK88: medium | AL88: 3 | AM88: =IFERROR(AVERAGE(AC88,AF88,AI88,AL88),"N/A") -> 3.5 | AN88: N/A | AO88: N/A | AP88: N/A | AQ88: 133 | AR88: medium | AS88: 3 | AT88: =IFERROR(AVERAGE(AP88,AS88),"N/A") -> 3 | AU88: 0.48 | AV88: high | AW88: 2 | AX88: FullyMeets | AY88: low | AZ88: 4 | BA88: 156693 | BB88: high | BC88: 2 | BD88: =IFERROR(AVERAGE(AW88,AZ88,BC88),"N/A") -> 2.6666667 | BE88: N/A | BF88: N/A | BG88: N/A | BH88: 1.5 | BI88: low | BJ88: 4 | BK88: =IFERROR(AVERAGE(BG88,BJ88),"N/A") -> 4 | BL88: 48 | BM88: medium | BN88: 3 | BO88: 47.5 | BQ88: 4 | BR88: =IFERROR(AVERAGE(BN88,BQ88),"N/A") -> 3.5 | BS88: 127 | BT88: low | BU88: 4 | BV88: -0.0027 | BW88: high | BX88: 2 | BY88: -11.4 | BZ88: medium | CA88: 3 | CB88: =IFERROR(AVERAGE(BU88,BX88,CA88),"N/A") -> 3 | CC88: 14 | CD88: medium | CE88: 3 | CF88: 0 | CH88: 4 | CI88: 0 | CK88: 4 | CL88: =IFERROR(AVERAGE(CE88,CH88,CK88),"N/A") -> 3.6666667
A89: Papua New Guinea | B89: PG | C89: 0.558 | D89: high | E89: 2 | F89: 0.258 | G89: medium | H89: 3 | I89: 68,0% | J89: veryHigh | K89: 1 | L89: =IFERROR(AVERAGE(E89,H89,K89),"N/A") -> 2 | M89: N/A | N89: N/A | O89: N/A | P89: 0.24 | Q89: high | R89: 2 | S89: =IFERROR(AVERAGE(O89,R89),"N/A") -> 2 | T89: 169 | U89: veryHigh | V89: 1 | W89: 0.236 | X89: high | Y89: 2 | Z89: =IFERROR(AVERAGE(V89,Y89),"N/A") -> 1.5 | AA89: Yes | AB89: medium | AC89: 3 | AD89: N/A | AE89: N/A | AF89: N/A | AG89: N/A | AH89: N/A | AI89: N/A | AJ89: N/A | AK89: N/A | AL89: N/A | AM89: =IFERROR(AVERAGE(AC89,AF89,AI89,AL89),"N/A") -> 3 | AN89: N/A | AO89: N/A | AP89: N/A | AQ89: 21 | AR89: veryHigh | AS89: 1 | AT89: =IFERROR(AVERAGE(AP89,AS89),"N/A") -> 1 | AU89: N/A | AV89: N/A | AW89: N/A | AX89: FullyMeets | AY89: low | AZ89: 4 | BA89: 36080 | BB89: medium | BC89: 3 | BD89: =IFERROR(AVERAGE(AW89,AZ89,BC89),"N/A") -> 3.5 | BE89: 67 | BF89: medium | BG89: 3 | BH89: 2.1 | BI89: medium | BJ89: 3 | BK89: =IFERROR(AVERAGE(BG89,BJ89),"N/A") -> 3 | BL89: 39 | BM89: medium | BN89: 3 | BO89: 79.5 | BQ89: 3 | BR89: =IFERROR(AVERAGE(BN89,BQ89),"N/A") -> 3 | BS89: 51 | BT89: medium | BU89: 3 | BV89: -0.0009 | BW89: medium | BX89: 3 | BY89: -32.3 | BZ89: medium | CA89: 3 | CB89: =IFERROR(AVERAGE(BU89,BX89,CA89),"N/A") -> 3 | CC89: 21 | CD89: high | CE89: 2 | CF89: 0 | CH89: 4 | CI89: 0 | CK89: 4 | CL89: =IFERROR(AVERAGE(CE89,CH89,CK89),"N/A") -> 3.3333333
A90: Paraguay | B90: PY | C90: 0.717 | D90: medium | E90: 3 | F90: 0.01 | G90: low | H90: 4 | I90: 5,2% | J90: medium | K90: 3 | L90: =IFERROR(AVERAGE(E90,H90,K90),"N/A") -> 3.3333333 | M90: 3 | N90: medium | O90: 3 | P90: 0.003 | Q90: low | R90: 4 | S90: =IFERROR(AVERAGE(O90,R90),"N/A") -> 3.5 | T90: 111 | U90: medium | V90: 3 | W90: 0.003 | X90: low | Y90: 4 | Z90: =IFERROR(AVERAGE(V90,Y90),"N/A") -> 3.5 | AA90: 0.054 | AB90: medium | AC90: 3 | AD90: 0.18 | AE90: high | AF90: 2 | AG90: 0.91 | AH90: low | AI90: 4 | AJ90: 0.66 | AK90: medium | AL90: 3 | AM90: =IFERROR(AVERAGE(AC90,AF90,AI90,AL90),"N/A") -> 3 | AN90: N/A | AO90: N/A | AP90: N/A | AQ90: 151 | AR90: low | AS90: 4 | AT90: =IFERROR(AVERAGE(AP90,AS90),"N/A") -> 4 | AU90: 0.46 | AV90: high | AW90: 2 | AX90: PartiallyMeets | AY90: high | AZ90: 2 | BA90: 10835 | BB90: medium | BC90: 3 | BD90: =IFERROR(AVERAGE(AW90,AZ90,BC90),"N/A") -> 2.3333333 | BE90: 104 | BF90: low | BG90: 4 | BH90: 2 | BI90: medium | BJ90: 3 | BK90: =IFERROR(AVERAGE(BG90,BJ90),"N/A") -> 3.5 | BL90: 37 | BM90: medium | BN90: 3 | BO90: 65.4 | BQ90: 3 | BR90: =IFERROR(AVERAGE(BN90,BQ90),"N/A") -> 3 | BS90: 20 | BT90: high | BU90: 2 | BV90: -0.0193 | BW90: veryHigh | BX90: 1 | BY90: -346.8 | BZ90: high | CA90: 2 | CB90: =IFERROR(AVERAGE(BU90,BX90,CA90),"N/A") -> 1.6666667 | CC90: 52 | CD90: veryHigh | CE90: 1 | CF90: 0 | CH90: 4 | CI90: 0 | CK90: 4 | CL90: =IFERROR(AVERAGE(CE90,CH90,CK90),"N/A") -> 3
A91: Peru | B91: PE | C91: 0.762 | D91: medium | E91: 3 | F91: 0.011 | G91: low | H91: 4 | I91: 17,4% | J91: high | K91: 2 | L91: =IFERROR(AVERAGE(E91,H91,K91),"N/A") -> 3 | M91: 4 | N91: high | O91: 2 | P91: 0.0291 | Q91: low | R91: 4 | S91: =IFERROR(AVERAGE(O91,R91),"N/A") -> 3 | T91: 90 | U91: medium | V91: 3 | W91: 0.03 | X91: medium | Y91: 3 | Z91: =IFERROR(AVERAGE(V91,Y91),"N/A") -> 3 | AA91: 0.218 | AB91: high | AC91: 2 | AD91: 0.15 | AE91: high | AF91: 2 | AG91: 0.92 | AH91: low | AI91: 4 | AJ91: 0.63 | AK91: medium | AL91: 3 | AM91: =IFERROR(AVERAGE(AC91,AF91,AI91,AL91),"N/A") -> 2.75 | AN91: N/A | AO91: N/A | AP91: N/A | AQ91: 118 | AR91: medium | AS91: 3 | AT91: =IFERROR(AVERAGE(AP91,AS91),"N/A") -> 3 | AU91: 0.46 | AV91: high | AW91: 2 | AX91: FullyMeets | AY91: low | AZ91: 4 | BA91: 1834632 | BB91: veryHigh | BC91: 1 | BD91: =IFERROR(AVERAGE(AW91,AZ91,BC91),"N/A") -> 2.3333333 | BE91: 101 | BF91: low | BG91: 4 | BH91: 1.6 | BI91: low | BJ91: 4 | BK91: =IFERROR(AVERAGE(BG91,BJ91),"N/A") -> 4 | BL91: 42 | BM91: medium | BN91: 3 | BO91: 69.8 | BQ91: 3 | BR91: =IFERROR(AVERAGE(BN91,BQ91),"N/A") -> 3 | BS91: 46 | BT91: high | BU91: 2 | BV91: -0.0023 | BW91: high | BX91: 2 | BY91: -171.9 | BZ91: high | CA91: 2 | CB91: =IFERROR(AVERAGE(BU91,BX91,CA91),"N/A") -> 2 | CC91: N/A | CD91: N/A | CE91: N/A | CF91: 2 | CH91: 3 | CI91: 0.57 | CK91: 2 | CL91: =IFERROR(AVERAGE(CE91,CH91,CK91),"N/A") -> 2.5
A92: Philippines | B92: PH | C92: 0.699 | D92: high | E92: 2 | F92: 0.013 | G92: low | H92: 4 | I92: 18,3% | J92: high | K92: 2 | L92: =IFERROR(AVERAGE(E92,H92,K92),"N/A") -> 2.6666667 | M92: 5 | N92: veryHigh | O92: 1 | P92: 0.028 | Q92: low | R92: 4 | S92: =IFERROR(AVERAGE(O92,R92),"N/A") -> 2.5 | T92: 101 | U92: medium | V92: 3 | W92: 0.016 | X92: low | Y92: 4 | Z92: =IFERROR(AVERAGE(V92,Y92),"N/A") -> 3.5 | AA92: 0.02 | AB92: low | AC92: 4 | AD92: N/A | AE92: N/A | AF92: N/A | AG92: 0.91 | AH92: low | AI92: 4 | AJ92: 0.78 | AK92: medium | AL92: 3 | AM92: =IFERROR(AVERAGE(AC92,AF92,AI92,AL92),"N/A") -> 3.6666667 | AN92: N/A | AO92: N/A | AP92: N/A | AQ92: 30 | AR92: veryHigh | AS92: 1 | AT92: =IFERROR(AVERAGE(AP92,AS92),"N/A") -> 1 | AU92: 0.42 | AV92: high | AW92: 2 | AX92: FullyMeets | AY92: low | AZ92: 4 | BA92: 235552 | BB92: high | BC92: 2 | BD92: =IFERROR(AVERAGE(AW92,AZ92,BC92),"N/A") -> 2.6666667 | BE92: 29 | BF92: high | BG92: 2 | BH92: 1.5 | BI92: low | BJ92: 4 | BK92: =IFERROR(AVERAGE(BG92,BJ92),"N/A") -> 3 | BL92: 30 | BM92: high | BN92: 2 | BO92: 80.5 | BQ92: 2 | BR92: =IFERROR(AVERAGE(BN92,BQ92),"N/A") -> 2 | BS92: 17 | BT92: high | BU92: 2 | BV92: 0.005 | BW92: low | BX92: 4 | BY92: 34.9 | BZ92: low | CA92: 4 | CB92: =IFERROR(AVERAGE(BU92,BX92,CA92),"N/A") -> 3.3333333 | CC92: 38 | CD92: veryHigh | CE92: 1 | CF92: 1 | CH92: 3 | CI92: 0.26 | CK92: 3 | CL92: =IFERROR(AVERAGE(CE92,CH92,CK92),"N/A") -> 2.3333333
A93: Poland | B93: PL | C93: 0.876 | D93: low | E93: 4 | F93: N/A | G93: N/A | H93: N/A | I93: 0,4% | J93: low | K93: 4 | L93: =IFERROR(AVERAGE(E93,H93,K93),"N/A") -> 4 | M93: 3 | N93: medium | O93: 3 | P93: N/A | Q93: N/A | R93: N/A | S93: =IFERROR(AVERAGE(O93,R93),"N/A") -> 3 | T93: 31 | U93: low | V93: 4 | W93: N/A | X93: N/A | Y93: N/A | Z93: =IFERROR(AVERAGE(V93,Y93),"N/A") -> 4 | AA93: N/A | AB93: N/A | AC93: N/A | AD93: N/A | AE93: N/A | AF93: N/A | AG93: N/A | AH93: N/A | AI93: N/A | AJ93: N/A | AK93: N/A | AL93: N/A | AM93: =IFERROR(AVERAGE(AC93,AF93,AI93,AL93),"N/A") -> N/A | AN93: N/A | AO93: N/A | AP93: N/A | AQ93: 100 | AR93: medium | AS93: 3 | AT93: =IFERROR(AVERAGE(AP93,AS93),"N/A") -> 3 | AU93: 0.6 | AV93: medium | AW93: 3 | AX93: Meets | AY93: medium | AZ93: 3 | BA93: 10085 | BB93: medium | BC93: 3 | BD93: =IFERROR(AVERAGE(AW93,AZ93,BC93),"N/A") -> 3 | BE93: N/A | BF93: N/A | BG93: N/A | BH93: N/A | BI93: N/A | BJ93: N/A | BK93: =IFERROR(AVERAGE(BG93,BJ93),"N/A") -> N/A | BL93: 47 | BM93: medium | BN93: 3 | BO93: 42.2 | BQ93: 4 | BR93: =IFERROR(AVERAGE(BN93,BQ93),"N/A") -> 3.5 | BS93: 93 | BT93: medium | BU93: 3 | BV93: 0.0016 | BW93: low | BX93: 4 | BY93: 15.4 | BZ93: low | CA93: 4 | CB93: =IFERROR(AVERAGE(BU93,BX93,CA93),"N/A") -> 3.6666667 | CC93: 5 | CD93: low | CE93: 4 | CF93: 1 | CH93: 3 | CI93: 0.15 | CK93: 4 | CL93: =IFERROR(AVERAGE(CE93,CH93,CK93),"N/A") -> 3.6666667
A94: Portugal | B94: PT | C94: 0.866 | D94: low | E94: 4 | F94: N/A | G94: N/A | H94: N/A | I94: 0,2% | J94: low | K94: 4 | L94: =IFERROR(AVERAGE(E94,H94,K94),"N/A") -> 4 | M94: 2 | N94: low | O94: 4 | P94: N/A | Q94: N/A | R94: N/A | S94: =IFERROR(AVERAGE(O94,R94),"N/A") -> 4 | T94: 15 | U94: low | V94: 4 | W94: N/A | X94: N/A | Y94: N/A | Z94: =IFERROR(AVERAGE(V94,Y94),"N/A") -> 4 | AA94: N/A | AB94: N/A | AC94: N/A | AD94: N/A | AE94: N/A | AF94: N/A | AG94: N/A | AH94: N/A | AI94: N/A | AJ94: N/A | AK94: N/A | AL94: N/A | AM94: =IFERROR(AVERAGE(AC94,AF94,AI94,AL94),"N/A") -> N/A | AN94: N/A | AO94: N/A | AP94: N/A | AQ94: 120 | AR94: medium | AS94: 3 | AT94: =IFERROR(AVERAGE(AP94,AS94),"N/A") -> 3 | AU94: 0.68 | AV94: medium | AW94: 3 | AX94: Meets | AY94: medium | AZ94: 3 | BA94: 4872 | BB94: low | BC94: 4 | BD94: =IFERROR(AVERAGE(AW94,AZ94,BC94),"N/A") -> 3.3333333 | BE94: N/A | BF94: N/A | BG94: N/A | BH94: N/A | BI94: N/A | BJ94: N/A | BK94: =IFERROR(AVERAGE(BG94,BJ94),"N/A") -> N/A | BL94: 56 | BM94: low | BN94: 4 | BO94: 27.5 | BQ94: 4 | BR94: =IFERROR(AVERAGE(BN94,BQ94),"N/A") -> 4 | BS94: 37 | BT94: high | BU94: 2 | BV94: 0.0018 | BW94: low | BX94: 4 | BY94: 6 | BZ94: low | CA94: 4 | CB94: =IFERROR(AVERAGE(BU94,BX94,CA94),"N/A") -> 3.3333333 | CC94: 32 | CD94: veryHigh | CE94: 1 | CF94: 3 | CH94: 2 | CI94: 0 | CK94: 4 | CL94: =IFERROR(AVERAGE(CE94,CH94,CK94),"N/A") -> 2.3333333
A95: Puerto Rico | B95: PR | C95: N/A | D95: N/A | E95: N/A | F95: N/A | G95: N/A | H95: N/A | I95: N/A | J95: N/A | K95: N/A | L95: =IFERROR(AVERAGE(E95,H95,K95),"N/A") -> N/A | M95: N/A | N95: N/A | O95: N/A | P95: N/A | Q95: N/A | R95: N/A | S95: =IFERROR(AVERAGE(O95,R95),"N/A") -> N/A | T95: N/A | U95: N/A | V95: N/A | W95: N/A | X95: N/A | Y95: N/A | Z95: =IFERROR(AVERAGE(V95,Y95),"N/A") -> N/A | AA95: N/A | AB95: N/A | AC95: N/A | AD95: N/A | AE95: N/A | AF95: N/A | AG95: N/A | AH95: N/A | AI95: N/A | AJ95: N/A | AK95: N/A | AL95: N/A | AM95: =IFERROR(AVERAGE(AC95,AF95,AI95,AL95),"N/A") -> N/A | AN95: N/A | AO95: N/A | AP95: N/A | AQ95: N/A | AR95: N/A | AS95: N/A | AT95: =IFERROR(AVERAGE(AP95,AS95),"N/A") -> N/A | AU95: N/A | AV95: N/A | AW95: N/A | AX95: N/A | AY95: N/A | AZ95: N/A | BA95: N/A | BB95: N/A | BC95: N/A | BD95: =IFERROR(AVERAGE(AW95,AZ95,BC95),"N/A") -> N/A | BE95: N/A | BF95: N/A | BG95: N/A | BH95: N/A | BI95: N/A | BJ95: N/A | BK95: =IFERROR(AVERAGE(BG95,BJ95),"N/A") -> N/A | BL95: N/A | BM95: N/A | BN95: N/A | BO95: N/A | BQ95: N/A | BR95: =IFERROR(AVERAGE(BN95,BQ95),"N/A") -> N/A | BS95: 130 | BT95: low | BU95: 4 | BV95: 0.001 | BW95: low | BX95: 4 | BY95: 0.5 | BZ95: low | CA95: 4 | CB95: =IFERROR(AVERAGE(BU95,BX95,CA95),"N/A") -> 4 | CC95: N/A | CD95: N/A | CE95: N/A | CF95: N/A | CH95: N/A | CI95: 0.48 | CK95: 2 | CL95: =IFERROR(AVERAGE(CE95,CH95,CK95),"N/A") -> 2
A96: Romania | B96: RO | C96: 0.821 | D96: low | E96: 4 | F96: N/A | G96: N/A | H96: N/A | I96: 4,7% | J96: low | K96: 4 | L96: =IFERROR(AVERAGE(E96,H96,K96),"N/A") -> 4 | M96: 4 | N96: high | O96: 2 | P96: N/A | Q96: N/A | R96: N/A | S96: =IFERROR(AVERAGE(O96,R96),"N/A") -> 2 | T96: 67 | U96: medium | V96: 3 | W96: N/A | X96: N/A | Y96: N/A | Z96: =IFERROR(AVERAGE(V96,Y96),"N/A") -> 3 | AA96: N/A | AB96: N/A | AC96: N/A | AD96: N/A | AE96: N/A | AF96: N/A | AG96: N/A | AH96: N/A | AI96: N/A | AJ96: N/A | AK96: N/A | AL96: N/A | AM96: =IFERROR(AVERAGE(AC96,AF96,AI96,AL96),"N/A") -> N/A | AN96: N/A | AO96: N/A | AP96: N/A | AQ96: 81 | AR96: high | AS96: 2 | AT96: =IFERROR(AVERAGE(AP96,AS96),"N/A") -> 2 | AU96: 0.71 | AV96: medium | AW96: 3 | AX96: Meets | AY96: medium | AZ96: 3 | BA96: 6201 | BB96: medium | BC96: 3 | BD96: =IFERROR(AVERAGE(AW96,AZ96,BC96),"N/A") -> 3 | BE96: N/A | BF96: N/A | BG96: N/A | BH96: N/A | BI96: N/A | BJ96: N/A | BK96: =IFERROR(AVERAGE(BG96,BJ96),"N/A") -> N/A | BL96: 48 | BM96: medium | BN96: 3 | BO96: 50.8 | BQ96: 3 | BR96: =IFERROR(AVERAGE(BN96,BQ96),"N/A") -> 3 | BS96: 123 | BT96: low | BU96: 4 | BV96: 0.0062 | BW96: low | BX96: 4 | BY96: 41.4 | BZ96: low | CA96: 4 | CB96: =IFERROR(AVERAGE(BU96,BX96,CA96),"N/A") -> 4 | CC96: 2 | CD96: low | CE96: 4 | CF96: 1 | CH96: 3 | CI96: 0.08 | CK96: 4 | CL96: =IFERROR(AVERAGE(CE96,CH96,CK96),"N/A") -> 3.6666667
A97: Rwanda | B97: RW | C97: 0.534 | D97: veryHigh | E97: 1 | F97: 0.222 | G97: medium | H97: 3 | I97: 78,0% | J97: veryHigh | K97: 1 | L97: =IFERROR(AVERAGE(E97,H97,K97),"N/A") -> 1.6666667 | M97: 3 | N97: medium | O97: 3 | P97: 0.465 | Q97: veryHigh | R97: 1 | S97: =IFERROR(AVERAGE(O97,R97),"N/A") -> 2 | T97: 93 | U97: medium | V97: 3 | W97: 0.451 | X97: veryHigh | Y97: 1 | Z97: =IFERROR(AVERAGE(V97,Y97),"N/A") -> 2 | AA97: 0.054 | AB97: medium | AC97: 3 | AD97: 0.19 | AE97: high | AF97: 2 | AG97: 0.51 | AH97: high | AI97: 2 | AJ97: 0.23 | AK97: veryHigh | AL97: 1 | AM97: =IFERROR(AVERAGE(AC97,AF97,AI97,AL97),"N/A") -> 2 | AN97: N/A | AO97: N/A | AP97: N/A | AQ97: 16 | AR97: veryHigh | AS97: 1 | AT97: =IFERROR(AVERAGE(AP97,AS97),"N/A") -> 1 | AU97: 0.69 | AV97: medium | AW97: 3 | AX97: Meets | AY97: medium | AZ97: 3 | BA97: 145474 | BB97: high | BC97: 2 | BD97: =IFERROR(AVERAGE(AW97,AZ97,BC97),"N/A") -> 2.6666667 | BE97: 58 | BF97: medium | BG97: 3 | BH97: 2.8 | BI97: medium | BJ97: 3 | BK97: =IFERROR(AVERAGE(BG97,BJ97),"N/A") -> 3 | BL97: 14 | BM97: veryHigh | BN97: 1 | BO97: 83.7 | BQ97: 2 | BR97: =IFERROR(AVERAGE(BN97,BQ97),"N/A") -> 1.5 | BS97: 42 | BT97: high | BU97: 2 | BV97: 0.0041 | BW97: low | BX97: 4 | BY97: 1.1 | BZ97: low | CA97: 4 | CB97: =IFERROR(AVERAGE(BU97,BX97,CA97),"N/A") -> 3.3333333 | CC97: 12 | CD97: medium | CE97: 3 | CF97: 0 | CH97: 4 | CI97: 0.5 | CK97: 2 | CL97: =IFERROR(AVERAGE(CE97,CH97,CK97),"N/A") -> 3
A98: Saint Lucia | B98: LC | C98: 0.715 | D98: medium | E98: 3 | F98: N/A | G98: N/A | H98: N/A | I98: 11,7% | J98: medium | K98: 3 | L98: =IFERROR(AVERAGE(E98,H98,K98),"N/A") -> 3 | M98: N/A | N98: N/A | O98: N/A | P98: N/A | Q98: N/A | R98: N/A | S98: =IFERROR(AVERAGE(O98,R98),"N/A") -> N/A | T98: 91 | U98: medium | V98: 3 | W98: N/A | X98: N/A | Y98: N/A | Z98: =IFERROR(AVERAGE(V98,Y98),"N/A") -> 3 | AA98: 0.075 | AB98: medium | AC98: 3 | AD98: 0.03 | AE98: low | AF98: 4 | AG98: 0.99 | AH98: low | AI98: 4 | AJ98: 0.92 | AK98: low | AL98: 4 | AM98: =IFERROR(AVERAGE(AC98,AF98,AI98,AL98),"N/A") -> 3.75 | AN98: N/A | AO98: N/A | AP98: N/A | AQ98: N/A | AR98: N/A | AS98: N/A | AT98: =IFERROR(AVERAGE(AP98,AS98),"N/A") -> N/A | AU98: N/A | AV98: N/A | AW98: N/A | AX98: N/A | AY98: N/A | AZ98: N/A | BA98: N/A | BB98: N/A | BC98: N/A | BD98: =IFERROR(AVERAGE(AW98,AZ98,BC98),"N/A") -> N/A | BE98: N/A | BF98: N/A | BG98: N/A | BH98: N/A | BI98: N/A | BJ98: N/A | BK98: =IFERROR(AVERAGE(BG98,BJ98),"N/A") -> N/A | BL98: 54 | BM98: low | BN98: 4 | BO98: N/A | BQ98: N/A | BR98: =IFERROR(AVERAGE(BN98,BQ98),"N/A") -> 4 | BS98: 130 | BT98: low | BU98: 4 | BV98: 0 | BW98: low | BX98: 4 | BY98: 0 | BZ98: low | CA98: 4 | CB98: =IFERROR(AVERAGE(BU98,BX98,CA98),"N/A") -> 4 | CC98: N/A | CD98: N/A | CE98: N/A | CF98: N/A | CH98: N/A | CI98: N/A | CK98: N/A | CL98: =IFERROR(AVERAGE(CE98,CH98,CK98),"N/A") -> N/A
A99: San Marino | B99: SM | C99: 0.853 | D99: low | E99: 4 | F99: N/A | G99: N/A | H99: N/A | I99: N/A | J99: N/A | K99: N/A | L99: =IFERROR(AVERAGE(E99,H99,K99),"N/A") -> 4 | M99: N/A | N99: N/A | O99: N/A | P99: N/A | Q99: N/A | R99: N/A | S99: =IFERROR(AVERAGE(O99,R99),"N/A") -> N/A | T99: N/A | U99: N/A | V99: N/A | W99: N/A | X99: N/A | Y99: N/A | Z99: =IFERROR(AVERAGE(V99,Y99),"N/A") -> N/A | AA99: N/A | AB99: N/A | AC99: N/A | AD99: N/A | AE99: N/A | AF99: N/A | AG99: N/A | AH99: N/A | AI99: N/A | AJ99: N/A | AK99: N/A | AL99: N/A | AM99: =IFERROR(AVERAGE(AC99,AF99,AI99,AL99),"N/A") -> N/A | AN99: N/A | AO99: N/A | AP99: N/A | AQ99: N/A | AR99: N/A | AS99: N/A | AT99: =IFERROR(AVERAGE(AP99,AS99),"N/A") -> N/A | AU99: N/A | AV99: N/A | AW99: N/A | AX99: N/A | AY99: N/A | AZ99: N/A | BA99: N/A | BB99: N/A | BC99: N/A | BD99: =IFERROR(AVERAGE(AW99,AZ99,BC99),"N/A") -> N/A | BE99: N/A | BF99: N/A | BG99: N/A | BH99: N/A | BI99: N/A | BJ99: N/A | BK99: =IFERROR(AVERAGE(BG99,BJ99),"N/A") -> N/A | BL99: 55 | BM99: low | BN99: 4 | BO99: N/A | BQ99: N/A | BR99: =IFERROR(AVERAGE(BN99,BQ99),"N/A") -> 4 | BS99: N/A | BT99: N/A | BU99: N/A | BV99: 0 | BW99: low | BX99: 4 | BY99: 0 | BZ99: low | CA99: 4 | CB99: =IFERROR(AVERAGE(BU99,BX99,CA99),"N/A") -> 4 | CC99: N/A | CD99: N/A | CE99: N/A | CF99: 4 | CH99: 1 | CI99: N/A | CK99: N/A | CL99: =IFERROR(AVERAGE(CE99,CH99,CK99),"N/A") -> 1
A100: Sao Tome & Principe | B100: ST | C100: 0.618 | D100: high | E100: 2 | F100: 0.021 | G100: low | H100: 4 | I100: 44,8% | J100: veryHigh | K100: 1 | L100: =IFERROR(AVERAGE(E100,H100,K100),"N/A") -> 2.3333333 | M100: N/A | N100: N/A | O100: N/A | P100: N/A | Q100: N/A | R100: N/A | S100: =IFERROR(AVERAGE(O100,R100),"N/A") -> N/A | T100: 124 | U100: high | V100: 2 | W100: N/A | X100: N/A | Y100: N/A | Z100: =IFERROR(AVERAGE(V100,Y100),"N/A") -> 2 | AA100: 0.142 | AB100: medium | AC100: 3 | AD100: 0.11 | AE100: medium | AF100: 3 | AG100: 0.88 | AH100: medium | AI100: 3 | AJ100: 0.58 | AK100: high | AL100: 2 | AM100: =IFERROR(AVERAGE(AC100,AF100,AI100,AL100),"N/A") -> 2.75 | AN100: N/A | AO100: N/A | AP100: N/A | AQ100: N/A | AR100: N/A | AS100: N/A | AT100: =IFERROR(AVERAGE(AP100,AS100),"N/A") -> N/A | AU100: N/A | AV100: N/A | AW100: N/A | AX100: Meets | AY100: medium | AZ100: 3 | BA100: N/A | BB100: N/A | BC100: N/A | BD100: =IFERROR(AVERAGE(AW100,AZ100,BC100),"N/A") -> 3 | BE100: 114 | BF100: low | BG100: 4 | BH100: N/A | BI100: N/A | BJ100: N/A | BK100: =IFERROR(AVERAGE(BG100,BJ100),"N/A") -> 4 | BL100: 49 | BM100: medium | BN100: 3 | BO100: 70.4 | BQ100: 3 | BR100: =IFERROR(AVERAGE(BN100,BQ100),"N/A") -> 3 | BS100: N/A | BT100: N/A | BU100: N/A | BV100: -0.0112 | BW100: veryHigh | BX100: 1 | BY100: -0.6 | BZ100: medium | CA100: 3 | CB100: =IFERROR(AVERAGE(BU100,BX100,CA100),"N/A") -> 2 | CC100: N/A | CD100: N/A | CE100: N/A | CF100: N/A | CH100: N/A | CI100: N/A | CK100: N/A | CL100: =IFERROR(AVERAGE(CE100,CH100,CK100),"N/A") -> N/A
...
